Workbook
Name POWER_USER_EXCEL_CHART_2BE11F07_D536_425E_973E_1E7130578BF4: #REF!
Name POWER_USER_EXCEL_CHART_5CB79512_1C5F_4AE3_879A_21B3693CBDBE: #REF!
Name POWER_USER_EXCEL_CHART_63D56864_BBA7_47C5_B2DC_E7EFE2E45C09: #REF!
Name POWER_USER_EXCEL_CHART_7EA2236E_C4CA_4461_9F60_62EF14C2E22E: #REF!,#REF!,#REF!,#REF!,#REF!,#REF!,#REF!
Name POWER_USER_EXCEL_CHART_8BB8FBD6_26C1_41AB_92FC_66F0F3099217: #REF!
Name POWER_USER_EXCEL_CHART_9FDC5456_C2FF_4E82_BE8E_C10351EDB04E: #REF!
Name POWER_USER_EXCEL_CHART_C4E6A1C0_967F_4598_A438_E30DF51B5EFD: #REF!
Name POWER_USER_EXCEL_CHART_E2BA8E31_B725_408D_9F6D_080BC53DAD1F: #REF!
Name POWER_USER_EXCEL_CHART_F97360F7_C7EA_40DB_AC91_EA152F07BC43: #REF!

Sheet Summary
F2: Legend
F3: Blue = Input
F4: Black = Output/Calculation
F6: Analysis Start Date | G6: 44197
B9: Development Costs | G9: Operational Income
B11: Purchase Price | D11: 25000000 | G11: Method of Part V Disposal | I11: Rent to Council
B12: Stamp Duty | C12: 0.05 | D12: =D11*C12 -> 1250000 | G12: Rental growth p/a | I12: 0.03
B13: Legal | D13: 50000 | G13: Sale Date | I13: 45839
B14: Due Diligence | D14: 50000 | G14: Net Cap Rate | I14: 0.045
B15: Total Purchase Cost | E15: =SUM(D11:D14) -> 26350000
G16: Investment Finance
B17: ='Dev Cost Schedule'!B5 -> Admin Costs | C17: =D17/$E$24 -> 0.00023437955 | D17: ='Dev Cost Schedule'!E13 -> 28300 | G17: Loan to Value | I17: 0.5
B18: ='Dev Cost Schedule'!B15 -> Property Costs | C18: =D18/$E$24 -> 0.00084061923 | D18: ='Dev Cost Schedule'!E23 -> 101500 | G18: Interest | I18: 0.025
B19: ='Dev Cost Schedule'!B25 -> Detailed Design Costs | C19: =D19/$E$24 -> 0.030148415 | D19: ='Dev Cost Schedule'!E41 -> 3640250 | G19: Amortisation | I19: 30
B20: ='Dev Cost Schedule'!B43 -> Statutory Payments | C20: =D20/$E$24 -> 0.077933271 | D20: ='Dev Cost Schedule'!E54 -> 9410000 | G20: DSCR | I20: =IFERROR('Income_Expenditure Schedule'!C87,0) -> 2.0528319
B21: ='Dev Cost Schedule'!B56 -> Construction and Infrastructure Costs | C21: =D21/$E$24 -> 0.79092746 | D21: ='Dev Cost Schedule'!E66 -> 95500000
B22: ='Dev Cost Schedule'!B68 -> Post Contract Fees | C22: =D22/$E$24 -> 0.030148415 | D22: ='Dev Cost Schedule'!E83 -> 3640250 | G22: Gross Rental Income | I22: ='Cash flow'!C7 -> 30294025
B23: ='Dev Cost Schedule'!B85 -> Contingency | C23: =D23/$E$24 -> 0.069767442 | D23: ='Dev Cost Schedule'!E89 -> 8424022.5 | G23: ="- Management Cost" -> - Management Cost | I23: =-'Cash flow'!C14 -> 6339614.9
B24: Total Construction Cost | E24: =SUM(D17:D23) -> 1.2074432e+08 | G24: ="- Debt Interest" -> - Debt Interest | I24: ='Cash flow'!C39 -> 6072585.7
G25: Total Income from Operations | J25: =I22-I23-I24 -> 17881824
B26: Senior Debt
B27: Loan to Cost | C27: 0.6724571
B28: Interest | C28: 0.055 | E28: ='Dev Cost Schedule'!E129 -> 3183556.8
B29: Loan Pre-Interest Reserve | C29: =C27*E24 -> 81195378 | G29: Net Income on Disposal | I29: =('Cash flow'!C30-Summary!I31)*Summary!I14 -> 9961681.2
B30: Loan Post-Interest Reserve | C30: ='Dev Cost Schedule'!C123 -> 84003297 | G30: Reversionary Value | I30: =I29/I14 -> 2.2137069e+08
B31: Other finance fees | E31: =SUM('Dev Cost Schedule'!E130:E136) -> 1266470.3 | G31: ="+ Part V" -> + Part V | I31: ='Accom_Phase Schedule'!G82 -> 0
G32: ="- costs" -> - costs | H32: 0.02 | I32: =SUM(I30:I31)*H32 -> 4427413.9
G33: Net Sale | J33: =I30+I31-I32 -> 2.1694328e+08
B34: Gross Development Cost | E34: =E15+E24+E28+E31 -> 1.5154435e+08
B36: Total Project Cost | E36: =E34 -> 1.5154435e+08 | G36: Total Project Income | J36: =J25+J33 -> 2.348251e+08
E39: Results
E40: Profit | G40: =J36-E36 -> 83280754
E41: IRR | G41: =XIRR('Cash flow'!E76:CS76,'Cash flow'!E2:CS2,0.1) -> 0.24308642
E42: Unlevered IRR | G42: =XIRR('Cash flow'!E79:CS79,'Cash flow'!E2:CS2,0.1) -> 0.15137748
E43: Required Equity | G43: =-MIN('Cash flow'!E77:CS77) -> 67165415
E44: Equity Multiple | G44: =1+(G40/G43) -> 2.2399351

Sheet Accom_Phase Schedule
B2: Accomodation Schedule
B4: Unit Schedule
B5: Private | E5: Part V
B6: Apt / Type | C6: NIA Sqft | D6: Rent pm | E6: Council Rent | F6: Council Price | I6: Apt / Type | J6: # of units | K6: % of units | L6: Rent Roll | M6: % rent roll | N6: Rent psf NIA
B7: Studio | C7: 500 | D7: 1100 | E7: =MROUND(D7*0.8,25) -> 875 | F7: =MROUND(C7*400,5000) -> 200000 | I7: =B7 -> Studio | J7: =SUMIF($C$21:$C$34,I7,$D$21:$D$34)+SUMIF($J$21:$J$34,I7,$K$21:$K$34) -> 100 | K7: =J7/SUM($J$7:$J$15) -> 0.2 | L7: =SUMIF($C$21:$C$34,I7,$F$21:$F$34)+SUMIF($J$21:$J$34,I7,$M$21:$M$34) -> 105500 | M7: =L7/SUM($L$7:$L$15) -> 0.10784564 | N7: =IFERROR(D7*12/C7,0) -> 26.4
B8: 1 Bed Apt Type.1 | C8: 600 | D8: 1500 | E8: =MROUND(D8*0.8,25) -> 1200 | F8: =MROUND(C8*400,5000) -> 240000 | I8: =B8 -> 1 Bed Apt Type.1 | J8: =SUMIF($C$21:$C$34,I8,$D$21:$D$34)+SUMIF($J$21:$J$34,I8,$K$21:$K$34) -> 100 | K8: =J8/SUM($J$7:$J$15) -> 0.2 | L8: =SUMIF($C$21:$C$34,I8,$F$21:$F$34)+SUMIF($J$21:$J$34,I8,$M$21:$M$34) -> 147000 | M8: =L8/SUM($L$7:$L$15) -> 0.15026834 | N8: =IFERROR(D8*12/C8,0) -> 30
B9: 1 Bed Apt Type 2 | C9: 650 | D9: 1600 | E9: =MROUND(D9*0.8,25) -> 1275 | F9: =MROUND(C9*400,5000) -> 260000 | I9: =B9 -> 1 Bed Apt Type 2 | J9: =SUMIF($C$21:$C$34,I9,$D$21:$D$34)+SUMIF($J$21:$J$34,I9,$K$21:$K$34) -> 50 | K9: =J9/SUM($J$7:$J$15) -> 0.1 | L9: =SUMIF($C$21:$C$34,I9,$F$21:$F$34)+SUMIF($J$21:$J$34,I9,$M$21:$M$34) -> 76750 | M9: =L9/SUM($L$7:$L$15) -> 0.078456427 | N9: =IFERROR(D9*12/C9,0) -> 29.538462
B10: 2 Bed Apt Type 1 | C10: 750 | D10: 2200 | E10: =MROUND(D10*0.8,25) -> 1750 | F10: =MROUND(C10*400,5000) -> 300000 | I10: =B10 -> 2 Bed Apt Type 1 | J10: =SUMIF($C$21:$C$34,I10,$D$21:$D$34)+SUMIF($J$21:$J$34,I10,$K$21:$K$34) -> 50 | K10: =J10/SUM($J$7:$J$15) -> 0.1 | L10: =SUMIF($C$21:$C$34,I10,$F$21:$F$34)+SUMIF($J$21:$J$34,I10,$M$21:$M$34) -> 110000 | M10: =L10/SUM($L$7:$L$15) -> 0.11244569 | N10: =IFERROR(D10*12/C10,0) -> 35.2
B11: 2 Bed Apt Type 2 | C11: 800 | D11: 2400 | E11: =MROUND(D11*0.8,25) -> 1925 | F11: =MROUND(C11*400,5000) -> 320000 | I11: =B11 -> 2 Bed Apt Type 2 | J11: =SUMIF($C$21:$C$34,I11,$D$21:$D$34)+SUMIF($J$21:$J$34,I11,$K$21:$K$34) -> 100 | K11: =J11/SUM($J$7:$J$15) -> 0.2 | L11: =SUMIF($C$21:$C$34,I11,$F$21:$F$34)+SUMIF($J$21:$J$34,I11,$M$21:$M$34) -> 240000 | M11: =L11/SUM($L$7:$L$15) -> 0.24533606 | N11: =IFERROR(D11*12/C11,0) -> 36
B12: 3 Bed Apt Type 1 | C12: 1000 | D12: 3000 | E12: =MROUND(D12*0.8,25) -> 2400 | F12: =MROUND(C12*400,5000) -> 400000 | I12: =B12 -> 3 Bed Apt Type 1 | J12: =SUMIF($C$21:$C$34,I12,$D$21:$D$34)+SUMIF($J$21:$J$34,I12,$K$21:$K$34) -> 50 | K12: =J12/SUM($J$7:$J$15) -> 0.1 | L12: =SUMIF($C$21:$C$34,I12,$F$21:$F$34)+SUMIF($J$21:$J$34,I12,$M$21:$M$34) -> 144000 | M12: =L12/SUM($L$7:$L$15) -> 0.14720164 | N12: =IFERROR(D12*12/C12,0) -> 36
B13: 3 Bed Apt Type 2 | C13: 1100 | D13: 3100 | E13: =MROUND(D13*0.8,25) -> 2475 | F13: =MROUND(C13*400,5000) -> 440000 | I13: =B13 -> 3 Bed Apt Type 2 | J13: =SUMIF($C$21:$C$34,I13,$D$21:$D$34)+SUMIF($J$21:$J$34,I13,$K$21:$K$34) -> 50 | K13: =J13/SUM($J$7:$J$15) -> 0.1 | L13: =SUMIF($C$21:$C$34,I13,$F$21:$F$34)+SUMIF($J$21:$J$34,I13,$M$21:$M$34) -> 155000 | M13: =L13/SUM($L$7:$L$15) -> 0.1584462 | N13: =IFERROR(D13*12/C13,0) -> 33.818182
I14: =B14 -> 0 | J14: =SUMIF($C$21:$C$34,I14,$D$21:$D$34)+SUMIF($J$21:$J$34,I14,$K$21:$K$34) -> 0 | K14: =J14/SUM($J$7:$J$15) -> 0 | L14: =SUMIF($C$21:$C$34,I14,$F$21:$F$34)+SUMIF($J$21:$J$34,I14,$M$21:$M$34) -> 0 | M14: =L14/SUM($L$7:$L$15) -> 0 | N14: =IFERROR(D14*12/C14,0) -> 0
I15: =B15 -> 0 | J15: =SUMIF($C$21:$C$34,I15,$D$21:$D$34)+SUMIF($J$21:$J$34,I15,$K$21:$K$34) -> 0 | K15: =J15/SUM($J$7:$J$15) -> 0 | L15: =SUMIF($C$21:$C$34,I15,$F$21:$F$34)+SUMIF($J$21:$J$34,I15,$M$21:$M$34) -> 0 | M15: =L15/SUM($L$7:$L$15) -> 0 | N15: =IFERROR(D15*12/C15,0) -> 0
B17: Accomodation Schedule
B19: Private | I19: Part V
B20: Block | C20: Apt / Type | D20: # of units | E20: NIA sqft | F20: Rent Roll pm | I20: Block | J20: Apt / Type | K20: # of units | L20: NIA sqft | M20: Rent Roll pm | N20: Council GDV
B21: 1 | C21: Studio | D21: 40 | E21: =_xlfn.IFNA(D21*INDEX($C$7:$C$15,MATCH(C21,$B$7:$B$15,0)),0) -> 20000 | F21: =_xlfn.IFNA(D21*INDEX($D$7:$D$15,MATCH(C21,$B$7:$B$15,0)),0) -> 44000 | I21: 1 | J21: Studio | K21: 10 | L21: =_xlfn.IFNA(K21*INDEX($C$7:$C$15,MATCH(J21,$B$7:$B$15,0)),0) -> 5000 | M21: =(Summary!$I$11="Rent to Council")*_xlfn.IFNA(K21*INDEX($E$7:$E$15,MATCH(J21,$B$7:$B$15,0)),0) -> 8750 | N21: =(Summary!$I$11="Sale to Council")*_xlfn.IFNA(K21*INDEX($F$7:$F$15,MATCH(J21,$B$7:$B$15,0)),0) -> 0
B22: 1 | C22: 1 Bed Apt Type.1 | D22: 50 | E22: =_xlfn.IFNA(D22*INDEX($C$7:$C$15,MATCH(C22,$B$7:$B$15,0)),0) -> 30000 | F22: =_xlfn.IFNA(D22*INDEX($D$7:$D$15,MATCH(C22,$B$7:$B$15,0)),0) -> 75000 | I22: 2 | J22: 1 Bed Apt Type 2 | K22: 10 | L22: =_xlfn.IFNA(K22*INDEX($C$7:$C$15,MATCH(J22,$B$7:$B$15,0)),0) -> 6500 | M22: =(Summary!$I$11="Rent to Council")*_xlfn.IFNA(K22*INDEX($E$7:$E$15,MATCH(J22,$B$7:$B$15,0)),0) -> 12750 | N22: =(Summary!$I$11="Sale to Council")*_xlfn.IFNA(K22*INDEX($F$7:$F$15,MATCH(J22,$B$7:$B$15,0)),0) -> 0
B23: 2 | C23: 1 Bed Apt Type 2 | D23: 40 | E23: =_xlfn.IFNA(D23*INDEX($C$7:$C$15,MATCH(C23,$B$7:$B$15,0)),0) -> 26000 | F23: =_xlfn.IFNA(D23*INDEX($D$7:$D$15,MATCH(C23,$B$7:$B$15,0)),0) -> 64000 | I23: 3 | J23: 3 Bed Apt Type 1 | K23: 10 | L23: =_xlfn.IFNA(K23*INDEX($C$7:$C$15,MATCH(J23,$B$7:$B$15,0)),0) -> 10000 | M23: =(Summary!$I$11="Rent to Council")*_xlfn.IFNA(K23*INDEX($E$7:$E$15,MATCH(J23,$B$7:$B$15,0)),0) -> 24000 | N23: =(Summary!$I$11="Sale to Council")*_xlfn.IFNA(K23*INDEX($F$7:$F$15,MATCH(J23,$B$7:$B$15,0)),0) -> 0
B24: 2 | C24: 2 Bed Apt Type 1 | D24: 50 | E24: =_xlfn.IFNA(D24*INDEX($C$7:$C$15,MATCH(C24,$B$7:$B$15,0)),0) -> 37500 | F24: =_xlfn.IFNA(D24*INDEX($D$7:$D$15,MATCH(C24,$B$7:$B$15,0)),0) -> 110000 | I24: 4 | J24: Studio | K24: 10 | L24: =_xlfn.IFNA(K24*INDEX($C$7:$C$15,MATCH(J24,$B$7:$B$15,0)),0) -> 5000 | M24: =(Summary!$I$11="Rent to Council")*_xlfn.IFNA(K24*INDEX($E$7:$E$15,MATCH(J24,$B$7:$B$15,0)),0) -> 8750 | N24: =(Summary!$I$11="Sale to Council")*_xlfn.IFNA(K24*INDEX($F$7:$F$15,MATCH(J24,$B$7:$B$15,0)),0) -> 0
B25: 3 | C25: 3 Bed Apt Type 1 | D25: 40 | E25: =_xlfn.IFNA(D25*INDEX($C$7:$C$15,MATCH(C25,$B$7:$B$15,0)),0) -> 40000 | F25: =_xlfn.IFNA(D25*INDEX($D$7:$D$15,MATCH(C25,$B$7:$B$15,0)),0) -> 120000 | I25: 5 | J25: 1 Bed Apt Type.1 | K25: 10 | L25: =_xlfn.IFNA(K25*INDEX($C$7:$C$15,MATCH(J25,$B$7:$B$15,0)),0) -> 6000 | M25: =(Summary!$I$11="Rent to Council")*_xlfn.IFNA(K25*INDEX($E$7:$E$15,MATCH(J25,$B$7:$B$15,0)),0) -> 12000 | N25: =(Summary!$I$11="Sale to Council")*_xlfn.IFNA(K25*INDEX($F$7:$F$15,MATCH(J25,$B$7:$B$15,0)),0) -> 0
B26: 3 | C26: 2 Bed Apt Type 2 | D26: 50 | E26: =_xlfn.IFNA(D26*INDEX($C$7:$C$15,MATCH(C26,$B$7:$B$15,0)),0) -> 40000 | F26: =_xlfn.IFNA(D26*INDEX($D$7:$D$15,MATCH(C26,$B$7:$B$15,0)),0) -> 120000 | L26: =_xlfn.IFNA(K26*INDEX($C$7:$C$15,MATCH(J26,$B$7:$B$15,0)),0) -> 0 | M26: =(Summary!$I$11="Rent to Council")*_xlfn.IFNA(K26*INDEX($E$7:$E$15,MATCH(J26,$B$7:$B$15,0)),0) -> 0 | N26: =(Summary!$I$11="Sale to Council")*_xlfn.IFNA(K26*INDEX($F$7:$F$15,MATCH(J26,$B$7:$B$15,0)),0) -> 0
B27: 4 | C27: 3 Bed Apt Type 2 | D27: 50 | E27: =_xlfn.IFNA(D27*INDEX($C$7:$C$15,MATCH(C27,$B$7:$B$15,0)),0) -> 55000 | F27: =_xlfn.IFNA(D27*INDEX($D$7:$D$15,MATCH(C27,$B$7:$B$15,0)),0) -> 155000 | L27: =_xlfn.IFNA(K27*INDEX($C$7:$C$15,MATCH(J27,$B$7:$B$15,0)),0) -> 0 | M27: =(Summary!$I$11="Rent to Council")*_xlfn.IFNA(K27*INDEX($E$7:$E$15,MATCH(J27,$B$7:$B$15,0)),0) -> 0 | N27: =(Summary!$I$11="Sale to Council")*_xlfn.IFNA(K27*INDEX($F$7:$F$15,MATCH(J27,$B$7:$B$15,0)),0) -> 0
B28: 4 | C28: Studio | D28: 40 | E28: =_xlfn.IFNA(D28*INDEX($C$7:$C$15,MATCH(C28,$B$7:$B$15,0)),0) -> 20000 | F28: =_xlfn.IFNA(D28*INDEX($D$7:$D$15,MATCH(C28,$B$7:$B$15,0)),0) -> 44000 | L28: =_xlfn.IFNA(K28*INDEX($C$7:$C$15,MATCH(J28,$B$7:$B$15,0)),0) -> 0 | M28: =(Summary!$I$11="Rent to Council")*_xlfn.IFNA(K28*INDEX($E$7:$E$15,MATCH(J28,$B$7:$B$15,0)),0) -> 0 | N28: =(Summary!$I$11="Sale to Council")*_xlfn.IFNA(K28*INDEX($F$7:$F$15,MATCH(J28,$B$7:$B$15,0)),0) -> 0
B29: 5 | C29: 1 Bed Apt Type.1 | D29: 40 | E29: =_xlfn.IFNA(D29*INDEX($C$7:$C$15,MATCH(C29,$B$7:$B$15,0)),0) -> 24000 | F29: =_xlfn.IFNA(D29*INDEX($D$7:$D$15,MATCH(C29,$B$7:$B$15,0)),0) -> 60000 | L29: =_xlfn.IFNA(K29*INDEX($C$7:$C$15,MATCH(J29,$B$7:$B$15,0)),0) -> 0 | M29: =(Summary!$I$11="Rent to Council")*_xlfn.IFNA(K29*INDEX($E$7:$E$15,MATCH(J29,$B$7:$B$15,0)),0) -> 0 | N29: =(Summary!$I$11="Sale to Council")*_xlfn.IFNA(K29*INDEX($F$7:$F$15,MATCH(J29,$B$7:$B$15,0)),0) -> 0
B30: 5 | C30: 2 Bed Apt Type 2 | D30: 50 | E30: =_xlfn.IFNA(D30*INDEX($C$7:$C$15,MATCH(C30,$B$7:$B$15,0)),0) -> 40000 | F30: =_xlfn.IFNA(D30*INDEX($D$7:$D$15,MATCH(C30,$B$7:$B$15,0)),0) -> 120000 | L30: =_xlfn.IFNA(K30*INDEX($C$7:$C$15,MATCH(J30,$B$7:$B$15,0)),0) -> 0 | M30: =(Summary!$I$11="Rent to Council")*_xlfn.IFNA(K30*INDEX($E$7:$E$15,MATCH(J30,$B$7:$B$15,0)),0) -> 0 | N30: =(Summary!$I$11="Sale to Council")*_xlfn.IFNA(K30*INDEX($F$7:$F$15,MATCH(J30,$B$7:$B$15,0)),0) -> 0
E31: =_xlfn.IFNA(D31*INDEX($C$7:$C$15,MATCH(C31,$B$7:$B$15,0)),0) -> 0 | F31: =_xlfn.IFNA(D31*INDEX($D$7:$D$15,MATCH(C31,$B$7:$B$15,0)),0) -> 0 | L31: =_xlfn.IFNA(K31*INDEX($C$7:$C$15,MATCH(J31,$B$7:$B$15,0)),0) -> 0 | M31: =(Summary!$I$11="Rent to Council")*_xlfn.IFNA(K31*INDEX($E$7:$E$15,MATCH(J31,$B$7:$B$15,0)),0) -> 0 | N31: =(Summary!$I$11="Sale to Council")*_xlfn.IFNA(K31*INDEX($F$7:$F$15,MATCH(J31,$B$7:$B$15,0)),0) -> 0
E32: =_xlfn.IFNA(D32*INDEX($C$7:$C$15,MATCH(C32,$B$7:$B$15,0)),0) -> 0 | F32: =_xlfn.IFNA(D32*INDEX($D$7:$D$15,MATCH(C32,$B$7:$B$15,0)),0) -> 0 | L32: =_xlfn.IFNA(K32*INDEX($C$7:$C$15,MATCH(J32,$B$7:$B$15,0)),0) -> 0 | M32: =(Summary!$I$11="Rent to Council")*_xlfn.IFNA(K32*INDEX($E$7:$E$15,MATCH(J32,$B$7:$B$15,0)),0) -> 0 | N32: =(Summary!$I$11="Sale to Council")*_xlfn.IFNA(K32*INDEX($F$7:$F$15,MATCH(J32,$B$7:$B$15,0)),0) -> 0
E33: =_xlfn.IFNA(D33*INDEX($C$7:$C$15,MATCH(C33,$B$7:$B$15,0)),0) -> 0 | F33: =_xlfn.IFNA(D33*INDEX($D$7:$D$15,MATCH(C33,$B$7:$B$15,0)),0) -> 0 | L33: =_xlfn.IFNA(K33*INDEX($C$7:$C$15,MATCH(J33,$B$7:$B$15,0)),0) -> 0 | M33: =(Summary!$I$11="Rent to Council")*_xlfn.IFNA(K33*INDEX($E$7:$E$15,MATCH(J33,$B$7:$B$15,0)),0) -> 0 | N33: =(Summary!$I$11="Sale to Council")*_xlfn.IFNA(K33*INDEX($F$7:$F$15,MATCH(J33,$B$7:$B$15,0)),0) -> 0
E34: =_xlfn.IFNA(D34*INDEX($C$7:$C$15,MATCH(C34,$B$7:$B$15,0)),0) -> 0 | F34: =_xlfn.IFNA(D34*INDEX($D$7:$D$15,MATCH(C34,$B$7:$B$15,0)),0) -> 0 | L34: =_xlfn.IFNA(K34*INDEX($C$7:$C$15,MATCH(J34,$B$7:$B$15,0)),0) -> 0 | M34: =(Summary!$I$11="Rent to Council")*_xlfn.IFNA(K34*INDEX($E$7:$E$15,MATCH(J34,$B$7:$B$15,0)),0) -> 0 | N34: =(Summary!$I$11="Sale to Council")*_xlfn.IFNA(K34*INDEX($F$7:$F$15,MATCH(J34,$B$7:$B$15,0)),0) -> 0
B35: Total | D35: =SUM(D21:D34) -> 450 | E35: =SUM(E21:E34) -> 332500 | F35: =SUM(F21:F34) -> 912000 | I35: Total | K35: =SUM(K21:K34) -> 50 | L35: =SUM(L21:L34) -> 32500 | M35: =SUM(M21:M34) -> 66250 | N35: =SUM(N21:N34) -> 0
B37: Block Schedule
B39: Block | C39: # of units | D39: # of rented units | E39: NIA sqft | F39: GIA sqft | H39: Efficiency | I39: U/G PS | J39: Private Rented | K39: Rent Roll pm | L39: Part V Rented | M39: PV RR | N39: Construct Phase
B40: 1 | C40: =SUMIF($B$21:$B$34,B40,$D$21:$D$34)+SUMIF($I$21:$I$34,B40,$K$21:$K$34) -> 100 | D40: =SUMIF($B$21:$B$34,B40,$D$21:$D$34)+(Summary!$I$11="Rent to Council")*SUMIF($I$21:$I$34,B40,$K$21:$K$34) -> 100 | E40: =SUMIF($B$21:$B$34,B40,$E$21:$E$34)+SUMIF($I$21:$I$34,B40,$L$21:$L$34) -> 55000 | F40: 72000 | H40: =IFERROR(E40/F40,0) -> 0.76388889 | I40: 100 | J40: =SUMIF($B$21:$B$34,B40,$D$21:$D$34) -> 90 | K40: =SUMIF($B$21:$B$34,B40,$F$21:$F$34) -> 119000 | L40: =(Summary!$I$11="Rent to Council")*SUMIF($I$21:$I$34,B40,$K$21:$K$34) -> 10 | M40: =SUMIF($I$21:$I$34,B40,$M$21:$M$34) -> 8750 | N40: 1
B41: 2 | C41: =SUMIF($B$21:$B$34,B41,$D$21:$D$34)+SUMIF($I$21:$I$34,B41,$K$21:$K$34) -> 100 | D41: =SUMIF($B$21:$B$34,B41,$D$21:$D$34)+(Summary!$I$11="Rent to Council")*SUMIF($I$21:$I$34,B41,$K$21:$K$34) -> 100 | E41: =SUMIF($B$21:$B$34,B41,$E$21:$E$34)+SUMIF($I$21:$I$34,B41,$L$21:$L$34) -> 70000 | F41: 80000 | H41: =IFERROR(E41/F41,0) -> 0.875 | I41: 100 | J41: =SUMIF($B$21:$B$34,B41,$D$21:$D$34) -> 90 | K41: =SUMIF($B$21:$B$34,B41,$F$21:$F$34) -> 174000 | L41: =(Summary!$I$11="Rent to Council")*SUMIF($I$21:$I$34,B41,$K$21:$K$34) -> 10 | M41: =SUMIF($I$21:$I$34,B41,$M$21:$M$34) -> 12750 | N41: 1
B42: 3 | C42: =SUMIF($B$21:$B$34,B42,$D$21:$D$34)+SUMIF($I$21:$I$34,B42,$K$21:$K$34) -> 100 | D42: =SUMIF($B$21:$B$34,B42,$D$21:$D$34)+(Summary!$I$11="Rent to Council")*SUMIF($I$21:$I$34,B42,$K$21:$K$34) -> 100 | E42: =SUMIF($B$21:$B$34,B42,$E$21:$E$34)+SUMIF($I$21:$I$34,B42,$L$21:$L$34) -> 90000 | F42: 105000 | H42: =IFERROR(E42/F42,0) -> 0.85714286 | I42: 100 | J42: =SUMIF($B$21:$B$34,B42,$D$21:$D$34) -> 90 | K42: =SUMIF($B$21:$B$34,B42,$F$21:$F$34) -> 240000 | L42: =(Summary!$I$11="Rent to Council")*SUMIF($I$21:$I$34,B42,$K$21:$K$34) -> 10 | M42: =SUMIF($I$21:$I$34,B42,$M$21:$M$34) -> 24000 | N42: 1
B43: 4 | C43: =SUMIF($B$21:$B$34,B43,$D$21:$D$34)+SUMIF($I$21:$I$34,B43,$K$21:$K$34) -> 100 | D43: =SUMIF($B$21:$B$34,B43,$D$21:$D$34)+(Summary!$I$11="Rent to Council")*SUMIF($I$21:$I$34,B43,$K$21:$K$34) -> 100 | E43: =SUMIF($B$21:$B$34,B43,$E$21:$E$34)+SUMIF($I$21:$I$34,B43,$L$21:$L$34) -> 80000 | F43: 93000 | H43: =IFERROR(E43/F43,0) -> 0.86021505 | I43: 100 | J43: =SUMIF($B$21:$B$34,B43,$D$21:$D$34) -> 90 | K43: =SUMIF($B$21:$B$34,B43,$F$21:$F$34) -> 199000 | L43: =(Summary!$I$11="Rent to Council")*SUMIF($I$21:$I$34,B43,$K$21:$K$34) -> 10 | M43: =SUMIF($I$21:$I$34,B43,$M$21:$M$34) -> 8750 | N43: 1
B44: 5 | C44: =SUMIF($B$21:$B$34,B44,$D$21:$D$34)+SUMIF($I$21:$I$34,B44,$K$21:$K$34) -> 100 | D44: =SUMIF($B$21:$B$34,B44,$D$21:$D$34)+(Summary!$I$11="Rent to Council")*SUMIF($I$21:$I$34,B44,$K$21:$K$34) -> 100 | E44: =SUMIF($B$21:$B$34,B44,$E$21:$E$34)+SUMIF($I$21:$I$34,B44,$L$21:$L$34) -> 70000 | F44: 80000 | H44: =IFERROR(E44/F44,0) -> 0.875 | I44: 100 | J44: =SUMIF($B$21:$B$34,B44,$D$21:$D$34) -> 90 | K44: =SUMIF($B$21:$B$34,B44,$F$21:$F$34) -> 180000 | L44: =(Summary!$I$11="Rent to Council")*SUMIF($I$21:$I$34,B44,$K$21:$K$34) -> 10 | M44: =SUMIF($I$21:$I$34,B44,$M$21:$M$34) -> 12000 | N44: 1
B45: Total | C45: =SUM(C40:C44) -> 500 | D45: =SUM(D40:D44) -> 500 | E45: =SUM(E40:E44) -> 365000 | F45: =SUM(F40:F44) -> 430000 | H45: =IFERROR(E45/F45,0) -> 0.84883721 | I45: =SUM(I40:I44) -> 500 | J45: =SUM(J40:J44) -> 450 | K45: =SUM(K40:K44) -> 912000 | L45: =SUM(L40:L44) -> 50 | M45: =SUM(M40:M44) -> 66250 | N45: =MAX(N40:N44) -> 1
B48: Construction Phase Inputs / Outputs
B50: Construction Phase Schedule
B52: Phase | C52: Con. Start | D52: Months Build | E52: Con. End | F52: Rough Hard Cost | G52: # units constr. | H52: Cost Allocation | I52: 3 | J52: # of rented units | K52: GIA sqft | L52: U/G PS | M52: Rent Roll pm | N52: PV RR
B53: 1 | C53: =EDATE(Summary!G6,5) -> 44348 | D53: 18 | E53: =EDATE(C53,D53) -> 44896 | F53: =K53*'Dev Cost Schedule'!$C$59+L53*'Dev Cost Schedule'!$C$62+J53*'Dev Cost Schedule'!$C$64 -> 92750000 | G53: =SUMIF($N$40:$N$44,B53,$C$40:$C$44) -> 500 | H53: =F53/SUM($F$53:$F$57) -> 1 | I53: =EDATE(E53,-$I$52) -> 44805 | J53: =SUMIF($N$40:$N$44,B53,$D$40:$D$44) -> 500 | K53: =SUMIF($N$40:$N$44,B53,$F$40:$F$44) -> 430000 | L53: =SUMIF($N$40:$N$44,B53,$I$40:$I$44) -> 500 | M53: =SUMIF($N$40:$N$44,B53,$K$40:$K$44) -> 912000 | N53: =SUMIF($N$40:$N$44,B53,$M$40:$M$44) -> 66250
B54: 2 | C54: =EDATE(C53,4) -> 44470 | D54: 15 | E54: =EDATE(C54,D54) -> 44927 | F54: =K54*'Dev Cost Schedule'!$C$59+L54*'Dev Cost Schedule'!$C$62+J54*'Dev Cost Schedule'!$C$64 -> 0 | G54: =SUMIF($N$40:$N$44,B54,$C$40:$C$44) -> 0 | H54: =F54/SUM($F$53:$F$57) -> 0 | I54: =EDATE(E54,-$I$52) -> 44835 | J54: =SUMIF($N$40:$N$44,B54,$D$40:$D$44) -> 0 | K54: =SUMIF($N$40:$N$44,B54,$F$40:$F$44) -> 0 | L54: =SUMIF($N$40:$N$44,B54,$I$40:$I$44) -> 0 | M54: =SUMIF($N$40:$N$44,B54,$K$40:$K$44) -> 0 | N54: =SUMIF($N$40:$N$44,B54,$M$40:$M$44) -> 0
B55: 3 | C55: =EDATE(C54,4) -> 44593 | D55: 16 | E55: =EDATE(C55,D55) -> 45078 | F55: =K55*'Dev Cost Schedule'!$C$59+L55*'Dev Cost Schedule'!$C$62+J55*'Dev Cost Schedule'!$C$64 -> 0 | G55: =SUMIF($N$40:$N$44,B55,$C$40:$C$44) -> 0 | H55: =F55/SUM($F$53:$F$57) -> 0 | I55: =EDATE(E55,-$I$52) -> 44986 | J55: =SUMIF($N$40:$N$44,B55,$D$40:$D$44) -> 0 | K55: =SUMIF($N$40:$N$44,B55,$F$40:$F$44) -> 0 | L55: =SUMIF($N$40:$N$44,B55,$I$40:$I$44) -> 0 | M55: =SUMIF($N$40:$N$44,B55,$K$40:$K$44) -> 0 | N55: =SUMIF($N$40:$N$44,B55,$M$40:$M$44) -> 0
B56: 4 | C56: =EDATE(C55,4) -> 44713 | D56: 18 | E56: =EDATE(C56,D56) -> 45261 | F56: =K56*'Dev Cost Schedule'!$C$59+L56*'Dev Cost Schedule'!$C$62+J56*'Dev Cost Schedule'!$C$64 -> 0 | G56: =SUMIF($N$40:$N$44,B56,$C$40:$C$44) -> 0 | H56: =F56/SUM($F$53:$F$57) -> 0 | I56: =EDATE(E56,-$I$52) -> 45170 | J56: =SUMIF($N$40:$N$44,B56,$D$40:$D$44) -> 0 | K56: =SUMIF($N$40:$N$44,B56,$F$40:$F$44) -> 0 | L56: =SUMIF($N$40:$N$44,B56,$I$40:$I$44) -> 0 | M56: =SUMIF($N$40:$N$44,B56,$K$40:$K$44) -> 0 | N56: =SUMIF($N$40:$N$44,B56,$M$40:$M$44) -> 0
B57: 5 | C57: =EDATE(C56,4) -> 44835 | D57: 20 | E57: =EDATE(C57,D57) -> 45444 | F57: =K57*'Dev Cost Schedule'!$C$59+L57*'Dev Cost Schedule'!$C$62+J57*'Dev Cost Schedule'!$C$64 -> 0 | G57: =SUMIF($N$40:$N$44,B57,$C$40:$C$44) -> 0 | H57: =F57/SUM($F$53:$F$57) -> 0 | I57: =EDATE(E57,-$I$52) -> 45352 | J57: =SUMIF($N$40:$N$44,B57,$D$40:$D$44) -> 0 | K57: =SUMIF($N$40:$N$44,B57,$F$40:$F$44) -> 0 | L57: =SUMIF($N$40:$N$44,B57,$I$40:$I$44) -> 0 | M57: =SUMIF($N$40:$N$44,B57,$K$40:$K$44) -> 0 | N57: =SUMIF($N$40:$N$44,B57,$M$40:$M$44) -> 0
B58: Total | C58: =MIN(C53:C57) -> 44348 | D58: =DATEDIF(C58,E58,"m") -> 18 | E58: =MAX(E53:OFFSET(E52,N45,0)) -> 44896 | G58: =SUM(G53:G57) -> 500 | J58: =SUM(J53:J57) -> 500 | K58: =SUM(K53:K57) -> 430000 | L58: =SUM(L53:L57) -> 500 | M58: =SUM(M53:M57) -> 912000 | N58: =SUM(N53:N57) -> 66250
B60: Investment Finance and Lease Up
B62: Lease Up | K62: Investment Finance (on rented units)
B64: Phase | C64: Private Units | D64: Part V Units | E64: Lease up start | F64: Lease up Period | G64: Units Per Month | H64: Vacant Units | K64: Private GDV | L64: Part V GDV | M64: Total GDV | N64: Loan Amount
B65: 1 | C65: =SUMIF($N$40:$N$44,B65,$J$40:$J$44) -> 450 | D65: =SUMIF($N$40:$N$44,B65,$L$40:$L$44) -> 50 | E65: =EDATE(E53,1) -> 44927 | F65: ='Income_Expenditure Schedule'!$C$97 -> 4 | G65: =ROUND(C65/F65,0) -> 113 | H65: =ROUND(C65*'Income_Expenditure Schedule'!$E$102,0) -> 9 | K65: =M53*12*0.75/Summary!$I$14 -> 182400000 | L65: =N53*12*0.75/Summary!$I$14 -> 13250000 | M65: =SUM(K65:L65) -> 195650000 | N65: =M65*'Income_Expenditure Schedule'!$C$80 -> 97825000
B66: 2 | C66: =SUMIF($N$40:$N$44,B66,$J$40:$J$44) -> 0 | D66: =SUMIF($N$40:$N$44,B66,$L$40:$L$44) -> 0 | E66: =EDATE(E54,1) -> 44958 | F66: ='Income_Expenditure Schedule'!$C$97 -> 4 | G66: =ROUND(C66/F66,0) -> 0 | H66: =ROUND(C66*'Income_Expenditure Schedule'!$E$102,0) -> 0 | K66: =M54*12*0.75/Summary!$I$14 -> 0 | L66: =N54*12*0.75/Summary!$I$14 -> 0 | M66: =SUM(K66:L66) -> 0 | N66: =M66*'Income_Expenditure Schedule'!$C$80 -> 0
B67: 3 | C67: =SUMIF($N$40:$N$44,B67,$J$40:$J$44) -> 0 | D67: =SUMIF($N$40:$N$44,B67,$L$40:$L$44) -> 0 | E67: =EDATE(E55,1) -> 45108 | F67: ='Income_Expenditure Schedule'!$C$97 -> 4 | G67: =ROUND(C67/F67,0) -> 0 | H67: =ROUND(C67*'Income_Expenditure Schedule'!$E$102,0) -> 0 | K67: =M55*12*0.75/Summary!$I$14 -> 0 | L67: =N55*12*0.75/Summary!$I$14 -> 0 | M67: =SUM(K67:L67) -> 0 | N67: =M67*'Income_Expenditure Schedule'!$C$80 -> 0
B68: 4 | C68: =SUMIF($N$40:$N$44,B68,$J$40:$J$44) -> 0 | D68: =SUMIF($N$40:$N$44,B68,$L$40:$L$44) -> 0 | E68: =EDATE(E56,1) -> 45292 | F68: ='Income_Expenditure Schedule'!$C$97 -> 4 | G68: =ROUND(C68/F68,0) -> 0 | H68: =ROUND(C68*'Income_Expenditure Schedule'!$E$102,0) -> 0 | K68: =M56*12*0.75/Summary!$I$14 -> 0 | L68: =N56*12*0.75/Summary!$I$14 -> 0 | M68: =SUM(K68:L68) -> 0 | N68: =M68*'Income_Expenditure Schedule'!$C$80 -> 0
B69: 5 | C69: =SUMIF($N$40:$N$44,B69,$J$40:$J$44) -> 0 | D69: =SUMIF($N$40:$N$44,B69,$L$40:$L$44) -> 0 | E69: =EDATE(E57,1) -> 45474 | F69: ='Income_Expenditure Schedule'!$C$97 -> 4 | G69: =ROUND(C69/F69,0) -> 0 | H69: =ROUND(C69*'Income_Expenditure Schedule'!$E$102,0) -> 0 | K69: =M57*12*0.75/Summary!$I$14 -> 0 | L69: =N57*12*0.75/Summary!$I$14 -> 0 | M69: =SUM(K69:L69) -> 0 | N69: =M69*'Income_Expenditure Schedule'!$C$80 -> 0
B70: Total | C70: =SUM(C65:C69) -> 450 | D70: =SUM(D65:D69) -> 50 | H70: =SUM(H65:H69) -> 9 | K70: =SUM(K65:K69) -> 182400000 | L70: =SUM(L65:L69) -> 13250000 | M70: =SUM(M65:M69) -> 195650000 | N70: =SUM(N65:N69) -> 97825000
B72: Part V Sale on PC
B74: Block | E74: Phase
B76: Block | C76: GDV | E76: Phase | F76: PC Date | G76: GDV
B77: =B40 -> 1 | C77: =(Summary!$I$11="Sale to council")*SUMIF($I$21:$I$34,B77,$N$21:$N$34) -> 0 | E77: 1 | F77: =EDATE(E53,1) -> 44927 | G77: =(Summary!$I$11="Sale to council")*SUMIF($N$40:$N$44,E77,$C$77:$C$81) -> 0
B78: =B41 -> 2 | C78: =(Summary!$I$11="Sale to council")*SUMIF($I$21:$I$34,B78,$N$21:$N$34) -> 0 | E78: 2 | F78: =EDATE(E54,1) -> 44958 | G78: =(Summary!$I$11="Sale to council")*SUMIF($N$40:$N$44,E78,$C$77:$C$81) -> 0
B79: =B42 -> 3 | C79: =(Summary!$I$11="Sale to council")*SUMIF($I$21:$I$34,B79,$N$21:$N$34) -> 0 | E79: 3 | F79: =EDATE(E55,1) -> 45108 | G79: =(Summary!$I$11="Sale to council")*SUMIF($N$40:$N$44,E79,$C$77:$C$81) -> 0
B80: =B43 -> 4 | C80: =(Summary!$I$11="Sale to council")*SUMIF($I$21:$I$34,B80,$N$21:$N$34) -> 0 | E80: 4 | F80: =EDATE(E56,1) -> 45292 | G80: =(Summary!$I$11="Sale to council")*SUMIF($N$40:$N$44,E80,$C$77:$C$81) -> 0
B81: =B44 -> 5 | C81: =(Summary!$I$11="Sale to council")*SUMIF($I$21:$I$34,B81,$N$21:$N$34) -> 0 | E81: 5 | F81: =EDATE(E57,1) -> 45474 | G81: =(Summary!$I$11="Sale to council")*SUMIF($N$40:$N$44,E81,$C$77:$C$81) -> 0
B82: Total | C82: =SUM(C77:C81) -> 0 | E82: Total | F82: =SUM(F77:F81) -> 225759 | G82: =SUM(G77:G81) -> 0

Sheet Income_Expenditure Schedule
I2: Total | K2: ='Dev Cost Schedule'!K2 -> 44197 | L2: =EDATE(K2,1) -> 44228 | M2: =EDATE(L2,1) -> 44256 | N2: =EDATE(M2,1) -> 44287 | O2: =EDATE(N2,1) -> 44317 | P2: =EDATE(O2,1) -> 44348 | Q2: =EDATE(P2,1) -> 44378 | R2: =EDATE(Q2,1) -> 44409 | S2: =EDATE(R2,1) -> 44440 | ... CY2: =EDATE(CX2,1) -> 46997
B3: Residential Income | H3: Income Flow
B5: Residential Income
B7: Phase | E7: Rent Roll p/a
B8: Phase 1 | E8: ='Accom_Phase Schedule'!M53*12 -> 10944000 | H8: =B8 -> Phase 1 | I8: =SUM(K8:CY8) -> 28103137 | K8: =($E8/12)*K105*K117 -> 0 | L8: =($E8/12)*L105*L117 -> 0 | M8: =($E8/12)*M105*M117 -> 0 | N8: =($E8/12)*N105*N117 -> 0 | O8: =($E8/12)*O105*O117 -> 0 | P8: =($E8/12)*P105*P117 -> 0 | Q8: =($E8/12)*Q105*Q117 -> 0 | R8: =($E8/12)*R105*R117 -> 0 | ... CY8: =($E8/12)*CY105*CY117 -> 0
B9: Phase 2 | E9: ='Accom_Phase Schedule'!M54*12 -> 0 | H9: =B9 -> Phase 2 | I9: =SUM(K9:CY9) -> 0 | K9: =($E9/12)*K106*K118 -> 0 | L9: =($E9/12)*L106*L118 -> 0 | M9: =($E9/12)*M106*M118 -> 0 | N9: =($E9/12)*N106*N118 -> 0 | O9: =($E9/12)*O106*O118 -> 0 | P9: =($E9/12)*P106*P118 -> 0 | Q9: =($E9/12)*Q106*Q118 -> 0 | R9: =($E9/12)*R106*R118 -> 0 | ... CY9: =($E9/12)*CY106*CY118 -> 0
B10: Phase 3 | E10: ='Accom_Phase Schedule'!M55*12 -> 0 | H10: =B10 -> Phase 3 | I10: =SUM(K10:CY10) -> 0 | K10: =($E10/12)*K107*K119 -> 0 | L10: =($E10/12)*L107*L119 -> 0 | M10: =($E10/12)*M107*M119 -> 0 | N10: =($E10/12)*N107*N119 -> 0 | O10: =($E10/12)*O107*O119 -> 0 | P10: =($E10/12)*P107*P119 -> 0 | Q10: =($E10/12)*Q107*Q119 -> 0 | R10: =($E10/12)*R107*R119 -> 0 | ... CY10: =($E10/12)*CY107*CY119 -> 0
B11: Phase 4 | E11: ='Accom_Phase Schedule'!M56*12 -> 0 | H11: =B11 -> Phase 4 | I11: =SUM(K11:CY11) -> 0 | K11: =($E11/12)*K108*K120 -> 0 | L11: =($E11/12)*L108*L120 -> 0 | M11: =($E11/12)*M108*M120 -> 0 | N11: =($E11/12)*N108*N120 -> 0 | O11: =($E11/12)*O108*O120 -> 0 | P11: =($E11/12)*P108*P120 -> 0 | Q11: =($E11/12)*Q108*Q120 -> 0 | R11: =($E11/12)*R108*R120 -> 0 | ... CY11: =($E11/12)*CY108*CY120 -> 0
B12: Phase 5 | E12: ='Accom_Phase Schedule'!M57*12 -> 0 | H12: =B12 -> Phase 5 | I12: =SUM(K12:CY12) -> 0 | K12: =($E12/12)*K109*K121 -> 0 | L12: =($E12/12)*L109*L121 -> 0 | M12: =($E12/12)*M109*M121 -> 0 | N12: =($E12/12)*N109*N121 -> 0 | O12: =($E12/12)*O109*O121 -> 0 | P12: =($E12/12)*P109*P121 -> 0 | Q12: =($E12/12)*Q109*Q121 -> 0 | R12: =($E12/12)*R109*R121 -> 0 | ... CY12: =($E12/12)*CY109*CY121 -> 0
B14: Total Private | E14: =SUM(E8:E13) -> 10944000 | H14: =B14 -> Total Private | I14: =SUM(K14:CY14) -> 28103137 | K14: =SUM(K8:K12) -> 0 | L14: =SUM(L8:L12) -> 0 | M14: =SUM(M8:M12) -> 0 | N14: =SUM(N8:N12) -> 0 | O14: =SUM(O8:O12) -> 0 | P14: =SUM(P8:P12) -> 0 | Q14: =SUM(Q8:Q12) -> 0 | R14: =SUM(R8:R12) -> 0 | ... CY14: =SUM(CY8:CY12) -> 0
B16: Part V
B18: Phase | E18: Rent Roll p/a
B19: =B8 -> Phase 1 | E19: ='Accom_Phase Schedule'!N53*12 -> 795000 | H19: =B19 -> Phase 1 | I19: =SUM(K19:CY19) -> 2190887.5 | K19: =($E19/12)*K105 -> 0 | L19: =($E19/12)*L105 -> 0 | M19: =($E19/12)*M105 -> 0 | N19: =($E19/12)*N105 -> 0 | O19: =($E19/12)*O105 -> 0 | P19: =($E19/12)*P105 -> 0 | Q19: =($E19/12)*Q105 -> 0 | R19: =($E19/12)*R105 -> 0 | ... CY19: =($E19/12)*CY105 -> 0
B20: =B9 -> Phase 2 | E20: ='Accom_Phase Schedule'!N54*12 -> 0 | H20: =B20 -> Phase 2 | I20: =SUM(K20:CY20) -> 0 | K20: =($E20/12)*K106 -> 0 | L20: =($E20/12)*L106 -> 0 | M20: =($E20/12)*M106 -> 0 | N20: =($E20/12)*N106 -> 0 | O20: =($E20/12)*O106 -> 0 | P20: =($E20/12)*P106 -> 0 | Q20: =($E20/12)*Q106 -> 0 | R20: =($E20/12)*R106 -> 0 | ... CY20: =($E20/12)*CY106 -> 0
B21: =B10 -> Phase 3 | E21: ='Accom_Phase Schedule'!N55*12 -> 0 | H21: =B21 -> Phase 3 | I21: =SUM(K21:CY21) -> 0 | K21: =($E21/12)*K107 -> 0 | L21: =($E21/12)*L107 -> 0 | M21: =($E21/12)*M107 -> 0 | N21: =($E21/12)*N107 -> 0 | O21: =($E21/12)*O107 -> 0 | P21: =($E21/12)*P107 -> 0 | Q21: =($E21/12)*Q107 -> 0 | R21: =($E21/12)*R107 -> 0 | ... CY21: =($E21/12)*CY107 -> 0
B22: =B11 -> Phase 4 | E22: ='Accom_Phase Schedule'!N56*12 -> 0 | H22: =B22 -> Phase 4 | I22: =SUM(K22:CY22) -> 0 | K22: =($E22/12)*K108 -> 0 | L22: =($E22/12)*L108 -> 0 | M22: =($E22/12)*M108 -> 0 | N22: =($E22/12)*N108 -> 0 | O22: =($E22/12)*O108 -> 0 | P22: =($E22/12)*P108 -> 0 | Q22: =($E22/12)*Q108 -> 0 | R22: =($E22/12)*R108 -> 0 | ... CY22: =($E22/12)*CY108 -> 0
B23: =B12 -> Phase 5 | E23: ='Accom_Phase Schedule'!N57*12 -> 0 | H23: =B23 -> Phase 5 | I23: =SUM(K23:CY23) -> 0 | K23: =($E23/12)*K109 -> 0 | L23: =($E23/12)*L109 -> 0 | M23: =($E23/12)*M109 -> 0 | N23: =($E23/12)*N109 -> 0 | O23: =($E23/12)*O109 -> 0 | P23: =($E23/12)*P109 -> 0 | Q23: =($E23/12)*Q109 -> 0 | R23: =($E23/12)*R109 -> 0 | ... CY23: =($E23/12)*CY109 -> 0
B25: Total Part V | E25: =SUM(E19:E24) -> 795000 | H25: =B25 -> Total Part V | I25: =SUM(K25:CY25) -> 2190887.5 | K25: =SUM(K19:K23) -> 0 | L25: =SUM(L19:L23) -> 0 | M25: =SUM(M19:M23) -> 0 | N25: =SUM(N19:N23) -> 0 | O25: =SUM(O19:O23) -> 0 | P25: =SUM(P19:P23) -> 0 | Q25: =SUM(Q19:Q23) -> 0 | R25: =SUM(R19:R23) -> 0 | ... CY25: =SUM(CY19:CY23) -> 0
B27: Gross Rent
B29: Total Gross Rent | E29: =E14+E25 -> 11739000 | H29: =B29 -> Total Gross Rent | I29: =SUM(K29:CY29) -> 30294025 | K29: =K14+K25 -> 0 | L29: =L14+L25 -> 0 | M29: =M14+M25 -> 0 | N29: =N14+N25 -> 0 | O29: =O14+O25 -> 0 | P29: =P14+P25 -> 0 | Q29: =Q14+Q25 -> 0 | R29: =R14+R25 -> 0 | ... CY29: =CY14+CY25 -> 0
B31: Residential Management
B33: Admin Costs
B35: Cost | C35: Assumption | D35: Frequency | E35: Per annum
B36: Accountancy | C36: 2500 | D36: Quarterly | E36: =C36*(IF(D36="monthly",12,IF(D36="Quarterly",4,2))) -> 10000 | H36: =B36 -> Accountancy | I36: =SUM(K36:CY36) -> -30125 | K36: =(K$14>0)*(IF(MOD(DATEDIF($K$2,K$2,"m"),IF($D36="monthly",1,IF($D36="Quarterly",3,6)))=0,-$C36,0))*K$97 -> 0 | L36: =(L$14>0)*(IF(MOD(DATEDIF($K$2,L$2,"m"),IF($D36="monthly",1,IF($D36="Quarterly",3,6)))=0,-$C36,0))*L$97 -> 0 | M36: =(M$14>0)*(IF(MOD(DATEDIF($K$2,M$2,"m"),IF($D36="monthly",1,IF($D36="Quarterly",3,6)))=0,-$C36,0))*M$97 -> 0 | N36: =(N$14>0)*(IF(MOD(DATEDIF($K$2,N$2,"m"),IF($D36="monthly",1,IF($D36="Quarterly",3,6)))=0,-$C36,0))*N$97 -> 0 | O36: =(O$14>0)*(IF(MOD(DATEDIF($K$2,O$2,"m"),IF($D36="monthly",1,IF($D36="Quarterly",3,6)))=0,-$C36,0))*O$97 -> 0 | P36: =(P$14>0)*(IF(MOD(DATEDIF($K$2,P$2,"m"),IF($D36="monthly",1,IF($D36="Quarterly",3,6)))=0,-$C36,0))*P$97 -> 0 | Q36: =(Q$14>0)*(IF(MOD(DATEDIF($K$2,Q$2,"m"),IF($D36="monthly",1,IF($D36="Quarterly",3,6)))=0,-$C36,0))*Q$97 -> 0 | R36: =(R$14>0)*(IF(MOD(DATEDIF($K$2,R$2,"m"),IF($D36="monthly",1,IF($D36="Quarterly",3,6)))=0,-$C36,0))*R$97 -> 0 | ... CY36: =(CY$14>0)*(IF(MOD(DATEDIF($K$2,CY$2,"m"),IF($D36="monthly",1,IF($D36="Quarterly",3,6)))=0,-$C36,0))*CY$97 -> 0
B37: Insurance | C37: 15000 | D37: Bi-annual | E37: =C37*(IF(D37="monthly",12,IF(D37="Quarterly",4,2))) -> 30000 | H37: =B37 -> Insurance | I37: =SUM(K37:CY37) -> -98400 | K37: =(K$14>0)*(IF(MOD(DATEDIF($K$2,K$2,"m"),IF($D37="monthly",1,IF($D37="Quarterly",3,6)))=0,-$C37,0))*K$97 -> 0 | L37: =(L$14>0)*(IF(MOD(DATEDIF($K$2,L$2,"m"),IF($D37="monthly",1,IF($D37="Quarterly",3,6)))=0,-$C37,0))*L$97 -> 0 | M37: =(M$14>0)*(IF(MOD(DATEDIF($K$2,M$2,"m"),IF($D37="monthly",1,IF($D37="Quarterly",3,6)))=0,-$C37,0))*M$97 -> 0 | N37: =(N$14>0)*(IF(MOD(DATEDIF($K$2,N$2,"m"),IF($D37="monthly",1,IF($D37="Quarterly",3,6)))=0,-$C37,0))*N$97 -> 0 | O37: =(O$14>0)*(IF(MOD(DATEDIF($K$2,O$2,"m"),IF($D37="monthly",1,IF($D37="Quarterly",3,6)))=0,-$C37,0))*O$97 -> 0 | P37: =(P$14>0)*(IF(MOD(DATEDIF($K$2,P$2,"m"),IF($D37="monthly",1,IF($D37="Quarterly",3,6)))=0,-$C37,0))*P$97 -> 0 | Q37: =(Q$14>0)*(IF(MOD(DATEDIF($K$2,Q$2,"m"),IF($D37="monthly",1,IF($D37="Quarterly",3,6)))=0,-$C37,0))*Q$97 -> 0 | R37: =(R$14>0)*(IF(MOD(DATEDIF($K$2,R$2,"m"),IF($D37="monthly",1,IF($D37="Quarterly",3,6)))=0,-$C37,0))*R$97 -> 0 | ... CY37: =(CY$14>0)*(IF(MOD(DATEDIF($K$2,CY$2,"m"),IF($D37="monthly",1,IF($D37="Quarterly",3,6)))=0,-$C37,0))*CY$97 -> 0
B38: Bank Charges | C38: 150 | D38: Monthly | E38: =C38*(IF(D38="monthly",12,IF(D38="Quarterly",4,2))) -> 1800 | H38: =B38 -> Bank Charges | I38: =SUM(K38:CY38) -> -5101.5 | K38: =(K$14>0)*(IF(MOD(DATEDIF($K$2,K$2,"m"),IF($D38="monthly",1,IF($D38="Quarterly",3,6)))=0,-$C38,0))*K$97 -> 0 | L38: =(L$14>0)*(IF(MOD(DATEDIF($K$2,L$2,"m"),IF($D38="monthly",1,IF($D38="Quarterly",3,6)))=0,-$C38,0))*L$97 -> 0 | M38: =(M$14>0)*(IF(MOD(DATEDIF($K$2,M$2,"m"),IF($D38="monthly",1,IF($D38="Quarterly",3,6)))=0,-$C38,0))*M$97 -> 0 | N38: =(N$14>0)*(IF(MOD(DATEDIF($K$2,N$2,"m"),IF($D38="monthly",1,IF($D38="Quarterly",3,6)))=0,-$C38,0))*N$97 -> 0 | O38: =(O$14>0)*(IF(MOD(DATEDIF($K$2,O$2,"m"),IF($D38="monthly",1,IF($D38="Quarterly",3,6)))=0,-$C38,0))*O$97 -> 0 | P38: =(P$14>0)*(IF(MOD(DATEDIF($K$2,P$2,"m"),IF($D38="monthly",1,IF($D38="Quarterly",3,6)))=0,-$C38,0))*P$97 -> 0 | Q38: =(Q$14>0)*(IF(MOD(DATEDIF($K$2,Q$2,"m"),IF($D38="monthly",1,IF($D38="Quarterly",3,6)))=0,-$C38,0))*Q$97 -> 0 | R38: =(R$14>0)*(IF(MOD(DATEDIF($K$2,R$2,"m"),IF($D38="monthly",1,IF($D38="Quarterly",3,6)))=0,-$C38,0))*R$97 -> 0 | ... CY38: =(CY$14>0)*(IF(MOD(DATEDIF($K$2,CY$2,"m"),IF($D38="monthly",1,IF($D38="Quarterly",3,6)))=0,-$C38,0))*CY$97 -> 0
B39: Valuations | C39: 7500 | D39: Bi-annual | E39: =C39*(IF(D39="monthly",12,IF(D39="Quarterly",4,2))) -> 15000 | H39: =B39 -> Valuations | I39: =SUM(K39:CY39) -> -49200 | K39: =(K$14>0)*(IF(MOD(DATEDIF($K$2,K$2,"m"),IF($D39="monthly",1,IF($D39="Quarterly",3,6)))=0,-$C39,0))*K$97 -> 0 | L39: =(L$14>0)*(IF(MOD(DATEDIF($K$2,L$2,"m"),IF($D39="monthly",1,IF($D39="Quarterly",3,6)))=0,-$C39,0))*L$97 -> 0 | M39: =(M$14>0)*(IF(MOD(DATEDIF($K$2,M$2,"m"),IF($D39="monthly",1,IF($D39="Quarterly",3,6)))=0,-$C39,0))*M$97 -> 0 | N39: =(N$14>0)*(IF(MOD(DATEDIF($K$2,N$2,"m"),IF($D39="monthly",1,IF($D39="Quarterly",3,6)))=0,-$C39,0))*N$97 -> 0 | O39: =(O$14>0)*(IF(MOD(DATEDIF($K$2,O$2,"m"),IF($D39="monthly",1,IF($D39="Quarterly",3,6)))=0,-$C39,0))*O$97 -> 0 | P39: =(P$14>0)*(IF(MOD(DATEDIF($K$2,P$2,"m"),IF($D39="monthly",1,IF($D39="Quarterly",3,6)))=0,-$C39,0))*P$97 -> 0 | Q39: =(Q$14>0)*(IF(MOD(DATEDIF($K$2,Q$2,"m"),IF($D39="monthly",1,IF($D39="Quarterly",3,6)))=0,-$C39,0))*Q$97 -> 0 | R39: =(R$14>0)*(IF(MOD(DATEDIF($K$2,R$2,"m"),IF($D39="monthly",1,IF($D39="Quarterly",3,6)))=0,-$C39,0))*R$97 -> 0 | ... CY39: =(CY$14>0)*(IF(MOD(DATEDIF($K$2,CY$2,"m"),IF($D39="monthly",1,IF($D39="Quarterly",3,6)))=0,-$C39,0))*CY$97 -> 0
E40: =C40*(IF(D40="monthly",12,IF(D40="Quarterly",4,2))) -> 0 | I40: =SUM(K40:CY40) -> 0
B41: Total Admin Costs | E41: =SUM(E36:E40) -> 56800 | H41: =B41 -> Total Admin Costs | I41: =SUM(K41:CY41) -> -182826.5 | K41: =SUM(K36:K39) -> 0 | L41: =SUM(L36:L39) -> 0 | M41: =SUM(M36:M39) -> 0 | N41: =SUM(N36:N39) -> 0 | O41: =SUM(O36:O39) -> 0 | P41: =SUM(P36:P39) -> 0 | Q41: =SUM(Q36:Q39) -> 0 | R41: =SUM(R36:R39) -> 0 | ... CY41: =SUM(CY36:CY39) -> 0
B43: Property Costs
B45: Cost | C45: Assumption | D45: Measurement | E45: Per annum
B46: Local Property Tax p/a | C46: 600 | D46: per unit | E46: =C46*'Accom_Phase Schedule'!$D$45 -> 300000 | H46: =B46 -> Local Property Tax p/a | I46: =SUM(K46:CY46) -> -973500 | K46: {=(K$2<$C$96)*(SUMPRODUCT(--(K$2>='Accom_Phase Schedule'!$E$65:$E$69),--(MOD(MONTH(K$2),12)=MOD(MONTH('Accom_Phase Schedule'!$E$65:$E$69),12)),'Accom_Phase Schedule'!$J$53:$J$57)*-$C46)*K$97} -> 0 | L46: {=(L$2<$C$96)*(SUMPRODUCT(--(L$2>='Accom_Phase Schedule'!$E$65:$E$69),--(MOD(MONTH(L$2),12)=MOD(MONTH('Accom_Phase Schedule'!$E$65:$E$69),12)),'Accom_Phase Schedule'!$J$53:$J$57)*-$C46)*L$97} -> 0 | M46: {=(M$2<$C$96)*(SUMPRODUCT(--(M$2>='Accom_Phase Schedule'!$E$65:$E$69),--(MOD(MONTH(M$2),12)=MOD(MONTH('Accom_Phase Schedule'!$E$65:$E$69),12)),'Accom_Phase Schedule'!$J$53:$J$57)*-$C46)*M$97} -> 0 | N46: {=(N$2<$C$96)*(SUMPRODUCT(--(N$2>='Accom_Phase Schedule'!$E$65:$E$69),--(MOD(MONTH(N$2),12)=MOD(MONTH('Accom_Phase Schedule'!$E$65:$E$69),12)),'Accom_Phase Schedule'!$J$53:$J$57)*-$C46)*N$97} -> 0 | O46: {=(O$2<$C$96)*(SUMPRODUCT(--(O$2>='Accom_Phase Schedule'!$E$65:$E$69),--(MOD(MONTH(O$2),12)=MOD(MONTH('Accom_Phase Schedule'!$E$65:$E$69),12)),'Accom_Phase Schedule'!$J$53:$J$57)*-$C46)*O$97} -> 0 | P46: {=(P$2<$C$96)*(SUMPRODUCT(--(P$2>='Accom_Phase Schedule'!$E$65:$E$69),--(MOD(MONTH(P$2),12)=MOD(MONTH('Accom_Phase Schedule'!$E$65:$E$69),12)),'Accom_Phase Schedule'!$J$53:$J$57)*-$C46)*P$97} -> 0 | Q46: {=(Q$2<$C$96)*(SUMPRODUCT(--(Q$2>='Accom_Phase Schedule'!$E$65:$E$69),--(MOD(MONTH(Q$2),12)=MOD(MONTH('Accom_Phase Schedule'!$E$65:$E$69),12)),'Accom_Phase Schedule'!$J$53:$J$57)*-$C46)*Q$97} -> 0 | R46: {=(R$2<$C$96)*(SUMPRODUCT(--(R$2>='Accom_Phase Schedule'!$E$65:$E$69),--(MOD(MONTH(R$2),12)=MOD(MONTH('Accom_Phase Schedule'!$E$65:$E$69),12)),'Accom_Phase Schedule'!$J$53:$J$57)*-$C46)*R$97} -> 0 | ... CY46: {=(CY$2<$C$96)*(SUMPRODUCT(--(CY$2>='Accom_Phase Schedule'!$E$65:$E$69),--(MOD(MONTH(CY$2),12)=MOD(MONTH('Accom_Phase Schedule'!$E$65:$E$69),12)),'Accom_Phase Schedule'!$J$53:$J$57)*-$C46)*CY$97} -> 0
B47: RTB Registrations | C47: 120 | D47: per unit | E47: =C47*'Accom_Phase Schedule'!$D$45 -> 60000 | H47: =B47 -> RTB Registrations | I47: =SUM(K47:CY47) -> -67405.2 | K47: =(K2<$C$96)*((K125-J125)*-$C$47+AND(K2>EDATE('Accom_Phase Schedule'!$E$65,12),K2<$C$96)*-$C$100*($C$47/12)*(K$125/MAX($K$125:$BC$125)))*K$97 -> 0 | L47: =(L2<$C$96)*((L125-K125)*-$C$47+AND(L2>EDATE('Accom_Phase Schedule'!$E$65,12),L2<$C$96)*-$C$100*($C$47/12)*(L$125/MAX($K$125:$BC$125)))*L$97 -> 0 | M47: =(M2<$C$96)*((M125-L125)*-$C$47+AND(M2>EDATE('Accom_Phase Schedule'!$E$65,12),M2<$C$96)*-$C$100*($C$47/12)*(M$125/MAX($K$125:$BC$125)))*M$97 -> 0 | N47: =(N2<$C$96)*((N125-M125)*-$C$47+AND(N2>EDATE('Accom_Phase Schedule'!$E$65,12),N2<$C$96)*-$C$100*($C$47/12)*(N$125/MAX($K$125:$BC$125)))*N$97 -> 0 | O47: =(O2<$C$96)*((O125-N125)*-$C$47+AND(O2>EDATE('Accom_Phase Schedule'!$E$65,12),O2<$C$96)*-$C$100*($C$47/12)*(O$125/MAX($K$125:$BC$125)))*O$97 -> 0 | P47: =(P2<$C$96)*((P125-O125)*-$C$47+AND(P2>EDATE('Accom_Phase Schedule'!$E$65,12),P2<$C$96)*-$C$100*($C$47/12)*(P$125/MAX($K$125:$BC$125)))*P$97 -> 0 | Q47: =(Q2<$C$96)*((Q125-P125)*-$C$47+AND(Q2>EDATE('Accom_Phase Schedule'!$E$65,12),Q2<$C$96)*-$C$100*($C$47/12)*(Q$125/MAX($K$125:$BC$125)))*Q$97 -> 0 | R47: =(R2<$C$96)*((R125-Q125)*-$C$47+AND(R2>EDATE('Accom_Phase Schedule'!$E$65,12),R2<$C$96)*-$C$100*($C$47/12)*(R$125/MAX($K$125:$BC$125)))*R$97 -> 0 | ... CY47: =(CY2<$C$96)*((CY125-CX125)*-$C$47+AND(CY2>EDATE('Accom_Phase Schedule'!$E$65,12),CY2<$C$96)*-$C$100*($C$47/12)*(CY$125/MAX($K$125:$BC$125)))*CY$97 -> 0
B48: Block Management p/a | C48: 400 | D48: per unit | E48: =C48*'Accom_Phase Schedule'!$D$45 -> 200000 | H48: =B48 -> Block Management p/a | I48: =SUM(K48:CY48) -> -543406.65 | K48: =((K$125/MAX($K$125:$BC$125))*-($E48/12))*K$97 -> 0 | L48: =((L$125/MAX($K$125:$BC$125))*-($E48/12))*L$97 -> 0 | M48: =((M$125/MAX($K$125:$BC$125))*-($E48/12))*M$97 -> 0 | N48: =((N$125/MAX($K$125:$BC$125))*-($E48/12))*N$97 -> 0 | O48: =((O$125/MAX($K$125:$BC$125))*-($E48/12))*O$97 -> 0 | P48: =((P$125/MAX($K$125:$BC$125))*-($E48/12))*P$97 -> 0 | Q48: =((Q$125/MAX($K$125:$BC$125))*-($E48/12))*Q$97 -> 0 | R48: =((R$125/MAX($K$125:$BC$125))*-($E48/12))*R$97 -> 0 | ... CY48: =((CY$125/MAX($K$125:$BC$125))*-($E48/12))*CY$97 -> 0
B49: Estate Management p/a | C49: 350 | D49: per unit | E49: =C49*'Accom_Phase Schedule'!$D$45 -> 175000 | H49: =B49 -> Estate Management p/a | I49: =SUM(K49:CY49) -> -475480.82 | K49: =((K$125/MAX($K$125:$BC$125))*-($E49/12))*K$97 -> 0 | L49: =((L$125/MAX($K$125:$BC$125))*-($E49/12))*L$97 -> 0 | M49: =((M$125/MAX($K$125:$BC$125))*-($E49/12))*M$97 -> 0 | N49: =((N$125/MAX($K$125:$BC$125))*-($E49/12))*N$97 -> 0 | O49: =((O$125/MAX($K$125:$BC$125))*-($E49/12))*O$97 -> 0 | P49: =((P$125/MAX($K$125:$BC$125))*-($E49/12))*P$97 -> 0 | Q49: =((Q$125/MAX($K$125:$BC$125))*-($E49/12))*Q$97 -> 0 | R49: =((R$125/MAX($K$125:$BC$125))*-($E49/12))*R$97 -> 0 | ... CY49: =((CY$125/MAX($K$125:$BC$125))*-($E49/12))*CY$97 -> 0
B50: Maintenance Cost p/a | C50: 500 | D50: per unit | E50: =C50*'Accom_Phase Schedule'!$D$45 -> 250000 | H50: =B50 -> Maintenance Cost p/a | I50: =SUM(K50:CY50) -> -679258.32 | K50: =((K$125/MAX($K$125:$BC$125))*-($E50/12))*K$97 -> 0 | L50: =((L$125/MAX($K$125:$BC$125))*-($E50/12))*L$97 -> 0 | M50: =((M$125/MAX($K$125:$BC$125))*-($E50/12))*M$97 -> 0 | N50: =((N$125/MAX($K$125:$BC$125))*-($E50/12))*N$97 -> 0 | O50: =((O$125/MAX($K$125:$BC$125))*-($E50/12))*O$97 -> 0 | P50: =((P$125/MAX($K$125:$BC$125))*-($E50/12))*P$97 -> 0 | Q50: =((Q$125/MAX($K$125:$BC$125))*-($E50/12))*Q$97 -> 0 | R50: =((R$125/MAX($K$125:$BC$125))*-($E50/12))*R$97 -> 0 | ... CY50: =((CY$125/MAX($K$125:$BC$125))*-($E50/12))*CY$97 -> 0
B51: Furniture Expense p/a | C51: 500 | D51: per unit | E51: =C51*'Accom_Phase Schedule'!$D$45 -> 250000 | H51: =B51 -> Furniture Expense p/a | I51: =SUM(K51:CY51) -> -679258.32 | K51: =((K$125/MAX($K$125:$BC$125))*-($E51/12))*K$97 -> 0 | L51: =((L$125/MAX($K$125:$BC$125))*-($E51/12))*L$97 -> 0 | M51: =((M$125/MAX($K$125:$BC$125))*-($E51/12))*M$97 -> 0 | N51: =((N$125/MAX($K$125:$BC$125))*-($E51/12))*N$97 -> 0 | O51: =((O$125/MAX($K$125:$BC$125))*-($E51/12))*O$97 -> 0 | P51: =((P$125/MAX($K$125:$BC$125))*-($E51/12))*P$97 -> 0 | Q51: =((Q$125/MAX($K$125:$BC$125))*-($E51/12))*Q$97 -> 0 | R51: =((R$125/MAX($K$125:$BC$125))*-($E51/12))*R$97 -> 0 | ... CY51: =((CY$125/MAX($K$125:$BC$125))*-($E51/12))*CY$97 -> 0
I52: =SUM(K52:CY52) -> 0
B53: Total Property Costs | E53: =SUM(E46:E52) -> 1235000 | H53: =B53 -> Total Property Costs | I53: =SUM(K53:CY53) -> -3418309.3 | K53: =SUM(K46:K52) -> 0 | L53: =SUM(L46:L52) -> 0 | M53: =SUM(M46:M52) -> 0 | N53: =SUM(N46:N52) -> 0 | O53: =SUM(O46:O52) -> 0 | P53: =SUM(P46:P52) -> 0 | Q53: =SUM(Q46:Q52) -> 0 | R53: =SUM(R46:R52) -> 0 | ... CY53: =SUM(CY46:CY52) -> 0
B55: Self Management Costs
B57: Cost | C57: Cost | D57: Personel | E57: Per annum
B58: Rental Marketing | C58: 10000 | E58: =C58 -> 10000 | H58: =B58 -> Rental Marketing | I58: =SUM(K58:CY58) -> -25833.333 | K58: =(K29>0)*(-$E$58/12)*K$97 -> 0 | L58: =(L29>0)*-$E$58/12 -> 0 | M58: =(M29>0)*-$E$58/12 -> 0 | N58: =(N29>0)*-$E$58/12 -> 0 | O58: =(O29>0)*-$E$58/12 -> 0 | P58: =(P29>0)*-$E$58/12 -> 0 | Q58: =(Q29>0)*-$E$58/12 -> 0 | R58: =(R29>0)*-$E$58/12 -> 0 | S58: =(S29>0)*-$E$58/12 -> 0 | ... CY58: =(CY29>0)*-$E$58/12 -> 0
B59: Manager / Front of House Payroll | C59: 50000 | D59: 3 | E59: =C59*D59 -> 150000 | H59: =B59 -> Manager / Front of House Payroll | I59: =SUM(K59:CY59) -> -407554.99 | K59: =((K$125/MAX($K$125:$BC$125))*-($E59/12))*K$97 -> 0 | L59: =((L$125/MAX($K$125:$BC$125))*-($E59/12))*L$97 -> 0 | M59: =((M$125/MAX($K$125:$BC$125))*-($E59/12))*M$97 -> 0 | N59: =((N$125/MAX($K$125:$BC$125))*-($E59/12))*N$97 -> 0 | O59: =((O$125/MAX($K$125:$BC$125))*-($E59/12))*O$97 -> 0 | P59: =((P$125/MAX($K$125:$BC$125))*-($E59/12))*P$97 -> 0 | Q59: =((Q$125/MAX($K$125:$BC$125))*-($E59/12))*Q$97 -> 0 | R59: =((R$125/MAX($K$125:$BC$125))*-($E59/12))*R$97 -> 0 | ... CY59: =((CY$125/MAX($K$125:$BC$125))*-($E59/12))*CY$97 -> 0
B60: Asst Manager / Front of House Payroll | C60: 36000 | D60: 4 | E60: =C60*D60 -> 144000 | H60: =B60 -> Asst Manager / Front of House Payroll | I60: =SUM(K60:CY60) -> -391252.79 | K60: =((K$125/MAX($K$125:$BC$125))*-($E60/12))*K$97 -> 0 | L60: =((L$125/MAX($K$125:$BC$125))*-($E60/12))*L$97 -> 0 | M60: =((M$125/MAX($K$125:$BC$125))*-($E60/12))*M$97 -> 0 | N60: =((N$125/MAX($K$125:$BC$125))*-($E60/12))*N$97 -> 0 | O60: =((O$125/MAX($K$125:$BC$125))*-($E60/12))*O$97 -> 0 | P60: =((P$125/MAX($K$125:$BC$125))*-($E60/12))*P$97 -> 0 | Q60: =((Q$125/MAX($K$125:$BC$125))*-($E60/12))*Q$97 -> 0 | R60: =((R$125/MAX($K$125:$BC$125))*-($E60/12))*R$97 -> 0 | ... CY60: =((CY$125/MAX($K$125:$BC$125))*-($E60/12))*CY$97 -> 0
B61: Leasing Agent | C61: 40000 | D61: 3 | E61: =C61*D61 -> 120000 | H61: =B61 -> Leasing Agent | I61: =SUM(K61:CY61) -> -326043.99 | K61: =((K$125/MAX($K$125:$BC$125))*-($E61/12))*K$97 -> 0 | L61: =((L$125/MAX($K$125:$BC$125))*-($E61/12))*L$97 -> 0 | M61: =((M$125/MAX($K$125:$BC$125))*-($E61/12))*M$97 -> 0 | N61: =((N$125/MAX($K$125:$BC$125))*-($E61/12))*N$97 -> 0 | O61: =((O$125/MAX($K$125:$BC$125))*-($E61/12))*O$97 -> 0 | P61: =((P$125/MAX($K$125:$BC$125))*-($E61/12))*P$97 -> 0 | Q61: =((Q$125/MAX($K$125:$BC$125))*-($E61/12))*Q$97 -> 0 | R61: =((R$125/MAX($K$125:$BC$125))*-($E61/12))*R$97 -> 0 | ... CY61: =((CY$125/MAX($K$125:$BC$125))*-($E61/12))*CY$97 -> 0
B62: Senior Maintenance | C62: 45000 | D62: 4 | E62: =C62*D62 -> 180000 | H62: =B62 -> Senior Maintenance | I62: =SUM(K62:CY62) -> -489065.99 | K62: =((K$125/MAX($K$125:$BC$125))*-($E62/12))*K$97 -> 0 | L62: =((L$125/MAX($K$125:$BC$125))*-($E62/12))*L$97 -> 0 | M62: =((M$125/MAX($K$125:$BC$125))*-($E62/12))*M$97 -> 0 | N62: =((N$125/MAX($K$125:$BC$125))*-($E62/12))*N$97 -> 0 | O62: =((O$125/MAX($K$125:$BC$125))*-($E62/12))*O$97 -> 0 | P62: =((P$125/MAX($K$125:$BC$125))*-($E62/12))*P$97 -> 0 | Q62: =((Q$125/MAX($K$125:$BC$125))*-($E62/12))*Q$97 -> 0 | R62: =((R$125/MAX($K$125:$BC$125))*-($E62/12))*R$97 -> 0 | ... CY62: =((CY$125/MAX($K$125:$BC$125))*-($E62/12))*CY$97 -> 0
B63: Assistant Maintenance | C63: 30000 | D63: 6 | E63: =C63*D63 -> 180000 | H63: =B63 -> Assistant Maintenance | I63: =SUM(K63:CY63) -> -489065.99 | K63: =((K$125/MAX($K$125:$BC$125))*-($E63/12))*K$97 -> 0 | L63: =((L$125/MAX($K$125:$BC$125))*-($E63/12))*L$97 -> 0 | M63: =((M$125/MAX($K$125:$BC$125))*-($E63/12))*M$97 -> 0 | N63: =((N$125/MAX($K$125:$BC$125))*-($E63/12))*N$97 -> 0 | O63: =((O$125/MAX($K$125:$BC$125))*-($E63/12))*O$97 -> 0 | P63: =((P$125/MAX($K$125:$BC$125))*-($E63/12))*P$97 -> 0 | Q63: =((Q$125/MAX($K$125:$BC$125))*-($E63/12))*Q$97 -> 0 | R63: =((R$125/MAX($K$125:$BC$125))*-($E63/12))*R$97 -> 0 | ... CY63: =((CY$125/MAX($K$125:$BC$125))*-($E63/12))*CY$97 -> 0
B64: Concierge | C64: 27500 | D64: 4 | E64: =C64*D64 -> 110000 | H64: =B64 -> Concierge | I64: =SUM(K64:CY64) -> -298873.66 | K64: =((K$125/MAX($K$125:$BC$125))*-($E64/12))*K$97 -> 0 | L64: =((L$125/MAX($K$125:$BC$125))*-($E64/12))*L$97 -> 0 | M64: =((M$125/MAX($K$125:$BC$125))*-($E64/12))*M$97 -> 0 | N64: =((N$125/MAX($K$125:$BC$125))*-($E64/12))*N$97 -> 0 | O64: =((O$125/MAX($K$125:$BC$125))*-($E64/12))*O$97 -> 0 | P64: =((P$125/MAX($K$125:$BC$125))*-($E64/12))*P$97 -> 0 | Q64: =((Q$125/MAX($K$125:$BC$125))*-($E64/12))*Q$97 -> 0 | R64: =((R$125/MAX($K$125:$BC$125))*-($E64/12))*R$97 -> 0 | ... CY64: =((CY$125/MAX($K$125:$BC$125))*-($E64/12))*CY$97 -> 0
B65: Initial Letting fee | C65: 500 | E65: =C100*C65 -> 11500 | H65: =B65 -> Initial Letting fee | I65: =SUM(K65:CY65) -> -254105 | K65: =(K2<$C$96)*((K123-J123)*-$C$65+AND(K2>EDATE('Accom_Phase Schedule'!$E$65,12),K2<$C$96)*-$C$100*($C$65/12)*(K$125/MAX($K$125:$BC$125)))*K$97 -> 0 | L65: =(L2<$C$96)*((L123-K123)*-$C$65+AND(L2>EDATE('Accom_Phase Schedule'!$E$65,12),L2<$C$96)*-$C$100*($C$65/12)*(L$125/MAX($K$125:$BC$125)))*L$97 -> 0 | M65: =(M2<$C$96)*((M123-L123)*-$C$65+AND(M2>EDATE('Accom_Phase Schedule'!$E$65,12),M2<$C$96)*-$C$100*($C$65/12)*(M$125/MAX($K$125:$BC$125)))*M$97 -> 0 | N65: =(N2<$C$96)*((N123-M123)*-$C$65+AND(N2>EDATE('Accom_Phase Schedule'!$E$65,12),N2<$C$96)*-$C$100*($C$65/12)*(N$125/MAX($K$125:$BC$125)))*N$97 -> 0 | O65: =(O2<$C$96)*((O123-N123)*-$C$65+AND(O2>EDATE('Accom_Phase Schedule'!$E$65,12),O2<$C$96)*-$C$100*($C$65/12)*(O$125/MAX($K$125:$BC$125)))*O$97 -> 0 | P65: =(P2<$C$96)*((P123-O123)*-$C$65+AND(P2>EDATE('Accom_Phase Schedule'!$E$65,12),P2<$C$96)*-$C$100*($C$65/12)*(P$125/MAX($K$125:$BC$125)))*P$97 -> 0 | Q65: =(Q2<$C$96)*((Q123-P123)*-$C$65+AND(Q2>EDATE('Accom_Phase Schedule'!$E$65,12),Q2<$C$96)*-$C$100*($C$65/12)*(Q$125/MAX($K$125:$BC$125)))*Q$97 -> 0 | R65: =(R2<$C$96)*((R123-Q123)*-$C$65+AND(R2>EDATE('Accom_Phase Schedule'!$E$65,12),R2<$C$96)*-$C$100*($C$65/12)*(R$125/MAX($K$125:$BC$125)))*R$97 -> 0 | ... CY65: =(CY2<$C$96)*((CY123-CX123)*-$C$65+AND(CY2>EDATE('Accom_Phase Schedule'!$E$65,12),CY2<$C$96)*-$C$100*($C$65/12)*(CY$125/MAX($K$125:$BC$125)))*CY$97 -> 0
B66: Software | C66: 20000 | E66: =C66 -> 20000 | H66: =B66 -> Software | I66: =SUM(K66:CY66) -> -56683.333 | K66: =(K29>0)*-($E$66/12)*K$97 -> 0 | L66: =(L29>0)*-($E$66/12)*L$97 -> 0 | M66: =(M29>0)*-($E$66/12)*M$97 -> 0 | N66: =(N29>0)*-($E$66/12)*N$97 -> 0 | O66: =(O29>0)*-($E$66/12)*O$97 -> 0 | P66: =(P29>0)*-($E$66/12)*P$97 -> 0 | Q66: =(Q29>0)*-($E$66/12)*Q$97 -> 0 | R66: =(R29>0)*-($E$66/12)*R$97 -> 0 | ... CY66: =(CY29>0)*-($E$66/12)*CY$97 -> 0
I67: =SUM(K67:CY67) -> 0
B68: Total self Management Cost | E68: =SUM(E58:E67) -> 925500 | H68: =B68 -> Total self Management Cost | I68: =SUM(K68:CY68) -> -2738479.1 | K68: =SUM(K58:K66) -> 0 | L68: =SUM(L58:L66) -> 0 | M68: =SUM(M58:M66) -> 0 | N68: =SUM(N58:N66) -> 0 | O68: =SUM(O58:O66) -> 0 | P68: =SUM(P58:P66) -> 0 | Q68: =SUM(Q58:Q66) -> 0 | R68: =SUM(R58:R66) -> 0 | ... CY68: =SUM(CY58:CY66) -> 0
B70: Management Costs
B72: Total Management Cost | E72: =E41+E53+E68 -> 2217300 | H72: =B72 -> Total Management Cost | I72: =SUM(K72:CY72) -> -6339614.9 | K72: =K68+K53+K41 -> 0 | L72: =L68+L53+L41 -> 0 | M72: =M68+M53+M41 -> 0 | N72: =N68+N53+N41 -> 0 | O72: =O68+O53+O41 -> 0 | P72: =P68+P53+P41 -> 0 | Q72: =Q68+Q53+Q41 -> 0 | R72: =R68+R53+R41 -> 0 | ... CY72: =CY68+CY53+CY41 -> 0
E73: p/a
B74: Cash Flow before Finance | E74: =E29-E72 -> 9521700 | H74: =B74 -> Cash Flow before Finance | I74: =SUM(K74:CY74) -> 23954410 | K74: =K29+K72 -> 0 | L74: =L29+L72 -> 0 | M74: =M29+M72 -> 0 | N74: =N29+N72 -> 0 | O74: =O29+O72 -> 0 | P74: =P29+P72 -> 0 | Q74: =Q29+Q72 -> 0 | R74: =R29+R72 -> 0 | ... CY74: =CY29+CY72 -> 0
B76: Finance
B78: Investment Finance
B80: Loan to Value | C80: =Summary!I17 -> 0.5 | D80: =C80*'Accom_Phase Schedule'!M70 -> 97825000
B81: Interest | C81: =Summary!I18 -> 0.025 | H81: Investment Finance Drawdown | I81: =SUM(J81:CY81) -> 97825000 | K81: =SUMIF('Accom_Phase Schedule'!$E$65:$E$69,K2,'Accom_Phase Schedule'!$N$65:$N$69) -> 0 | L81: =SUMIF('Accom_Phase Schedule'!$E$65:$E$69,L2,'Accom_Phase Schedule'!$N$65:$N$69) -> 0 | M81: =SUMIF('Accom_Phase Schedule'!$E$65:$E$69,M2,'Accom_Phase Schedule'!$N$65:$N$69) -> 0 | N81: =SUMIF('Accom_Phase Schedule'!$E$65:$E$69,N2,'Accom_Phase Schedule'!$N$65:$N$69) -> 0 | O81: =SUMIF('Accom_Phase Schedule'!$E$65:$E$69,O2,'Accom_Phase Schedule'!$N$65:$N$69) -> 0 | P81: =SUMIF('Accom_Phase Schedule'!$E$65:$E$69,P2,'Accom_Phase Schedule'!$N$65:$N$69) -> 0 | Q81: =SUMIF('Accom_Phase Schedule'!$E$65:$E$69,Q2,'Accom_Phase Schedule'!$N$65:$N$69) -> 0 | R81: =SUMIF('Accom_Phase Schedule'!$E$65:$E$69,R2,'Accom_Phase Schedule'!$N$65:$N$69) -> 0 | ... CY81: =SUMIF('Accom_Phase Schedule'!$E$65:$E$69,CY2,'Accom_Phase Schedule'!$N$65:$N$69) -> 0
H82: Beginning Balance | K82: =K81+J86 -> 0 | L82: =L81+K86 -> 0 | M82: =M81+L86 -> 0 | N82: =N81+M86 -> 0 | O82: =O81+N86 -> 0 | P82: =P81+O86 -> 0 | Q82: =Q81+P86 -> 0 | R82: =R81+Q86 -> 0 | ... CY82: =CY81+CX86 -> 0
B83: Amortisation | C83: =Summary!I19 -> 30 | H83: Payment | I83: =SUM(J83:CY83) -> 1.0389759e+08 | K83: =IF(K2=$C$96,K82+K82*((1+$C$81)^(1/12)-1),(K82>0)*-PMT($C$81/12,$C$83*12,K82)) -> 0 | L83: =IF(L2=$C$96,L82+L82*((1+$C$81)^(1/12)-1),(L82>0)*-PMT($C$81/12,$C$83*12,L82)) -> 0 | M83: =IF(M2=$C$96,M82+M82*((1+$C$81)^(1/12)-1),(M82>0)*-PMT($C$81/12,$C$83*12,M82)) -> 0 | N83: =IF(N2=$C$96,N82+N82*((1+$C$81)^(1/12)-1),(N82>0)*-PMT($C$81/12,$C$83*12,N82)) -> 0 | O83: =IF(O2=$C$96,O82+O82*((1+$C$81)^(1/12)-1),(O82>0)*-PMT($C$81/12,$C$83*12,O82)) -> 0 | P83: =IF(P2=$C$96,P82+P82*((1+$C$81)^(1/12)-1),(P82>0)*-PMT($C$81/12,$C$83*12,P82)) -> 0 | Q83: =IF(Q2=$C$96,Q82+Q82*((1+$C$81)^(1/12)-1),(Q82>0)*-PMT($C$81/12,$C$83*12,Q82)) -> 0 | R83: =IF(R2=$C$96,R82+R82*((1+$C$81)^(1/12)-1),(R82>0)*-PMT($C$81/12,$C$83*12,R82)) -> 0 | ... CY83: =IF(CY2=$C$96,CY82+CY82*((1+$C$81)^(1/12)-1),(CY82>0)*-PMT($C$81/12,$C$83*12,CY82)) -> 0
B84: Interest Payment p/a | C84: =D80*C81 -> 2445625 | H84: Interest | I84: =SUM(J84:CY84) -> 6072585.7 | K84: =K82*((1+$C$81)^(1/12)-1) -> 0 | L84: =L82*((1+$C$81)^(1/12)-1) -> 0 | M84: =M82*((1+$C$81)^(1/12)-1) -> 0 | N84: =N82*((1+$C$81)^(1/12)-1) -> 0 | O84: =O82*((1+$C$81)^(1/12)-1) -> 0 | P84: =P82*((1+$C$81)^(1/12)-1) -> 0 | Q84: =Q82*((1+$C$81)^(1/12)-1) -> 0 | R84: =R82*((1+$C$81)^(1/12)-1) -> 0 | ... CY84: =CY82*((1+$C$81)^(1/12)-1) -> 0
B85: Capital payment p/a | C85: =(-PMT(C81/12,C83*12,D80)*12)-C84 -> 2192699.2 | H85: Capital Payment | I85: =SUM(J85:CY85) -> 97825000 | K85: =K83-K84 -> 0 | L85: =L83-L84 -> 0 | M85: =M83-M84 -> 0 | N85: =N83-N84 -> 0 | O85: =O83-O84 -> 0 | P85: =P83-P84 -> 0 | Q85: =Q83-Q84 -> 0 | R85: =R83-R84 -> 0 | ... CY85: =CY83-CY84 -> 0
B86: Stabilised NOI | C86: =E74-C84-C85 -> 4883375.8 | H86: Ending Balance | K86: =K82-K85 -> 0 | L86: =L82-L85 -> 0 | M86: =M82-M85 -> 0 | N86: =N82-N85 -> 0 | O86: =O82-O85 -> 0 | P86: =P82-P85 -> 0 | Q86: =Q82-Q85 -> 0 | R86: =R82-R85 -> 0 | ... CY86: =CY82-CY85 -> 0
B87: DSCR | C87: =E74/SUM(C84:C85) -> 2.0528319
B89: Cash Flow After Finance
B91: CFAF | E91: =E74-C84-C85 -> 4883375.8 | H91: CFAF | I91: =SUM(J91:BC91) -> 1.0555533e+08 | K91: =K29+K72+K81-K83 -> 0 | L91: =L29+L72+L81-L83 -> 0 | M91: =M29+M72+M81-M83 -> 0 | N91: =N29+N72+N81-N83 -> 0 | O91: =O29+O72+O81-O83 -> 0 | P91: =P29+P72+P81-P83 -> 0 | Q91: =Q29+Q72+Q81-Q83 -> 0 | R91: =R29+R72+R81-R83 -> 0 | ... CY91: =CY29+CY72+CY81-CY83 -> 0
B93: Rental Growth and Vacancy
B95: Rental Growth | C95: =Summary!I12 -> 0.03 | D95: per annum | H95: Year | K95: 1 | L95: 1 | M95: 1 | N95: 1 | O95: 1 | P95: 1 | Q95: 1 | R95: 1 | S95: 1 | T95: 1 | U95: 1 | V95: 1 | W95: 2 | X95: 2 | Y95: 2 | Z95: 2 | AA95: 2 | AB95: 2 | AC95: 2 | AD95: 2 | AE95: 2 | AF95: 2 | AG95: 2 | AH95: 2 | AI95: 3 | AJ95: 3 | AK95: 3 | AL95: 3 | AM95: 3 | AN95: 3 | AO95: 3 | AP95: 3 | AQ95: 3 | AR95: 3 | AS95: 3 | AT95: 3 | AU95: 3 | AV95: 4 | AW95: 4 | AX95: 4 | AY95: 4 | AZ95: 4 | BA95: 4 | BB95: 4 | BC95: 4 | BD95: 4 | BE95: 4 | BF95: 4 | BG95: 4 | BH95: 5 | BI95: 5 | BJ95: 5 | BK95: 5 | BL95: 5 | BM95: 5 | BN95: 5 | BO95: 5 | BP95: 5 | BQ95: 5 | BR95: 5 | BS95: 5 | BT95: 6 | BU95: 6 | BV95: 6 | BW95: 6 | BX95: 6 | BY95: 6 | BZ95: 6 | CA95: 6 | CB95: 6 | CC95: 6 | CD95: 6 | CE95: 6 | CF95: 7 | CG95: 7 | CH95: 7 | CI95: 7 | CJ95: 7 | CK95: 7 | CL95: 7 | CM95: 7 | CN95: 7 | CO95: 7 | CP95: 7 | CQ95: 7 | CR95: 8 | CS95: 8 | CT95: 8 | CU95: 8 | CV95: 8 | CW95: 8 | CX95: 8 | CY95: 8
B96: Sale Date | C96: =Summary!I13 -> 45839 | H96: Rental Growth | K96: =IF(K95>J95,1+$C$95*(K95-1),J96) -> 1 | L96: =IF(L95>K95,1+$C$95*(L95-1),K96) -> 1 | M96: =IF(M95>L95,1+$C$95*(M95-1),L96) -> 1 | N96: =IF(N95>M95,1+$C$95*(N95-1),M96) -> 1 | O96: =IF(O95>N95,1+$C$95*(O95-1),N96) -> 1 | P96: =IF(P95>O95,1+$C$95*(P95-1),O96) -> 1 | Q96: =IF(Q95>P95,1+$C$95*(Q95-1),P96) -> 1 | R96: =IF(R95>Q95,1+$C$95*(R95-1),Q96) -> 1 | ... CY96: =IF(CY95>CX95,1+$C$95*(CY95-1),CX96) -> 1.21
B97: Lease Up | C97: 4 | D97: per phase | H97: Management Cost Growth | K97: =IF(K95>J95,1+$C$103*(K95-1),J97) -> 1 | L97: =IF(L95>K95,1+$C$103*(L95-1),K97) -> 1 | M97: =IF(M95>L95,1+$C$103*(M95-1),L97) -> 1 | N97: =IF(N95>M95,1+$C$103*(N95-1),M97) -> 1 | O97: =IF(O95>N95,1+$C$103*(O95-1),N97) -> 1 | P97: =IF(P95>O95,1+$C$103*(P95-1),O97) -> 1 | Q97: =IF(Q95>P95,1+$C$103*(Q95-1),P97) -> 1 | R97: =IF(R95>Q95,1+$C$103*(R95-1),Q97) -> 1 | ... CY97: =IF(CY95>CX95,1+$C$103*(CY95-1),CX97) -> 1.245
B99: Cost | D99: Measurement | E99: Assumption | H99: Phase 1 Term | K99: =(K$2<=$C$96)*IFERROR(DATEDIF('Accom_Phase Schedule'!$E65,K$2,"y")+1,0) -> 0 | L99: =(L$2<=$C$96)*IFERROR(DATEDIF('Accom_Phase Schedule'!$E65,L$2,"y")+1,0) -> 0 | M99: =(M$2<=$C$96)*IFERROR(DATEDIF('Accom_Phase Schedule'!$E65,M$2,"y")+1,0) -> 0 | N99: =(N$2<=$C$96)*IFERROR(DATEDIF('Accom_Phase Schedule'!$E65,N$2,"y")+1,0) -> 0 | O99: =(O$2<=$C$96)*IFERROR(DATEDIF('Accom_Phase Schedule'!$E65,O$2,"y")+1,0) -> 0 | P99: =(P$2<=$C$96)*IFERROR(DATEDIF('Accom_Phase Schedule'!$E65,P$2,"y")+1,0) -> 0 | Q99: =(Q$2<=$C$96)*IFERROR(DATEDIF('Accom_Phase Schedule'!$E65,Q$2,"y")+1,0) -> 0 | R99: =(R$2<=$C$96)*IFERROR(DATEDIF('Accom_Phase Schedule'!$E65,R$2,"y")+1,0) -> 0 | ... CY99: =(CY$2<=$C$96)*IFERROR(DATEDIF('Accom_Phase Schedule'!$E65,CY$2,"y")+1,0) -> 0
B100: Lease breaks | C100: =ROUND(E100*'Accom_Phase Schedule'!J45,0) -> 23 | D100: per annum | E100: 0.05 | H100: Phase 2 Term | K100: =(K$2<=$C$96)*IFERROR(DATEDIF('Accom_Phase Schedule'!$E66,K$2,"y")+1,0) -> 0 | L100: =(L$2<=$C$96)*IFERROR(DATEDIF('Accom_Phase Schedule'!$E66,L$2,"y")+1,0) -> 0 | M100: =(M$2<=$C$96)*IFERROR(DATEDIF('Accom_Phase Schedule'!$E66,M$2,"y")+1,0) -> 0 | N100: =(N$2<=$C$96)*IFERROR(DATEDIF('Accom_Phase Schedule'!$E66,N$2,"y")+1,0) -> 0 | O100: =(O$2<=$C$96)*IFERROR(DATEDIF('Accom_Phase Schedule'!$E66,O$2,"y")+1,0) -> 0 | P100: =(P$2<=$C$96)*IFERROR(DATEDIF('Accom_Phase Schedule'!$E66,P$2,"y")+1,0) -> 0 | Q100: =(Q$2<=$C$96)*IFERROR(DATEDIF('Accom_Phase Schedule'!$E66,Q$2,"y")+1,0) -> 0 | R100: =(R$2<=$C$96)*IFERROR(DATEDIF('Accom_Phase Schedule'!$E66,R$2,"y")+1,0) -> 0 | ... CY100: =(CY$2<=$C$96)*IFERROR(DATEDIF('Accom_Phase Schedule'!$E66,CY$2,"y")+1,0) -> 0
B101: Weeks to re-let | E101: 3 | H101: Phase 3 Term | K101: =(K$2<=$C$96)*IFERROR(DATEDIF('Accom_Phase Schedule'!$E67,K$2,"y")+1,0) -> 0 | L101: =(L$2<=$C$96)*IFERROR(DATEDIF('Accom_Phase Schedule'!$E67,L$2,"y")+1,0) -> 0 | M101: =(M$2<=$C$96)*IFERROR(DATEDIF('Accom_Phase Schedule'!$E67,M$2,"y")+1,0) -> 0 | N101: =(N$2<=$C$96)*IFERROR(DATEDIF('Accom_Phase Schedule'!$E67,N$2,"y")+1,0) -> 0 | O101: =(O$2<=$C$96)*IFERROR(DATEDIF('Accom_Phase Schedule'!$E67,O$2,"y")+1,0) -> 0 | P101: =(P$2<=$C$96)*IFERROR(DATEDIF('Accom_Phase Schedule'!$E67,P$2,"y")+1,0) -> 0 | Q101: =(Q$2<=$C$96)*IFERROR(DATEDIF('Accom_Phase Schedule'!$E67,Q$2,"y")+1,0) -> 0 | R101: =(R$2<=$C$96)*IFERROR(DATEDIF('Accom_Phase Schedule'!$E67,R$2,"y")+1,0) -> 0 | ... CY101: =(CY$2<=$C$96)*IFERROR(DATEDIF('Accom_Phase Schedule'!$E67,CY$2,"y")+1,0) -> 0
B102: General Vacancy | C102: =ROUNDUP(E102*'Accom_Phase Schedule'!$D$45,0) -> 10 | D102: per annum | E102: 0.02 | H102: Phase 4 Term | K102: =(K$2<=$C$96)*IFERROR(DATEDIF('Accom_Phase Schedule'!$E68,K$2,"y")+1,0) -> 0 | L102: =(L$2<=$C$96)*IFERROR(DATEDIF('Accom_Phase Schedule'!$E68,L$2,"y")+1,0) -> 0 | M102: =(M$2<=$C$96)*IFERROR(DATEDIF('Accom_Phase Schedule'!$E68,M$2,"y")+1,0) -> 0 | N102: =(N$2<=$C$96)*IFERROR(DATEDIF('Accom_Phase Schedule'!$E68,N$2,"y")+1,0) -> 0 | O102: =(O$2<=$C$96)*IFERROR(DATEDIF('Accom_Phase Schedule'!$E68,O$2,"y")+1,0) -> 0 | P102: =(P$2<=$C$96)*IFERROR(DATEDIF('Accom_Phase Schedule'!$E68,P$2,"y")+1,0) -> 0 | Q102: =(Q$2<=$C$96)*IFERROR(DATEDIF('Accom_Phase Schedule'!$E68,Q$2,"y")+1,0) -> 0 | R102: =(R$2<=$C$96)*IFERROR(DATEDIF('Accom_Phase Schedule'!$E68,R$2,"y")+1,0) -> 0 | ... CY102: =(CY$2<=$C$96)*IFERROR(DATEDIF('Accom_Phase Schedule'!$E68,CY$2,"y")+1,0) -> 0
B103: Management Cost Growth | C103: 0.035 | D103: per annum | H103: Phase 5 Term | K103: =(K$2<=$C$96)*IFERROR(DATEDIF('Accom_Phase Schedule'!$E69,K$2,"y")+1,0) -> 0 | L103: =(L$2<=$C$96)*IFERROR(DATEDIF('Accom_Phase Schedule'!$E69,L$2,"y")+1,0) -> 0 | M103: =(M$2<=$C$96)*IFERROR(DATEDIF('Accom_Phase Schedule'!$E69,M$2,"y")+1,0) -> 0 | N103: =(N$2<=$C$96)*IFERROR(DATEDIF('Accom_Phase Schedule'!$E69,N$2,"y")+1,0) -> 0 | O103: =(O$2<=$C$96)*IFERROR(DATEDIF('Accom_Phase Schedule'!$E69,O$2,"y")+1,0) -> 0 | P103: =(P$2<=$C$96)*IFERROR(DATEDIF('Accom_Phase Schedule'!$E69,P$2,"y")+1,0) -> 0 | Q103: =(Q$2<=$C$96)*IFERROR(DATEDIF('Accom_Phase Schedule'!$E69,Q$2,"y")+1,0) -> 0 | R103: =(R$2<=$C$96)*IFERROR(DATEDIF('Accom_Phase Schedule'!$E69,R$2,"y")+1,0) -> 0 | ... CY103: =(CY$2<=$C$96)*IFERROR(DATEDIF('Accom_Phase Schedule'!$E69,CY$2,"y")+1,0) -> 0
H105: Phase 1 Actual Rent | K105: =(K$2<=$C$96)*IF(K99>J99,K$96,J105) -> 0 | L105: =(L$2<=$C$96)*IF(L99>K99,L$96,K105) -> 0 | M105: =(M$2<=$C$96)*IF(M99>L99,M$96,L105) -> 0 | N105: =(N$2<=$C$96)*IF(N99>M99,N$96,M105) -> 0 | O105: =(O$2<=$C$96)*IF(O99>N99,O$96,N105) -> 0 | P105: =(P$2<=$C$96)*IF(P99>O99,P$96,O105) -> 0 | Q105: =(Q$2<=$C$96)*IF(Q99>P99,Q$96,P105) -> 0 | R105: =(R$2<=$C$96)*IF(R99>Q99,R$96,Q105) -> 0 | ... CY105: =(CY$2<=$C$96)*IF(CY99>CX99,CY$96,CX105) -> 0
H106: Phase 2 Actual Rent | K106: =(K$2<=$C$96)*IF(K100>J100,K$96,J106) -> 0 | L106: =(L$2<=$C$96)*IF(L100>K100,L$96,K106) -> 0 | M106: =(M$2<=$C$96)*IF(M100>L100,M$96,L106) -> 0 | N106: =(N$2<=$C$96)*IF(N100>M100,N$96,M106) -> 0 | O106: =(O$2<=$C$96)*IF(O100>N100,O$96,N106) -> 0 | P106: =(P$2<=$C$96)*IF(P100>O100,P$96,O106) -> 0 | Q106: =(Q$2<=$C$96)*IF(Q100>P100,Q$96,P106) -> 0 | R106: =(R$2<=$C$96)*IF(R100>Q100,R$96,Q106) -> 0 | ... CY106: =(CY$2<=$C$96)*IF(CY100>CX100,CY$96,CX106) -> 0
H107: Phase 3 Actual Rent | K107: =(K$2<=$C$96)*IF(K101>J101,K$96,J107) -> 0 | L107: =(L$2<=$C$96)*IF(L101>K101,L$96,K107) -> 0 | M107: =(M$2<=$C$96)*IF(M101>L101,M$96,L107) -> 0 | N107: =(N$2<=$C$96)*IF(N101>M101,N$96,M107) -> 0 | O107: =(O$2<=$C$96)*IF(O101>N101,O$96,N107) -> 0 | P107: =(P$2<=$C$96)*IF(P101>O101,P$96,O107) -> 0 | Q107: =(Q$2<=$C$96)*IF(Q101>P101,Q$96,P107) -> 0 | R107: =(R$2<=$C$96)*IF(R101>Q101,R$96,Q107) -> 0 | ... CY107: =(CY$2<=$C$96)*IF(CY101>CX101,CY$96,CX107) -> 0
H108: Phase 4 Actual Rent | K108: =(K$2<=$C$96)*IF(K102>J102,K$96,J108) -> 0 | L108: =(L$2<=$C$96)*IF(L102>K102,L$96,K108) -> 0 | M108: =(M$2<=$C$96)*IF(M102>L102,M$96,L108) -> 0 | N108: =(N$2<=$C$96)*IF(N102>M102,N$96,M108) -> 0 | O108: =(O$2<=$C$96)*IF(O102>N102,O$96,N108) -> 0 | P108: =(P$2<=$C$96)*IF(P102>O102,P$96,O108) -> 0 | Q108: =(Q$2<=$C$96)*IF(Q102>P102,Q$96,P108) -> 0 | R108: =(R$2<=$C$96)*IF(R102>Q102,R$96,Q108) -> 0 | ... CY108: =(CY$2<=$C$96)*IF(CY102>CX102,CY$96,CX108) -> 0
H109: Phase 5 Actual Rent | K109: =(K$2<=$C$96)*IF(K103>J103,K$96,J109) -> 0 | L109: =(L$2<=$C$96)*IF(L103>K103,L$96,K109) -> 0 | M109: =(M$2<=$C$96)*IF(M103>L103,M$96,L109) -> 0 | N109: =(N$2<=$C$96)*IF(N103>M103,N$96,M109) -> 0 | O109: =(O$2<=$C$96)*IF(O103>N103,O$96,N109) -> 0 | P109: =(P$2<=$C$96)*IF(P103>O103,P$96,O109) -> 0 | Q109: =(Q$2<=$C$96)*IF(Q103>P103,Q$96,P109) -> 0 | R109: =(R$2<=$C$96)*IF(R103>Q103,R$96,Q109) -> 0 | ... CY109: =(CY$2<=$C$96)*IF(CY103>CX103,CY$96,CX109) -> 0
H111: Phase 1 Private Take Up | K111: =(AND(K$2>='Accom_Phase Schedule'!$E65,K$2<=$C$96))*MIN('Accom_Phase Schedule'!$G65+J111,'Accom_Phase Schedule'!$C65-'Accom_Phase Schedule'!$H65) -> 0 | L111: =(AND(L$2>='Accom_Phase Schedule'!$E65,L$2<=$C$96))*MIN('Accom_Phase Schedule'!$G65+K111,'Accom_Phase Schedule'!$C65-'Accom_Phase Schedule'!$H65) -> 0 | M111: =(AND(M$2>='Accom_Phase Schedule'!$E65,M$2<=$C$96))*MIN('Accom_Phase Schedule'!$G65+L111,'Accom_Phase Schedule'!$C65-'Accom_Phase Schedule'!$H65) -> 0 | N111: =(AND(N$2>='Accom_Phase Schedule'!$E65,N$2<=$C$96))*MIN('Accom_Phase Schedule'!$G65+M111,'Accom_Phase Schedule'!$C65-'Accom_Phase Schedule'!$H65) -> 0 | O111: =(AND(O$2>='Accom_Phase Schedule'!$E65,O$2<=$C$96))*MIN('Accom_Phase Schedule'!$G65+N111,'Accom_Phase Schedule'!$C65-'Accom_Phase Schedule'!$H65) -> 0 | P111: =(AND(P$2>='Accom_Phase Schedule'!$E65,P$2<=$C$96))*MIN('Accom_Phase Schedule'!$G65+O111,'Accom_Phase Schedule'!$C65-'Accom_Phase Schedule'!$H65) -> 0 | Q111: =(AND(Q$2>='Accom_Phase Schedule'!$E65,Q$2<=$C$96))*MIN('Accom_Phase Schedule'!$G65+P111,'Accom_Phase Schedule'!$C65-'Accom_Phase Schedule'!$H65) -> 0 | R111: =(AND(R$2>='Accom_Phase Schedule'!$E65,R$2<=$C$96))*MIN('Accom_Phase Schedule'!$G65+Q111,'Accom_Phase Schedule'!$C65-'Accom_Phase Schedule'!$H65) -> 0 | ... CY111: =(AND(CY$2>='Accom_Phase Schedule'!$E65,CY$2<=$C$96))*MIN('Accom_Phase Schedule'!$G65+CX111,'Accom_Phase Schedule'!$C65-'Accom_Phase Schedule'!$H65) -> 0
H112: Phase 2 Private Take Up | K112: =(AND(K$2>='Accom_Phase Schedule'!$E66,K$2<=$C$96))*MIN('Accom_Phase Schedule'!$G66+J112,'Accom_Phase Schedule'!$C66-'Accom_Phase Schedule'!$H66) -> 0 | L112: =(AND(L$2>='Accom_Phase Schedule'!$E66,L$2<=$C$96))*MIN('Accom_Phase Schedule'!$G66+K112,'Accom_Phase Schedule'!$C66-'Accom_Phase Schedule'!$H66) -> 0 | M112: =(AND(M$2>='Accom_Phase Schedule'!$E66,M$2<=$C$96))*MIN('Accom_Phase Schedule'!$G66+L112,'Accom_Phase Schedule'!$C66-'Accom_Phase Schedule'!$H66) -> 0 | N112: =(AND(N$2>='Accom_Phase Schedule'!$E66,N$2<=$C$96))*MIN('Accom_Phase Schedule'!$G66+M112,'Accom_Phase Schedule'!$C66-'Accom_Phase Schedule'!$H66) -> 0 | O112: =(AND(O$2>='Accom_Phase Schedule'!$E66,O$2<=$C$96))*MIN('Accom_Phase Schedule'!$G66+N112,'Accom_Phase Schedule'!$C66-'Accom_Phase Schedule'!$H66) -> 0 | P112: =(AND(P$2>='Accom_Phase Schedule'!$E66,P$2<=$C$96))*MIN('Accom_Phase Schedule'!$G66+O112,'Accom_Phase Schedule'!$C66-'Accom_Phase Schedule'!$H66) -> 0 | Q112: =(AND(Q$2>='Accom_Phase Schedule'!$E66,Q$2<=$C$96))*MIN('Accom_Phase Schedule'!$G66+P112,'Accom_Phase Schedule'!$C66-'Accom_Phase Schedule'!$H66) -> 0 | R112: =(AND(R$2>='Accom_Phase Schedule'!$E66,R$2<=$C$96))*MIN('Accom_Phase Schedule'!$G66+Q112,'Accom_Phase Schedule'!$C66-'Accom_Phase Schedule'!$H66) -> 0 | ... CY112: =(AND(CY$2>='Accom_Phase Schedule'!$E66,CY$2<=$C$96))*MIN('Accom_Phase Schedule'!$G66+CX112,'Accom_Phase Schedule'!$C66-'Accom_Phase Schedule'!$H66) -> 0
H113: Phase 3 Private Take Up | K113: =(AND(K$2>='Accom_Phase Schedule'!$E67,K$2<=$C$96))*MIN('Accom_Phase Schedule'!$G67+J113,'Accom_Phase Schedule'!$C67-'Accom_Phase Schedule'!$H67) -> 0 | L113: =(AND(L$2>='Accom_Phase Schedule'!$E67,L$2<=$C$96))*MIN('Accom_Phase Schedule'!$G67+K113,'Accom_Phase Schedule'!$C67-'Accom_Phase Schedule'!$H67) -> 0 | M113: =(AND(M$2>='Accom_Phase Schedule'!$E67,M$2<=$C$96))*MIN('Accom_Phase Schedule'!$G67+L113,'Accom_Phase Schedule'!$C67-'Accom_Phase Schedule'!$H67) -> 0 | N113: =(AND(N$2>='Accom_Phase Schedule'!$E67,N$2<=$C$96))*MIN('Accom_Phase Schedule'!$G67+M113,'Accom_Phase Schedule'!$C67-'Accom_Phase Schedule'!$H67) -> 0 | O113: =(AND(O$2>='Accom_Phase Schedule'!$E67,O$2<=$C$96))*MIN('Accom_Phase Schedule'!$G67+N113,'Accom_Phase Schedule'!$C67-'Accom_Phase Schedule'!$H67) -> 0 | P113: =(AND(P$2>='Accom_Phase Schedule'!$E67,P$2<=$C$96))*MIN('Accom_Phase Schedule'!$G67+O113,'Accom_Phase Schedule'!$C67-'Accom_Phase Schedule'!$H67) -> 0 | Q113: =(AND(Q$2>='Accom_Phase Schedule'!$E67,Q$2<=$C$96))*MIN('Accom_Phase Schedule'!$G67+P113,'Accom_Phase Schedule'!$C67-'Accom_Phase Schedule'!$H67) -> 0 | R113: =(AND(R$2>='Accom_Phase Schedule'!$E67,R$2<=$C$96))*MIN('Accom_Phase Schedule'!$G67+Q113,'Accom_Phase Schedule'!$C67-'Accom_Phase Schedule'!$H67) -> 0 | ... CY113: =(AND(CY$2>='Accom_Phase Schedule'!$E67,CY$2<=$C$96))*MIN('Accom_Phase Schedule'!$G67+CX113,'Accom_Phase Schedule'!$C67-'Accom_Phase Schedule'!$H67) -> 0
H114: Phase 4 Private Take Up | K114: =(AND(K$2>='Accom_Phase Schedule'!$E68,K$2<=$C$96))*MIN('Accom_Phase Schedule'!$G68+J114,'Accom_Phase Schedule'!$C68-'Accom_Phase Schedule'!$H68) -> 0 | L114: =(AND(L$2>='Accom_Phase Schedule'!$E68,L$2<=$C$96))*MIN('Accom_Phase Schedule'!$G68+K114,'Accom_Phase Schedule'!$C68-'Accom_Phase Schedule'!$H68) -> 0 | M114: =(AND(M$2>='Accom_Phase Schedule'!$E68,M$2<=$C$96))*MIN('Accom_Phase Schedule'!$G68+L114,'Accom_Phase Schedule'!$C68-'Accom_Phase Schedule'!$H68) -> 0 | N114: =(AND(N$2>='Accom_Phase Schedule'!$E68,N$2<=$C$96))*MIN('Accom_Phase Schedule'!$G68+M114,'Accom_Phase Schedule'!$C68-'Accom_Phase Schedule'!$H68) -> 0 | O114: =(AND(O$2>='Accom_Phase Schedule'!$E68,O$2<=$C$96))*MIN('Accom_Phase Schedule'!$G68+N114,'Accom_Phase Schedule'!$C68-'Accom_Phase Schedule'!$H68) -> 0 | P114: =(AND(P$2>='Accom_Phase Schedule'!$E68,P$2<=$C$96))*MIN('Accom_Phase Schedule'!$G68+O114,'Accom_Phase Schedule'!$C68-'Accom_Phase Schedule'!$H68) -> 0 | Q114: =(AND(Q$2>='Accom_Phase Schedule'!$E68,Q$2<=$C$96))*MIN('Accom_Phase Schedule'!$G68+P114,'Accom_Phase Schedule'!$C68-'Accom_Phase Schedule'!$H68) -> 0 | R114: =(AND(R$2>='Accom_Phase Schedule'!$E68,R$2<=$C$96))*MIN('Accom_Phase Schedule'!$G68+Q114,'Accom_Phase Schedule'!$C68-'Accom_Phase Schedule'!$H68) -> 0 | ... CY114: =(AND(CY$2>='Accom_Phase Schedule'!$E68,CY$2<=$C$96))*MIN('Accom_Phase Schedule'!$G68+CX114,'Accom_Phase Schedule'!$C68-'Accom_Phase Schedule'!$H68) -> 0
H115: Phase 5 Private Take Up | K115: =(AND(K$2>='Accom_Phase Schedule'!$E69,K$2<=$C$96))*MIN('Accom_Phase Schedule'!$G69+J115,'Accom_Phase Schedule'!$C69-'Accom_Phase Schedule'!$H69) -> 0 | L115: =(AND(L$2>='Accom_Phase Schedule'!$E69,L$2<=$C$96))*MIN('Accom_Phase Schedule'!$G69+K115,'Accom_Phase Schedule'!$C69-'Accom_Phase Schedule'!$H69) -> 0 | M115: =(AND(M$2>='Accom_Phase Schedule'!$E69,M$2<=$C$96))*MIN('Accom_Phase Schedule'!$G69+L115,'Accom_Phase Schedule'!$C69-'Accom_Phase Schedule'!$H69) -> 0 | N115: =(AND(N$2>='Accom_Phase Schedule'!$E69,N$2<=$C$96))*MIN('Accom_Phase Schedule'!$G69+M115,'Accom_Phase Schedule'!$C69-'Accom_Phase Schedule'!$H69) -> 0 | O115: =(AND(O$2>='Accom_Phase Schedule'!$E69,O$2<=$C$96))*MIN('Accom_Phase Schedule'!$G69+N115,'Accom_Phase Schedule'!$C69-'Accom_Phase Schedule'!$H69) -> 0 | P115: =(AND(P$2>='Accom_Phase Schedule'!$E69,P$2<=$C$96))*MIN('Accom_Phase Schedule'!$G69+O115,'Accom_Phase Schedule'!$C69-'Accom_Phase Schedule'!$H69) -> 0 | Q115: =(AND(Q$2>='Accom_Phase Schedule'!$E69,Q$2<=$C$96))*MIN('Accom_Phase Schedule'!$G69+P115,'Accom_Phase Schedule'!$C69-'Accom_Phase Schedule'!$H69) -> 0 | R115: =(AND(R$2>='Accom_Phase Schedule'!$E69,R$2<=$C$96))*MIN('Accom_Phase Schedule'!$G69+Q115,'Accom_Phase Schedule'!$C69-'Accom_Phase Schedule'!$H69) -> 0 | ... CY115: =(AND(CY$2>='Accom_Phase Schedule'!$E69,CY$2<=$C$96))*MIN('Accom_Phase Schedule'!$G69+CX115,'Accom_Phase Schedule'!$C69-'Accom_Phase Schedule'!$H69) -> 0
H117: Phase 1 Private Occupancy | K117: =IFERROR((K111/'Accom_Phase Schedule'!$C65)-(AND(K99>J99,K99>1))*($E$101/52)*12*$E$100,0) -> 0 | L117: =IFERROR((L111/'Accom_Phase Schedule'!$C65)-(AND(L99>K99,L99>1))*($E$101/52)*12*$E$100,0) -> 0 | M117: =IFERROR((M111/'Accom_Phase Schedule'!$C65)-(AND(M99>L99,M99>1))*($E$101/52)*12*$E$100,0) -> 0 | N117: =IFERROR((N111/'Accom_Phase Schedule'!$C65)-(AND(N99>M99,N99>1))*($E$101/52)*12*$E$100,0) -> 0 | O117: =IFERROR((O111/'Accom_Phase Schedule'!$C65)-(AND(O99>N99,O99>1))*($E$101/52)*12*$E$100,0) -> 0 | P117: =IFERROR((P111/'Accom_Phase Schedule'!$C65)-(AND(P99>O99,P99>1))*($E$101/52)*12*$E$100,0) -> 0 | Q117: =IFERROR((Q111/'Accom_Phase Schedule'!$C65)-(AND(Q99>P99,Q99>1))*($E$101/52)*12*$E$100,0) -> 0 | R117: =IFERROR((R111/'Accom_Phase Schedule'!$C65)-(AND(R99>Q99,R99>1))*($E$101/52)*12*$E$100,0) -> 0 | ... CY117: =IFERROR((CY111/'Accom_Phase Schedule'!$C65)-(AND(CY99>CX99,CY99>1))*($E$101/52)*12*$E$100,0) -> 0
H118: Phase 2 Private Occupancy | K118: =IFERROR((K112/'Accom_Phase Schedule'!$C66)-(AND(K100>J100,K100>1))*($E$101/52)*12*$E$100,0) -> 0 | L118: =IFERROR((L112/'Accom_Phase Schedule'!$C66)-(AND(L100>K100,L100>1))*($E$101/52)*12*$E$100,0) -> 0 | M118: =IFERROR((M112/'Accom_Phase Schedule'!$C66)-(AND(M100>L100,M100>1))*($E$101/52)*12*$E$100,0) -> 0 | N118: =IFERROR((N112/'Accom_Phase Schedule'!$C66)-(AND(N100>M100,N100>1))*($E$101/52)*12*$E$100,0) -> 0 | O118: =IFERROR((O112/'Accom_Phase Schedule'!$C66)-(AND(O100>N100,O100>1))*($E$101/52)*12*$E$100,0) -> 0 | P118: =IFERROR((P112/'Accom_Phase Schedule'!$C66)-(AND(P100>O100,P100>1))*($E$101/52)*12*$E$100,0) -> 0 | Q118: =IFERROR((Q112/'Accom_Phase Schedule'!$C66)-(AND(Q100>P100,Q100>1))*($E$101/52)*12*$E$100,0) -> 0 | R118: =IFERROR((R112/'Accom_Phase Schedule'!$C66)-(AND(R100>Q100,R100>1))*($E$101/52)*12*$E$100,0) -> 0 | ... CY118: =IFERROR((CY112/'Accom_Phase Schedule'!$C66)-(AND(CY100>CX100,CY100>1))*($E$101/52)*12*$E$100,0) -> 0
H119: Phase 3 Private Occupancy | K119: =IFERROR((K113/'Accom_Phase Schedule'!$C67)-(AND(K101>J101,K101>1))*($E$101/52)*12*$E$100,0) -> 0 | L119: =IFERROR((L113/'Accom_Phase Schedule'!$C67)-(AND(L101>K101,L101>1))*($E$101/52)*12*$E$100,0) -> 0 | M119: =IFERROR((M113/'Accom_Phase Schedule'!$C67)-(AND(M101>L101,M101>1))*($E$101/52)*12*$E$100,0) -> 0 | N119: =IFERROR((N113/'Accom_Phase Schedule'!$C67)-(AND(N101>M101,N101>1))*($E$101/52)*12*$E$100,0) -> 0 | O119: =IFERROR((O113/'Accom_Phase Schedule'!$C67)-(AND(O101>N101,O101>1))*($E$101/52)*12*$E$100,0) -> 0 | P119: =IFERROR((P113/'Accom_Phase Schedule'!$C67)-(AND(P101>O101,P101>1))*($E$101/52)*12*$E$100,0) -> 0 | Q119: =IFERROR((Q113/'Accom_Phase Schedule'!$C67)-(AND(Q101>P101,Q101>1))*($E$101/52)*12*$E$100,0) -> 0 | R119: =IFERROR((R113/'Accom_Phase Schedule'!$C67)-(AND(R101>Q101,R101>1))*($E$101/52)*12*$E$100,0) -> 0 | ... CY119: =IFERROR((CY113/'Accom_Phase Schedule'!$C67)-(AND(CY101>CX101,CY101>1))*($E$101/52)*12*$E$100,0) -> 0
H120: Phase 4 Private Occupancy | K120: =IFERROR((K114/'Accom_Phase Schedule'!$C68)-(AND(K102>J102,K102>1))*($E$101/52)*12*$E$100,0) -> 0 | L120: =IFERROR((L114/'Accom_Phase Schedule'!$C68)-(AND(L102>K102,L102>1))*($E$101/52)*12*$E$100,0) -> 0 | M120: =IFERROR((M114/'Accom_Phase Schedule'!$C68)-(AND(M102>L102,M102>1))*($E$101/52)*12*$E$100,0) -> 0 | N120: =IFERROR((N114/'Accom_Phase Schedule'!$C68)-(AND(N102>M102,N102>1))*($E$101/52)*12*$E$100,0) -> 0 | O120: =IFERROR((O114/'Accom_Phase Schedule'!$C68)-(AND(O102>N102,O102>1))*($E$101/52)*12*$E$100,0) -> 0 | P120: =IFERROR((P114/'Accom_Phase Schedule'!$C68)-(AND(P102>O102,P102>1))*($E$101/52)*12*$E$100,0) -> 0 | Q120: =IFERROR((Q114/'Accom_Phase Schedule'!$C68)-(AND(Q102>P102,Q102>1))*($E$101/52)*12*$E$100,0) -> 0 | R120: =IFERROR((R114/'Accom_Phase Schedule'!$C68)-(AND(R102>Q102,R102>1))*($E$101/52)*12*$E$100,0) -> 0 | ... CY120: =IFERROR((CY114/'Accom_Phase Schedule'!$C68)-(AND(CY102>CX102,CY102>1))*($E$101/52)*12*$E$100,0) -> 0
H121: Phase 5 Private Occupancy | K121: =IFERROR((K115/'Accom_Phase Schedule'!$C69)-(AND(K103>J103,K103>1))*($E$101/52)*12*$E$100,0) -> 0 | L121: =IFERROR((L115/'Accom_Phase Schedule'!$C69)-(AND(L103>K103,L103>1))*($E$101/52)*12*$E$100,0) -> 0 | M121: =IFERROR((M115/'Accom_Phase Schedule'!$C69)-(AND(M103>L103,M103>1))*($E$101/52)*12*$E$100,0) -> 0 | N121: =IFERROR((N115/'Accom_Phase Schedule'!$C69)-(AND(N103>M103,N103>1))*($E$101/52)*12*$E$100,0) -> 0 | O121: =IFERROR((O115/'Accom_Phase Schedule'!$C69)-(AND(O103>N103,O103>1))*($E$101/52)*12*$E$100,0) -> 0 | P121: =IFERROR((P115/'Accom_Phase Schedule'!$C69)-(AND(P103>O103,P103>1))*($E$101/52)*12*$E$100,0) -> 0 | Q121: =IFERROR((Q115/'Accom_Phase Schedule'!$C69)-(AND(Q103>P103,Q103>1))*($E$101/52)*12*$E$100,0) -> 0 | R121: =IFERROR((R115/'Accom_Phase Schedule'!$C69)-(AND(R103>Q103,R103>1))*($E$101/52)*12*$E$100,0) -> 0 | ... CY121: =IFERROR((CY115/'Accom_Phase Schedule'!$C69)-(AND(CY103>CX103,CY103>1))*($E$101/52)*12*$E$100,0) -> 0
H123: Pirvate Units Occupied | K123: =SUM(K111:K115) -> 0 | L123: =SUM(L111:L115) -> 0 | M123: =SUM(M111:M115) -> 0 | N123: =SUM(N111:N115) -> 0 | O123: =SUM(O111:O115) -> 0 | P123: =SUM(P111:P115) -> 0 | Q123: =SUM(Q111:Q115) -> 0 | R123: =SUM(R111:R115) -> 0 | ... CY123: =SUM(CY111:CY115) -> 0
H124: Part V units occupied | K124: {=(K123>0)*SUMPRODUCT((K2>='Accom_Phase Schedule'!$E$65:$E$69)*'Accom_Phase Schedule'!$D$65:$D$69)} -> 0 | L124: {=(L123>0)*SUMPRODUCT((L2>='Accom_Phase Schedule'!$E$65:$E$69)*'Accom_Phase Schedule'!$D$65:$D$69)} -> 0 | M124: {=(M123>0)*SUMPRODUCT((M2>='Accom_Phase Schedule'!$E$65:$E$69)*'Accom_Phase Schedule'!$D$65:$D$69)} -> 0 | N124: {=(N123>0)*SUMPRODUCT((N2>='Accom_Phase Schedule'!$E$65:$E$69)*'Accom_Phase Schedule'!$D$65:$D$69)} -> 0 | O124: {=(O123>0)*SUMPRODUCT((O2>='Accom_Phase Schedule'!$E$65:$E$69)*'Accom_Phase Schedule'!$D$65:$D$69)} -> 0 | P124: {=(P123>0)*SUMPRODUCT((P2>='Accom_Phase Schedule'!$E$65:$E$69)*'Accom_Phase Schedule'!$D$65:$D$69)} -> 0 | Q124: {=(Q123>0)*SUMPRODUCT((Q2>='Accom_Phase Schedule'!$E$65:$E$69)*'Accom_Phase Schedule'!$D$65:$D$69)} -> 0 | R124: {=(R123>0)*SUMPRODUCT((R2>='Accom_Phase Schedule'!$E$65:$E$69)*'Accom_Phase Schedule'!$D$65:$D$69)} -> 0 | ... CY124: {=(CY123>0)*SUMPRODUCT((CY2>='Accom_Phase Schedule'!$E$65:$E$69)*'Accom_Phase Schedule'!$D$65:$D$69)} -> 0
H125: Total Units Occupied | K125: =SUM(K123:K124) -> 0 | L125: =SUM(L123:L124) -> 0 | M125: =SUM(M123:M124) -> 0 | N125: =SUM(N123:N124) -> 0 | O125: =SUM(O123:O124) -> 0 | P125: =SUM(P123:P124) -> 0 | Q125: =SUM(Q123:Q124) -> 0 | R125: =SUM(R123:R124) -> 0 | ... CY125: =SUM(CY123:CY124) -> 0

Sheet Dev Cost Schedule
I2: Total | K2: =Summary!G6 -> 44197 | L2: =EDATE(K2,1) -> 44228 | M2: =EDATE(L2,1) -> 44256 | N2: =EDATE(M2,1) -> 44287 | O2: =EDATE(N2,1) -> 44317 | P2: =EDATE(O2,1) -> 44348 | Q2: =EDATE(P2,1) -> 44378 | R2: =EDATE(Q2,1) -> 44409 | S2: =EDATE(R2,1) -> 44440 | ... CU2: =EDATE(CT2,1) -> 46874
B3: Development Costs | H3: Cost Flow
B5: Admin Costs
B7: Cost | C7: Assumption | D7: Frequency | E7: Estimate
B8: Accountancy | C8: 1000 | D8: Quarterly | E8: =-I8 -> 8000 | H8: =B8 -> Accountancy | I8: =SUM(K8:CU8) -> -8000 | K8: =(K$2<'Accom_Phase Schedule'!$E$58)*IF(MOD(DATEDIF($K$2,K$2,"m"),IF($D8="monthly",1,IF($D8="Quarterly",3,6)))=0,-$C8,0) -> -1000 | L8: =(L$2<'Accom_Phase Schedule'!$E$58)*IF(MOD(DATEDIF($K$2,L$2,"m"),IF($D8="monthly",1,IF($D8="Quarterly",3,6)))=0,-$C8,0) -> 0 | M8: =(M$2<'Accom_Phase Schedule'!$E$58)*IF(MOD(DATEDIF($K$2,M$2,"m"),IF($D8="monthly",1,IF($D8="Quarterly",3,6)))=0,-$C8,0) -> 0 | N8: =(N$2<'Accom_Phase Schedule'!$E$58)*IF(MOD(DATEDIF($K$2,N$2,"m"),IF($D8="monthly",1,IF($D8="Quarterly",3,6)))=0,-$C8,0) -> -1000 | O8: =(O$2<'Accom_Phase Schedule'!$E$58)*IF(MOD(DATEDIF($K$2,O$2,"m"),IF($D8="monthly",1,IF($D8="Quarterly",3,6)))=0,-$C8,0) -> 0 | P8: =(P$2<'Accom_Phase Schedule'!$E$58)*IF(MOD(DATEDIF($K$2,P$2,"m"),IF($D8="monthly",1,IF($D8="Quarterly",3,6)))=0,-$C8,0) -> 0 | Q8: =(Q$2<'Accom_Phase Schedule'!$E$58)*IF(MOD(DATEDIF($K$2,Q$2,"m"),IF($D8="monthly",1,IF($D8="Quarterly",3,6)))=0,-$C8,0) -> -1000 | R8: =(R$2<'Accom_Phase Schedule'!$E$58)*IF(MOD(DATEDIF($K$2,R$2,"m"),IF($D8="monthly",1,IF($D8="Quarterly",3,6)))=0,-$C8,0) -> 0 | ... CU8: =(CU$2<'Accom_Phase Schedule'!$E$58)*IF(MOD(DATEDIF($K$2,CU$2,"m"),IF($D8="monthly",1,IF($D8="Quarterly",3,6)))=0,-$C8,0) -> 0
B9: Insurance | C9: 1500 | D9: Bi-annual | E9: =-I9 -> 6000 | H9: =B9 -> Insurance | I9: =SUM(K9:CU9) -> -6000 | K9: =(K$2<'Accom_Phase Schedule'!$E$58)*IF(MOD(DATEDIF($K$2,K$2,"m"),IF($D9="monthly",1,IF($D9="Quarterly",3,6)))=0,-$C9,0) -> -1500 | L9: =(L$2<'Accom_Phase Schedule'!$E$58)*IF(MOD(DATEDIF($K$2,L$2,"m"),IF($D9="monthly",1,IF($D9="Quarterly",3,6)))=0,-$C9,0) -> 0 | M9: =(M$2<'Accom_Phase Schedule'!$E$58)*IF(MOD(DATEDIF($K$2,M$2,"m"),IF($D9="monthly",1,IF($D9="Quarterly",3,6)))=0,-$C9,0) -> 0 | N9: =(N$2<'Accom_Phase Schedule'!$E$58)*IF(MOD(DATEDIF($K$2,N$2,"m"),IF($D9="monthly",1,IF($D9="Quarterly",3,6)))=0,-$C9,0) -> 0 | O9: =(O$2<'Accom_Phase Schedule'!$E$58)*IF(MOD(DATEDIF($K$2,O$2,"m"),IF($D9="monthly",1,IF($D9="Quarterly",3,6)))=0,-$C9,0) -> 0 | P9: =(P$2<'Accom_Phase Schedule'!$E$58)*IF(MOD(DATEDIF($K$2,P$2,"m"),IF($D9="monthly",1,IF($D9="Quarterly",3,6)))=0,-$C9,0) -> 0 | Q9: =(Q$2<'Accom_Phase Schedule'!$E$58)*IF(MOD(DATEDIF($K$2,Q$2,"m"),IF($D9="monthly",1,IF($D9="Quarterly",3,6)))=0,-$C9,0) -> -1500 | R9: =(R$2<'Accom_Phase Schedule'!$E$58)*IF(MOD(DATEDIF($K$2,R$2,"m"),IF($D9="monthly",1,IF($D9="Quarterly",3,6)))=0,-$C9,0) -> 0 | ... CU9: =(CU$2<'Accom_Phase Schedule'!$E$58)*IF(MOD(DATEDIF($K$2,CU$2,"m"),IF($D9="monthly",1,IF($D9="Quarterly",3,6)))=0,-$C9,0) -> 0
B10: Bank Charges | C10: 100 | D10: Monthly | E10: =-I10 -> 2300 | H10: =B10 -> Bank Charges | I10: =SUM(K10:CU10) -> -2300 | K10: =(K$2<'Accom_Phase Schedule'!$E$58)*IF(MOD(DATEDIF($K$2,K$2,"m"),IF($D10="monthly",1,IF($D10="Quarterly",3,6)))=0,-$C10,0) -> -100 | L10: =(L$2<'Accom_Phase Schedule'!$E$58)*IF(MOD(DATEDIF($K$2,L$2,"m"),IF($D10="monthly",1,IF($D10="Quarterly",3,6)))=0,-$C10,0) -> -100 | M10: =(M$2<'Accom_Phase Schedule'!$E$58)*IF(MOD(DATEDIF($K$2,M$2,"m"),IF($D10="monthly",1,IF($D10="Quarterly",3,6)))=0,-$C10,0) -> -100 | N10: =(N$2<'Accom_Phase Schedule'!$E$58)*IF(MOD(DATEDIF($K$2,N$2,"m"),IF($D10="monthly",1,IF($D10="Quarterly",3,6)))=0,-$C10,0) -> -100 | O10: =(O$2<'Accom_Phase Schedule'!$E$58)*IF(MOD(DATEDIF($K$2,O$2,"m"),IF($D10="monthly",1,IF($D10="Quarterly",3,6)))=0,-$C10,0) -> -100 | P10: =(P$2<'Accom_Phase Schedule'!$E$58)*IF(MOD(DATEDIF($K$2,P$2,"m"),IF($D10="monthly",1,IF($D10="Quarterly",3,6)))=0,-$C10,0) -> -100 | Q10: =(Q$2<'Accom_Phase Schedule'!$E$58)*IF(MOD(DATEDIF($K$2,Q$2,"m"),IF($D10="monthly",1,IF($D10="Quarterly",3,6)))=0,-$C10,0) -> -100 | R10: =(R$2<'Accom_Phase Schedule'!$E$58)*IF(MOD(DATEDIF($K$2,R$2,"m"),IF($D10="monthly",1,IF($D10="Quarterly",3,6)))=0,-$C10,0) -> -100 | ... CU10: =(CU$2<'Accom_Phase Schedule'!$E$58)*IF(MOD(DATEDIF($K$2,CU$2,"m"),IF($D10="monthly",1,IF($D10="Quarterly",3,6)))=0,-$C10,0) -> 0
B11: Valuations | C11: 3000 | D11: Bi-annual | E11: =-I11 -> 12000 | H11: =B11 -> Valuations | I11: =SUM(K11:CU11) -> -12000 | K11: =(K$2<'Accom_Phase Schedule'!$E$58)*IF(MOD(DATEDIF($K$2,K$2,"m"),IF($D11="monthly",1,IF($D11="Quarterly",3,6)))=0,-$C11,0) -> -3000 | L11: =(L$2<'Accom_Phase Schedule'!$E$58)*IF(MOD(DATEDIF($K$2,L$2,"m"),IF($D11="monthly",1,IF($D11="Quarterly",3,6)))=0,-$C11,0) -> 0 | M11: =(M$2<'Accom_Phase Schedule'!$E$58)*IF(MOD(DATEDIF($K$2,M$2,"m"),IF($D11="monthly",1,IF($D11="Quarterly",3,6)))=0,-$C11,0) -> 0 | N11: =(N$2<'Accom_Phase Schedule'!$E$58)*IF(MOD(DATEDIF($K$2,N$2,"m"),IF($D11="monthly",1,IF($D11="Quarterly",3,6)))=0,-$C11,0) -> 0 | O11: =(O$2<'Accom_Phase Schedule'!$E$58)*IF(MOD(DATEDIF($K$2,O$2,"m"),IF($D11="monthly",1,IF($D11="Quarterly",3,6)))=0,-$C11,0) -> 0 | P11: =(P$2<'Accom_Phase Schedule'!$E$58)*IF(MOD(DATEDIF($K$2,P$2,"m"),IF($D11="monthly",1,IF($D11="Quarterly",3,6)))=0,-$C11,0) -> 0 | Q11: =(Q$2<'Accom_Phase Schedule'!$E$58)*IF(MOD(DATEDIF($K$2,Q$2,"m"),IF($D11="monthly",1,IF($D11="Quarterly",3,6)))=0,-$C11,0) -> -3000 | R11: =(R$2<'Accom_Phase Schedule'!$E$58)*IF(MOD(DATEDIF($K$2,R$2,"m"),IF($D11="monthly",1,IF($D11="Quarterly",3,6)))=0,-$C11,0) -> 0 | ... CU11: =(CU$2<'Accom_Phase Schedule'!$E$58)*IF(MOD(DATEDIF($K$2,CU$2,"m"),IF($D11="monthly",1,IF($D11="Quarterly",3,6)))=0,-$C11,0) -> 0
I12: =SUM(K12:CU12) -> 0
B13: Total Admin Costs | E13: =SUM(E8:E12) -> 28300 | H13: Total Admin Costs | I13: =SUM(I8:I12) -> -28300 | K13: =SUM(K8:K12) -> -5600 | L13: =SUM(L8:L12) -> -100 | M13: =SUM(M8:M12) -> -100 | N13: =SUM(N8:N12) -> -1100 | O13: =SUM(O8:O12) -> -100 | P13: =SUM(P8:P12) -> -100 | Q13: =SUM(Q8:Q12) -> -5600 | R13: =SUM(R8:R12) -> -100 | ... CU13: =SUM(CU8:CU12) -> 0
B15: Property Costs
B17: Cost | C17: Assumption | D17: Frequency | E17: Estimate
B18: Service Charge | C18: 5000 | D18: Quarterly | E18: =-I18 -> 40000 | H18: =B18 -> Service Charge | I18: =SUM(K18:CU18) -> -40000 | K18: =(K$2<'Accom_Phase Schedule'!$E$58)*IF(MOD(DATEDIF($K$2,K$2,"m"),IF($D18="monthly",1,IF($D18="Quarterly",3,6)))=0,-$C18,0) -> -5000 | L18: =(L$2<'Accom_Phase Schedule'!$E$58)*IF(MOD(DATEDIF($K$2,L$2,"m"),IF($D18="monthly",1,IF($D18="Quarterly",3,6)))=0,-$C18,0) -> 0 | M18: =(M$2<'Accom_Phase Schedule'!$E$58)*IF(MOD(DATEDIF($K$2,M$2,"m"),IF($D18="monthly",1,IF($D18="Quarterly",3,6)))=0,-$C18,0) -> 0 | N18: =(N$2<'Accom_Phase Schedule'!$E$58)*IF(MOD(DATEDIF($K$2,N$2,"m"),IF($D18="monthly",1,IF($D18="Quarterly",3,6)))=0,-$C18,0) -> -5000 | O18: =(O$2<'Accom_Phase Schedule'!$E$58)*IF(MOD(DATEDIF($K$2,O$2,"m"),IF($D18="monthly",1,IF($D18="Quarterly",3,6)))=0,-$C18,0) -> 0 | P18: =(P$2<'Accom_Phase Schedule'!$E$58)*IF(MOD(DATEDIF($K$2,P$2,"m"),IF($D18="monthly",1,IF($D18="Quarterly",3,6)))=0,-$C18,0) -> 0 | Q18: =(Q$2<'Accom_Phase Schedule'!$E$58)*IF(MOD(DATEDIF($K$2,Q$2,"m"),IF($D18="monthly",1,IF($D18="Quarterly",3,6)))=0,-$C18,0) -> -5000 | R18: =(R$2<'Accom_Phase Schedule'!$E$58)*IF(MOD(DATEDIF($K$2,R$2,"m"),IF($D18="monthly",1,IF($D18="Quarterly",3,6)))=0,-$C18,0) -> 0 | ... CU18: =(CU$2<'Accom_Phase Schedule'!$E$58)*IF(MOD(DATEDIF($K$2,CU$2,"m"),IF($D18="monthly",1,IF($D18="Quarterly",3,6)))=0,-$C18,0) -> 0
B19: Security | C19: 500 | D19: Monthly | E19: =-I19 -> 11500 | H19: =B19 -> Security | I19: =SUM(K19:CU19) -> -11500 | K19: =(K$2<'Accom_Phase Schedule'!$E$58)*IF(MOD(DATEDIF($K$2,K$2,"m"),IF($D19="monthly",1,IF($D19="Quarterly",3,6)))=0,-$C19,0) -> -500 | L19: =(L$2<'Accom_Phase Schedule'!$E$58)*IF(MOD(DATEDIF($K$2,L$2,"m"),IF($D19="monthly",1,IF($D19="Quarterly",3,6)))=0,-$C19,0) -> -500 | M19: =(M$2<'Accom_Phase Schedule'!$E$58)*IF(MOD(DATEDIF($K$2,M$2,"m"),IF($D19="monthly",1,IF($D19="Quarterly",3,6)))=0,-$C19,0) -> -500 | N19: =(N$2<'Accom_Phase Schedule'!$E$58)*IF(MOD(DATEDIF($K$2,N$2,"m"),IF($D19="monthly",1,IF($D19="Quarterly",3,6)))=0,-$C19,0) -> -500 | O19: =(O$2<'Accom_Phase Schedule'!$E$58)*IF(MOD(DATEDIF($K$2,O$2,"m"),IF($D19="monthly",1,IF($D19="Quarterly",3,6)))=0,-$C19,0) -> -500 | P19: =(P$2<'Accom_Phase Schedule'!$E$58)*IF(MOD(DATEDIF($K$2,P$2,"m"),IF($D19="monthly",1,IF($D19="Quarterly",3,6)))=0,-$C19,0) -> -500 | Q19: =(Q$2<'Accom_Phase Schedule'!$E$58)*IF(MOD(DATEDIF($K$2,Q$2,"m"),IF($D19="monthly",1,IF($D19="Quarterly",3,6)))=0,-$C19,0) -> -500 | R19: =(R$2<'Accom_Phase Schedule'!$E$58)*IF(MOD(DATEDIF($K$2,R$2,"m"),IF($D19="monthly",1,IF($D19="Quarterly",3,6)))=0,-$C19,0) -> -500 | ... CU19: =(CU$2<'Accom_Phase Schedule'!$E$58)*IF(MOD(DATEDIF($K$2,CU$2,"m"),IF($D19="monthly",1,IF($D19="Quarterly",3,6)))=0,-$C19,0) -> 0
B20: Rates | C20: 2500 | D20: Bi-annual | E20: =-I20 -> 10000 | H20: =B20 -> Rates | I20: =SUM(K20:CU20) -> -10000 | K20: =(K$2<'Accom_Phase Schedule'!$E$58)*IF(MOD(DATEDIF($K$2,K$2,"m"),IF($D20="monthly",1,IF($D20="Quarterly",3,6)))=0,-$C20,0) -> -2500 | L20: =(L$2<'Accom_Phase Schedule'!$E$58)*IF(MOD(DATEDIF($K$2,L$2,"m"),IF($D20="monthly",1,IF($D20="Quarterly",3,6)))=0,-$C20,0) -> 0 | M20: =(M$2<'Accom_Phase Schedule'!$E$58)*IF(MOD(DATEDIF($K$2,M$2,"m"),IF($D20="monthly",1,IF($D20="Quarterly",3,6)))=0,-$C20,0) -> 0 | N20: =(N$2<'Accom_Phase Schedule'!$E$58)*IF(MOD(DATEDIF($K$2,N$2,"m"),IF($D20="monthly",1,IF($D20="Quarterly",3,6)))=0,-$C20,0) -> 0 | O20: =(O$2<'Accom_Phase Schedule'!$E$58)*IF(MOD(DATEDIF($K$2,O$2,"m"),IF($D20="monthly",1,IF($D20="Quarterly",3,6)))=0,-$C20,0) -> 0 | P20: =(P$2<'Accom_Phase Schedule'!$E$58)*IF(MOD(DATEDIF($K$2,P$2,"m"),IF($D20="monthly",1,IF($D20="Quarterly",3,6)))=0,-$C20,0) -> 0 | Q20: =(Q$2<'Accom_Phase Schedule'!$E$58)*IF(MOD(DATEDIF($K$2,Q$2,"m"),IF($D20="monthly",1,IF($D20="Quarterly",3,6)))=0,-$C20,0) -> -2500 | R20: =(R$2<'Accom_Phase Schedule'!$E$58)*IF(MOD(DATEDIF($K$2,R$2,"m"),IF($D20="monthly",1,IF($D20="Quarterly",3,6)))=0,-$C20,0) -> 0 | ... CU20: =(CU$2<'Accom_Phase Schedule'!$E$58)*IF(MOD(DATEDIF($K$2,CU$2,"m"),IF($D20="monthly",1,IF($D20="Quarterly",3,6)))=0,-$C20,0) -> 0
B21: Other | C21: 5000 | D21: Quarterly | E21: =-I21 -> 40000 | H21: =B21 -> Other | I21: =SUM(K21:CU21) -> -40000 | K21: =(K$2<'Accom_Phase Schedule'!$E$58)*IF(MOD(DATEDIF($K$2,K$2,"m"),IF($D21="monthly",1,IF($D21="Quarterly",3,6)))=0,-$C21,0) -> -5000 | L21: =(L$2<'Accom_Phase Schedule'!$E$58)*IF(MOD(DATEDIF($K$2,L$2,"m"),IF($D21="monthly",1,IF($D21="Quarterly",3,6)))=0,-$C21,0) -> 0 | M21: =(M$2<'Accom_Phase Schedule'!$E$58)*IF(MOD(DATEDIF($K$2,M$2,"m"),IF($D21="monthly",1,IF($D21="Quarterly",3,6)))=0,-$C21,0) -> 0 | N21: =(N$2<'Accom_Phase Schedule'!$E$58)*IF(MOD(DATEDIF($K$2,N$2,"m"),IF($D21="monthly",1,IF($D21="Quarterly",3,6)))=0,-$C21,0) -> -5000 | O21: =(O$2<'Accom_Phase Schedule'!$E$58)*IF(MOD(DATEDIF($K$2,O$2,"m"),IF($D21="monthly",1,IF($D21="Quarterly",3,6)))=0,-$C21,0) -> 0 | P21: =(P$2<'Accom_Phase Schedule'!$E$58)*IF(MOD(DATEDIF($K$2,P$2,"m"),IF($D21="monthly",1,IF($D21="Quarterly",3,6)))=0,-$C21,0) -> 0 | Q21: =(Q$2<'Accom_Phase Schedule'!$E$58)*IF(MOD(DATEDIF($K$2,Q$2,"m"),IF($D21="monthly",1,IF($D21="Quarterly",3,6)))=0,-$C21,0) -> -5000 | R21: =(R$2<'Accom_Phase Schedule'!$E$58)*IF(MOD(DATEDIF($K$2,R$2,"m"),IF($D21="monthly",1,IF($D21="Quarterly",3,6)))=0,-$C21,0) -> 0 | ... CU21: =(CU$2<'Accom_Phase Schedule'!$E$58)*IF(MOD(DATEDIF($K$2,CU$2,"m"),IF($D21="monthly",1,IF($D21="Quarterly",3,6)))=0,-$C21,0) -> 0
H22: =B22 -> 0 | I22: =SUM(K22:CU22) -> 0 | K22: =(K$2<'Accom_Phase Schedule'!$E$58)*IF(MOD(DATEDIF($K$2,K$2,"m"),IF($D22="monthly",1,IF($D22="Quarterly",3,6)))=0,-$C22,0) -> 0 | L22: =(L$2<'Accom_Phase Schedule'!$E$58)*IF(MOD(DATEDIF($K$2,L$2,"m"),IF($D22="monthly",1,IF($D22="Quarterly",3,6)))=0,-$C22,0) -> 0 | M22: =(M$2<'Accom_Phase Schedule'!$E$58)*IF(MOD(DATEDIF($K$2,M$2,"m"),IF($D22="monthly",1,IF($D22="Quarterly",3,6)))=0,-$C22,0) -> 0 | N22: =(N$2<'Accom_Phase Schedule'!$E$58)*IF(MOD(DATEDIF($K$2,N$2,"m"),IF($D22="monthly",1,IF($D22="Quarterly",3,6)))=0,-$C22,0) -> 0 | O22: =(O$2<'Accom_Phase Schedule'!$E$58)*IF(MOD(DATEDIF($K$2,O$2,"m"),IF($D22="monthly",1,IF($D22="Quarterly",3,6)))=0,-$C22,0) -> 0 | P22: =(P$2<'Accom_Phase Schedule'!$E$58)*IF(MOD(DATEDIF($K$2,P$2,"m"),IF($D22="monthly",1,IF($D22="Quarterly",3,6)))=0,-$C22,0) -> 0 | Q22: =(Q$2<'Accom_Phase Schedule'!$E$58)*IF(MOD(DATEDIF($K$2,Q$2,"m"),IF($D22="monthly",1,IF($D22="Quarterly",3,6)))=0,-$C22,0) -> 0 | R22: =(R$2<'Accom_Phase Schedule'!$E$58)*IF(MOD(DATEDIF($K$2,R$2,"m"),IF($D22="monthly",1,IF($D22="Quarterly",3,6)))=0,-$C22,0) -> 0 | ... CU22: =(CU$2<'Accom_Phase Schedule'!$E$58)*IF(MOD(DATEDIF($K$2,CU$2,"m"),IF($D22="monthly",1,IF($D22="Quarterly",3,6)))=0,-$C22,0) -> 0
B23: Total Property Costs | E23: =SUM(E18:E22) -> 101500 | H23: Total Property Costs | I23: =SUM(I18:I22) -> -101500 | K23: =SUM(K18:K22) -> -13000 | L23: =SUM(L18:L22) -> -500 | M23: =SUM(M18:M22) -> -500 | N23: =SUM(N18:N22) -> -10500 | O23: =SUM(O18:O22) -> -500 | P23: =SUM(P18:P22) -> -500 | Q23: =SUM(Q18:Q22) -> -13000 | R23: =SUM(R18:R22) -> -500 | ... CU23: =SUM(CU18:CU22) -> 0
B25: Detailed Design Costs
B27: Cost | C27: Assumption | D27: Measurement | E27: Estimate
B28: Architecture | C28: 0.01 | D28: of construction | E28: =C28*$E$66 -> 955000 | H28: =B28 -> Architecture | I28: =SUM(K28:CU28) -> -955000 | L28: =(L$2<'Accom_Phase Schedule'!$C$58)*-$E28/DATEDIF($L$2,'Accom_Phase Schedule'!$C$58,"m") -> -238750 | M28: =(M$2<'Accom_Phase Schedule'!$C$58)*-$E28/DATEDIF($L$2,'Accom_Phase Schedule'!$C$58,"m") -> -238750 | N28: =(N$2<'Accom_Phase Schedule'!$C$58)*-$E28/DATEDIF($L$2,'Accom_Phase Schedule'!$C$58,"m") -> -238750 | O28: =(O$2<'Accom_Phase Schedule'!$C$58)*-$E28/DATEDIF($L$2,'Accom_Phase Schedule'!$C$58,"m") -> -238750 | P28: =(P$2<'Accom_Phase Schedule'!$C$58)*-$E28/DATEDIF($L$2,'Accom_Phase Schedule'!$C$58,"m") -> 0 | Q28: =(Q$2<'Accom_Phase Schedule'!$C$58)*-$E28/DATEDIF($L$2,'Accom_Phase Schedule'!$C$58,"m") -> 0 | R28: =(R$2<'Accom_Phase Schedule'!$C$58)*-$E28/DATEDIF($L$2,'Accom_Phase Schedule'!$C$58,"m") -> 0 | S28: =(S$2<'Accom_Phase Schedule'!$C$58)*-$E28/DATEDIF($L$2,'Accom_Phase Schedule'!$C$58,"m") -> 0 | ... CU28: =(CU$2<'Accom_Phase Schedule'!$C$58)*-$E28/DATEDIF($L$2,'Accom_Phase Schedule'!$C$58,"m") -> 0
B29: Façade Design | C29: 5000 | D29: flat fee | E29: =C29 -> 5000 | H29: =B29 -> Façade Design | I29: =SUM(K29:CU29) -> -5000 | L29: =(L$2<'Accom_Phase Schedule'!$C$58)*-$E29/DATEDIF($L$2,'Accom_Phase Schedule'!$C$58,"m") -> -1250 | M29: =(M$2<'Accom_Phase Schedule'!$C$58)*-$E29/DATEDIF($L$2,'Accom_Phase Schedule'!$C$58,"m") -> -1250 | N29: =(N$2<'Accom_Phase Schedule'!$C$58)*-$E29/DATEDIF($L$2,'Accom_Phase Schedule'!$C$58,"m") -> -1250 | O29: =(O$2<'Accom_Phase Schedule'!$C$58)*-$E29/DATEDIF($L$2,'Accom_Phase Schedule'!$C$58,"m") -> -1250 | P29: =(P$2<'Accom_Phase Schedule'!$C$58)*-$E29/DATEDIF($L$2,'Accom_Phase Schedule'!$C$58,"m") -> 0 | Q29: =(Q$2<'Accom_Phase Schedule'!$C$58)*-$E29/DATEDIF($L$2,'Accom_Phase Schedule'!$C$58,"m") -> 0 | R29: =(R$2<'Accom_Phase Schedule'!$C$58)*-$E29/DATEDIF($L$2,'Accom_Phase Schedule'!$C$58,"m") -> 0 | S29: =(S$2<'Accom_Phase Schedule'!$C$58)*-$E29/DATEDIF($L$2,'Accom_Phase Schedule'!$C$58,"m") -> 0 | ... CU29: =(CU$2<'Accom_Phase Schedule'!$C$58)*-$E29/DATEDIF($L$2,'Accom_Phase Schedule'!$C$58,"m") -> 0
B30: Lanscape Design | C30: 10000 | D30: flat fee | E30: =C30 -> 10000 | H30: =B30 -> Lanscape Design | I30: =SUM(K30:CU30) -> -10000 | L30: =(L$2<'Accom_Phase Schedule'!$C$58)*-$E30/DATEDIF($L$2,'Accom_Phase Schedule'!$C$58,"m") -> -2500 | M30: =(M$2<'Accom_Phase Schedule'!$C$58)*-$E30/DATEDIF($L$2,'Accom_Phase Schedule'!$C$58,"m") -> -2500 | N30: =(N$2<'Accom_Phase Schedule'!$C$58)*-$E30/DATEDIF($L$2,'Accom_Phase Schedule'!$C$58,"m") -> -2500 | O30: =(O$2<'Accom_Phase Schedule'!$C$58)*-$E30/DATEDIF($L$2,'Accom_Phase Schedule'!$C$58,"m") -> -2500 | P30: =(P$2<'Accom_Phase Schedule'!$C$58)*-$E30/DATEDIF($L$2,'Accom_Phase Schedule'!$C$58,"m") -> 0 | Q30: =(Q$2<'Accom_Phase Schedule'!$C$58)*-$E30/DATEDIF($L$2,'Accom_Phase Schedule'!$C$58,"m") -> 0 | R30: =(R$2<'Accom_Phase Schedule'!$C$58)*-$E30/DATEDIF($L$2,'Accom_Phase Schedule'!$C$58,"m") -> 0 | S30: =(S$2<'Accom_Phase Schedule'!$C$58)*-$E30/DATEDIF($L$2,'Accom_Phase Schedule'!$C$58,"m") -> 0 | ... CU30: =(CU$2<'Accom_Phase Schedule'!$C$58)*-$E30/DATEDIF($L$2,'Accom_Phase Schedule'!$C$58,"m") -> 0
B31: Structural Engineering | C31: 0.005 | D31: of construction | E31: =C31*$E$66 -> 477500 | H31: =B31 -> Structural Engineering | I31: =SUM(K31:CU31) -> -477500 | L31: =(L$2<'Accom_Phase Schedule'!$C$58)*-$E31/DATEDIF($L$2,'Accom_Phase Schedule'!$C$58,"m") -> -119375 | M31: =(M$2<'Accom_Phase Schedule'!$C$58)*-$E31/DATEDIF($L$2,'Accom_Phase Schedule'!$C$58,"m") -> -119375 | N31: =(N$2<'Accom_Phase Schedule'!$C$58)*-$E31/DATEDIF($L$2,'Accom_Phase Schedule'!$C$58,"m") -> -119375 | O31: =(O$2<'Accom_Phase Schedule'!$C$58)*-$E31/DATEDIF($L$2,'Accom_Phase Schedule'!$C$58,"m") -> -119375 | P31: =(P$2<'Accom_Phase Schedule'!$C$58)*-$E31/DATEDIF($L$2,'Accom_Phase Schedule'!$C$58,"m") -> 0 | Q31: =(Q$2<'Accom_Phase Schedule'!$C$58)*-$E31/DATEDIF($L$2,'Accom_Phase Schedule'!$C$58,"m") -> 0 | R31: =(R$2<'Accom_Phase Schedule'!$C$58)*-$E31/DATEDIF($L$2,'Accom_Phase Schedule'!$C$58,"m") -> 0 | S31: =(S$2<'Accom_Phase Schedule'!$C$58)*-$E31/DATEDIF($L$2,'Accom_Phase Schedule'!$C$58,"m") -> 0 | ... CU31: =(CU$2<'Accom_Phase Schedule'!$C$58)*-$E31/DATEDIF($L$2,'Accom_Phase Schedule'!$C$58,"m") -> 0
B32: M&E Engineering | C32: 0.004 | D32: of construction | E32: =C32*$E$66 -> 382000 | H32: =B32 -> M&E Engineering | I32: =SUM(K32:CU32) -> -382000 | L32: =(L$2<'Accom_Phase Schedule'!$C$58)*-$E32/DATEDIF($L$2,'Accom_Phase Schedule'!$C$58,"m") -> -95500 | M32: =(M$2<'Accom_Phase Schedule'!$C$58)*-$E32/DATEDIF($L$2,'Accom_Phase Schedule'!$C$58,"m") -> -95500 | N32: =(N$2<'Accom_Phase Schedule'!$C$58)*-$E32/DATEDIF($L$2,'Accom_Phase Schedule'!$C$58,"m") -> -95500 | O32: =(O$2<'Accom_Phase Schedule'!$C$58)*-$E32/DATEDIF($L$2,'Accom_Phase Schedule'!$C$58,"m") -> -95500 | P32: =(P$2<'Accom_Phase Schedule'!$C$58)*-$E32/DATEDIF($L$2,'Accom_Phase Schedule'!$C$58,"m") -> 0 | Q32: =(Q$2<'Accom_Phase Schedule'!$C$58)*-$E32/DATEDIF($L$2,'Accom_Phase Schedule'!$C$58,"m") -> 0 | R32: =(R$2<'Accom_Phase Schedule'!$C$58)*-$E32/DATEDIF($L$2,'Accom_Phase Schedule'!$C$58,"m") -> 0 | S32: =(S$2<'Accom_Phase Schedule'!$C$58)*-$E32/DATEDIF($L$2,'Accom_Phase Schedule'!$C$58,"m") -> 0 | ... CU32: =(CU$2<'Accom_Phase Schedule'!$C$58)*-$E32/DATEDIF($L$2,'Accom_Phase Schedule'!$C$58,"m") -> 0
B33: Civil Engineering | C33: 0.003 | D33: of construction | E33: =C33*$E$66 -> 286500 | H33: =B33 -> Civil Engineering | I33: =SUM(K33:CU33) -> -286500 | L33: =(L$2<'Accom_Phase Schedule'!$C$58)*-$E33/DATEDIF($L$2,'Accom_Phase Schedule'!$C$58,"m") -> -71625 | M33: =(M$2<'Accom_Phase Schedule'!$C$58)*-$E33/DATEDIF($L$2,'Accom_Phase Schedule'!$C$58,"m") -> -71625 | N33: =(N$2<'Accom_Phase Schedule'!$C$58)*-$E33/DATEDIF($L$2,'Accom_Phase Schedule'!$C$58,"m") -> -71625 | O33: =(O$2<'Accom_Phase Schedule'!$C$58)*-$E33/DATEDIF($L$2,'Accom_Phase Schedule'!$C$58,"m") -> -71625 | P33: =(P$2<'Accom_Phase Schedule'!$C$58)*-$E33/DATEDIF($L$2,'Accom_Phase Schedule'!$C$58,"m") -> 0 | Q33: =(Q$2<'Accom_Phase Schedule'!$C$58)*-$E33/DATEDIF($L$2,'Accom_Phase Schedule'!$C$58,"m") -> 0 | R33: =(R$2<'Accom_Phase Schedule'!$C$58)*-$E33/DATEDIF($L$2,'Accom_Phase Schedule'!$C$58,"m") -> 0 | S33: =(S$2<'Accom_Phase Schedule'!$C$58)*-$E33/DATEDIF($L$2,'Accom_Phase Schedule'!$C$58,"m") -> 0 | ... CU33: =(CU$2<'Accom_Phase Schedule'!$C$58)*-$E33/DATEDIF($L$2,'Accom_Phase Schedule'!$C$58,"m") -> 0
B34: Quanity Surveyance | C34: 0.0035 | D34: of construction | E34: =C34*$E$66 -> 334250 | H34: =B34 -> Quanity Surveyance | I34: =SUM(K34:CU34) -> -334250 | L34: =(L$2<'Accom_Phase Schedule'!$C$58)*-$E34/DATEDIF($L$2,'Accom_Phase Schedule'!$C$58,"m") -> -83562.5 | M34: =(M$2<'Accom_Phase Schedule'!$C$58)*-$E34/DATEDIF($L$2,'Accom_Phase Schedule'!$C$58,"m") -> -83562.5 | N34: =(N$2<'Accom_Phase Schedule'!$C$58)*-$E34/DATEDIF($L$2,'Accom_Phase Schedule'!$C$58,"m") -> -83562.5 | O34: =(O$2<'Accom_Phase Schedule'!$C$58)*-$E34/DATEDIF($L$2,'Accom_Phase Schedule'!$C$58,"m") -> -83562.5 | P34: =(P$2<'Accom_Phase Schedule'!$C$58)*-$E34/DATEDIF($L$2,'Accom_Phase Schedule'!$C$58,"m") -> 0 | Q34: =(Q$2<'Accom_Phase Schedule'!$C$58)*-$E34/DATEDIF($L$2,'Accom_Phase Schedule'!$C$58,"m") -> 0 | R34: =(R$2<'Accom_Phase Schedule'!$C$58)*-$E34/DATEDIF($L$2,'Accom_Phase Schedule'!$C$58,"m") -> 0 | S34: =(S$2<'Accom_Phase Schedule'!$C$58)*-$E34/DATEDIF($L$2,'Accom_Phase Schedule'!$C$58,"m") -> 0 | ... CU34: =(CU$2<'Accom_Phase Schedule'!$C$58)*-$E34/DATEDIF($L$2,'Accom_Phase Schedule'!$C$58,"m") -> 0
B35: Fire Cert | C35: 250 | D35: per unit | E35: =C35*'Accom_Phase Schedule'!$C$45 -> 125000 | H35: =B35 -> Fire Cert | I35: =SUM(K35:CU35) -> -125000 | L35: =(L$2<'Accom_Phase Schedule'!$C$58)*-$E35/DATEDIF($L$2,'Accom_Phase Schedule'!$C$58,"m") -> -31250 | M35: =(M$2<'Accom_Phase Schedule'!$C$58)*-$E35/DATEDIF($L$2,'Accom_Phase Schedule'!$C$58,"m") -> -31250 | N35: =(N$2<'Accom_Phase Schedule'!$C$58)*-$E35/DATEDIF($L$2,'Accom_Phase Schedule'!$C$58,"m") -> -31250 | O35: =(O$2<'Accom_Phase Schedule'!$C$58)*-$E35/DATEDIF($L$2,'Accom_Phase Schedule'!$C$58,"m") -> -31250 | P35: =(P$2<'Accom_Phase Schedule'!$C$58)*-$E35/DATEDIF($L$2,'Accom_Phase Schedule'!$C$58,"m") -> 0 | Q35: =(Q$2<'Accom_Phase Schedule'!$C$58)*-$E35/DATEDIF($L$2,'Accom_Phase Schedule'!$C$58,"m") -> 0 | R35: =(R$2<'Accom_Phase Schedule'!$C$58)*-$E35/DATEDIF($L$2,'Accom_Phase Schedule'!$C$58,"m") -> 0 | S35: =(S$2<'Accom_Phase Schedule'!$C$58)*-$E35/DATEDIF($L$2,'Accom_Phase Schedule'!$C$58,"m") -> 0 | ... CU35: =(CU$2<'Accom_Phase Schedule'!$C$58)*-$E35/DATEDIF($L$2,'Accom_Phase Schedule'!$C$58,"m") -> 0
B36: Accoustics | C36: 100 | D36: per unit | E36: =C36*'Accom_Phase Schedule'!$C$45 -> 50000 | H36: =B36 -> Accoustics | I36: =SUM(K36:CU36) -> -50000 | L36: =(L$2<'Accom_Phase Schedule'!$C$58)*-$E36/DATEDIF($L$2,'Accom_Phase Schedule'!$C$58,"m") -> -12500 | M36: =(M$2<'Accom_Phase Schedule'!$C$58)*-$E36/DATEDIF($L$2,'Accom_Phase Schedule'!$C$58,"m") -> -12500 | N36: =(N$2<'Accom_Phase Schedule'!$C$58)*-$E36/DATEDIF($L$2,'Accom_Phase Schedule'!$C$58,"m") -> -12500 | O36: =(O$2<'Accom_Phase Schedule'!$C$58)*-$E36/DATEDIF($L$2,'Accom_Phase Schedule'!$C$58,"m") -> -12500 | P36: =(P$2<'Accom_Phase Schedule'!$C$58)*-$E36/DATEDIF($L$2,'Accom_Phase Schedule'!$C$58,"m") -> 0 | Q36: =(Q$2<'Accom_Phase Schedule'!$C$58)*-$E36/DATEDIF($L$2,'Accom_Phase Schedule'!$C$58,"m") -> 0 | R36: =(R$2<'Accom_Phase Schedule'!$C$58)*-$E36/DATEDIF($L$2,'Accom_Phase Schedule'!$C$58,"m") -> 0 | S36: =(S$2<'Accom_Phase Schedule'!$C$58)*-$E36/DATEDIF($L$2,'Accom_Phase Schedule'!$C$58,"m") -> 0 | ... CU36: =(CU$2<'Accom_Phase Schedule'!$C$58)*-$E36/DATEDIF($L$2,'Accom_Phase Schedule'!$C$58,"m") -> 0
B37: Assigned Certifier | C37: 100 | D37: per unit | E37: =C37*'Accom_Phase Schedule'!$C$45 -> 50000 | H37: =B37 -> Assigned Certifier | I37: =SUM(K37:CU37) -> -50000 | L37: =(L$2<'Accom_Phase Schedule'!$C$58)*-$E37/DATEDIF($L$2,'Accom_Phase Schedule'!$C$58,"m") -> -12500 | M37: =(M$2<'Accom_Phase Schedule'!$C$58)*-$E37/DATEDIF($L$2,'Accom_Phase Schedule'!$C$58,"m") -> -12500 | N37: =(N$2<'Accom_Phase Schedule'!$C$58)*-$E37/DATEDIF($L$2,'Accom_Phase Schedule'!$C$58,"m") -> -12500 | O37: =(O$2<'Accom_Phase Schedule'!$C$58)*-$E37/DATEDIF($L$2,'Accom_Phase Schedule'!$C$58,"m") -> -12500 | P37: =(P$2<'Accom_Phase Schedule'!$C$58)*-$E37/DATEDIF($L$2,'Accom_Phase Schedule'!$C$58,"m") -> 0 | Q37: =(Q$2<'Accom_Phase Schedule'!$C$58)*-$E37/DATEDIF($L$2,'Accom_Phase Schedule'!$C$58,"m") -> 0 | R37: =(R$2<'Accom_Phase Schedule'!$C$58)*-$E37/DATEDIF($L$2,'Accom_Phase Schedule'!$C$58,"m") -> 0 | S37: =(S$2<'Accom_Phase Schedule'!$C$58)*-$E37/DATEDIF($L$2,'Accom_Phase Schedule'!$C$58,"m") -> 0 | ... CU37: =(CU$2<'Accom_Phase Schedule'!$C$58)*-$E37/DATEDIF($L$2,'Accom_Phase Schedule'!$C$58,"m") -> 0
B38: Project Management | C38: 0.01 | D38: of construction | E38: =C38*$E$66 -> 955000 | H38: =B38 -> Project Management | I38: =SUM(K38:CU38) -> -955000 | L38: =(L$2<'Accom_Phase Schedule'!$C$58)*-$E38/DATEDIF($L$2,'Accom_Phase Schedule'!$C$58,"m") -> -238750 | M38: =(M$2<'Accom_Phase Schedule'!$C$58)*-$E38/DATEDIF($L$2,'Accom_Phase Schedule'!$C$58,"m") -> -238750 | N38: =(N$2<'Accom_Phase Schedule'!$C$58)*-$E38/DATEDIF($L$2,'Accom_Phase Schedule'!$C$58,"m") -> -238750 | O38: =(O$2<'Accom_Phase Schedule'!$C$58)*-$E38/DATEDIF($L$2,'Accom_Phase Schedule'!$C$58,"m") -> -238750 | P38: =(P$2<'Accom_Phase Schedule'!$C$58)*-$E38/DATEDIF($L$2,'Accom_Phase Schedule'!$C$58,"m") -> 0 | Q38: =(Q$2<'Accom_Phase Schedule'!$C$58)*-$E38/DATEDIF($L$2,'Accom_Phase Schedule'!$C$58,"m") -> 0 | R38: =(R$2<'Accom_Phase Schedule'!$C$58)*-$E38/DATEDIF($L$2,'Accom_Phase Schedule'!$C$58,"m") -> 0 | S38: =(S$2<'Accom_Phase Schedule'!$C$58)*-$E38/DATEDIF($L$2,'Accom_Phase Schedule'!$C$58,"m") -> 0 | ... CU38: =(CU$2<'Accom_Phase Schedule'!$C$58)*-$E38/DATEDIF($L$2,'Accom_Phase Schedule'!$C$58,"m") -> 0
B39: Part V Negotiations | C39: 200 | D39: per PV unit | E39: =C39*'Accom_Phase Schedule'!K35 -> 10000 | H39: =B39 -> Part V Negotiations | I39: =SUM(K39:CU39) -> -10000 | L39: =(L$2<'Accom_Phase Schedule'!$C$58)*-$E39/DATEDIF($L$2,'Accom_Phase Schedule'!$C$58,"m") -> -2500 | M39: =(M$2<'Accom_Phase Schedule'!$C$58)*-$E39/DATEDIF($L$2,'Accom_Phase Schedule'!$C$58,"m") -> -2500 | N39: =(N$2<'Accom_Phase Schedule'!$C$58)*-$E39/DATEDIF($L$2,'Accom_Phase Schedule'!$C$58,"m") -> -2500 | O39: =(O$2<'Accom_Phase Schedule'!$C$58)*-$E39/DATEDIF($L$2,'Accom_Phase Schedule'!$C$58,"m") -> -2500 | P39: =(P$2<'Accom_Phase Schedule'!$C$58)*-$E39/DATEDIF($L$2,'Accom_Phase Schedule'!$C$58,"m") -> 0 | Q39: =(Q$2<'Accom_Phase Schedule'!$C$58)*-$E39/DATEDIF($L$2,'Accom_Phase Schedule'!$C$58,"m") -> 0 | R39: =(R$2<'Accom_Phase Schedule'!$C$58)*-$E39/DATEDIF($L$2,'Accom_Phase Schedule'!$C$58,"m") -> 0 | S39: =(S$2<'Accom_Phase Schedule'!$C$58)*-$E39/DATEDIF($L$2,'Accom_Phase Schedule'!$C$58,"m") -> 0 | ... CU39: =(CU$2<'Accom_Phase Schedule'!$C$58)*-$E39/DATEDIF($L$2,'Accom_Phase Schedule'!$C$58,"m") -> 0
B41: Total Detailed Design Costs | E41: =SUM(E28:E40) -> 3640250 | H41: Total Detail Design Costs | I41: =SUM(I28:I40) -> -3640250 | K41: =SUM(K28:K40) -> 0 | L41: =SUM(L28:L40) -> -910062.5 | M41: =SUM(M28:M40) -> -910062.5 | N41: =SUM(N28:N40) -> -910062.5 | O41: =SUM(O28:O40) -> -910062.5 | P41: =SUM(P28:P40) -> 0 | Q41: =SUM(Q28:Q40) -> 0 | R41: =SUM(R28:R40) -> 0 | ... CU41: =SUM(CU28:CU40) -> 0
B43: Statutory Payments
B45: Cost | C45: Assumption | D45: Measurement | E45: Estimate
B46: Contributions towards infrastructure | C46: 15 | D46: psf of Dev | E46: =C46*'Accom_Phase Schedule'!F45 -> 6450000 | H46: =B46 -> Contributions towards infrastructure | I46: =SUM(K46:CU46) -> -6450000 | K46: =SUMIF('Accom_Phase Schedule'!$C$53:$C$57,K$2,'Accom_Phase Schedule'!$K$53:$K$57)*-$C$46 -> 0 | L46: =SUMIF('Accom_Phase Schedule'!$C$53:$C$57,L$2,'Accom_Phase Schedule'!$K$53:$K$57)*-$C$46 -> 0 | M46: =SUMIF('Accom_Phase Schedule'!$C$53:$C$57,M$2,'Accom_Phase Schedule'!$K$53:$K$57)*-$C$46 -> 0 | N46: =SUMIF('Accom_Phase Schedule'!$C$53:$C$57,N$2,'Accom_Phase Schedule'!$K$53:$K$57)*-$C$46 -> 0 | O46: =SUMIF('Accom_Phase Schedule'!$C$53:$C$57,O$2,'Accom_Phase Schedule'!$K$53:$K$57)*-$C$46 -> 0 | P46: =SUMIF('Accom_Phase Schedule'!$C$53:$C$57,P$2,'Accom_Phase Schedule'!$K$53:$K$57)*-$C$46 -> -6450000 | Q46: =SUMIF('Accom_Phase Schedule'!$C$53:$C$57,Q$2,'Accom_Phase Schedule'!$K$53:$K$57)*-$C$46 -> 0 | R46: =SUMIF('Accom_Phase Schedule'!$C$53:$C$57,R$2,'Accom_Phase Schedule'!$K$53:$K$57)*-$C$46 -> 0 | ... CU46: =SUMIF('Accom_Phase Schedule'!$C$53:$C$57,CU$2,'Accom_Phase Schedule'!$K$53:$K$57)*-$C$46 -> 0
B47: Contribution towards Public Open Space | C47: 25000 | D47: flat fee | E47: =C47 -> 25000 | H47: =B47 -> Contribution towards Public Open Space | I47: =SUM(K47:CU47) -> -25000 | K47: =SUMIF('Accom_Phase Schedule'!$C$53:$C$57,K$2,'Accom_Phase Schedule'!$H$53:$H$57)*-$C47 -> 0 | L47: =SUMIF('Accom_Phase Schedule'!$C$53:$C$57,L$2,'Accom_Phase Schedule'!$H$53:$H$57)*-$C47 -> 0 | M47: =SUMIF('Accom_Phase Schedule'!$C$53:$C$57,M$2,'Accom_Phase Schedule'!$H$53:$H$57)*-$C47 -> 0 | N47: =SUMIF('Accom_Phase Schedule'!$C$53:$C$57,N$2,'Accom_Phase Schedule'!$H$53:$H$57)*-$C47 -> 0 | O47: =SUMIF('Accom_Phase Schedule'!$C$53:$C$57,O$2,'Accom_Phase Schedule'!$H$53:$H$57)*-$C47 -> 0 | P47: =SUMIF('Accom_Phase Schedule'!$C$53:$C$57,P$2,'Accom_Phase Schedule'!$H$53:$H$57)*-$C47 -> -25000 | Q47: =SUMIF('Accom_Phase Schedule'!$C$53:$C$57,Q$2,'Accom_Phase Schedule'!$H$53:$H$57)*-$C47 -> 0 | R47: =SUMIF('Accom_Phase Schedule'!$C$53:$C$57,R$2,'Accom_Phase Schedule'!$H$53:$H$57)*-$C47 -> 0 | ... CU47: =SUMIF('Accom_Phase Schedule'!$C$53:$C$57,CU$2,'Accom_Phase Schedule'!$H$53:$H$57)*-$C47 -> 0
B48: Additional Contributions | C48: 10000 | D48: flat fee | E48: =C48 -> 10000 | H48: =B48 -> Additional Contributions | I48: =SUM(K48:CU48) -> -10000 | K48: =SUMIF('Accom_Phase Schedule'!$C$53:$C$57,K$2,'Accom_Phase Schedule'!$H$53:$H$57)*-$C48 -> 0 | L48: =SUMIF('Accom_Phase Schedule'!$C$53:$C$57,L$2,'Accom_Phase Schedule'!$H$53:$H$57)*-$C48 -> 0 | M48: =SUMIF('Accom_Phase Schedule'!$C$53:$C$57,M$2,'Accom_Phase Schedule'!$H$53:$H$57)*-$C48 -> 0 | N48: =SUMIF('Accom_Phase Schedule'!$C$53:$C$57,N$2,'Accom_Phase Schedule'!$H$53:$H$57)*-$C48 -> 0 | O48: =SUMIF('Accom_Phase Schedule'!$C$53:$C$57,O$2,'Accom_Phase Schedule'!$H$53:$H$57)*-$C48 -> 0 | P48: =SUMIF('Accom_Phase Schedule'!$C$53:$C$57,P$2,'Accom_Phase Schedule'!$H$53:$H$57)*-$C48 -> -10000 | Q48: =SUMIF('Accom_Phase Schedule'!$C$53:$C$57,Q$2,'Accom_Phase Schedule'!$H$53:$H$57)*-$C48 -> 0 | R48: =SUMIF('Accom_Phase Schedule'!$C$53:$C$57,R$2,'Accom_Phase Schedule'!$H$53:$H$57)*-$C48 -> 0 | ... CU48: =SUMIF('Accom_Phase Schedule'!$C$53:$C$57,CU$2,'Accom_Phase Schedule'!$H$53:$H$57)*-$C48 -> 0
B49: Water Connection | C49: 4500 | D49: per unit | E49: =C49*'Accom_Phase Schedule'!$C$45 -> 2250000 | H49: =B49 -> Water Connection | I49: =SUM(K49:CU49) -> -2250000 | K49: =SUMIF('Accom_Phase Schedule'!$E$53:$E$57,EDATE(K$2,1),'Accom_Phase Schedule'!$G$53:$G$57)*-$C49 -> 0 | L49: =SUMIF('Accom_Phase Schedule'!$E$53:$E$57,EDATE(L$2,1),'Accom_Phase Schedule'!$G$53:$G$57)*-$C49 -> 0 | M49: =SUMIF('Accom_Phase Schedule'!$E$53:$E$57,EDATE(M$2,1),'Accom_Phase Schedule'!$G$53:$G$57)*-$C49 -> 0 | N49: =SUMIF('Accom_Phase Schedule'!$E$53:$E$57,EDATE(N$2,1),'Accom_Phase Schedule'!$G$53:$G$57)*-$C49 -> 0 | O49: =SUMIF('Accom_Phase Schedule'!$E$53:$E$57,EDATE(O$2,1),'Accom_Phase Schedule'!$G$53:$G$57)*-$C49 -> 0 | P49: =SUMIF('Accom_Phase Schedule'!$E$53:$E$57,EDATE(P$2,1),'Accom_Phase Schedule'!$G$53:$G$57)*-$C49 -> 0 | Q49: =SUMIF('Accom_Phase Schedule'!$E$53:$E$57,EDATE(Q$2,1),'Accom_Phase Schedule'!$G$53:$G$57)*-$C49 -> 0 | R49: =SUMIF('Accom_Phase Schedule'!$E$53:$E$57,EDATE(R$2,1),'Accom_Phase Schedule'!$G$53:$G$57)*-$C49 -> 0 | ... CU49: =SUMIF('Accom_Phase Schedule'!$E$53:$E$57,EDATE(CU$2,1),'Accom_Phase Schedule'!$G$53:$G$57)*-$C49 -> 0
B50: Electricity Connection | C50: 200 | D50: per unit | E50: =C50*'Accom_Phase Schedule'!$C$45 -> 100000 | H50: =B50 -> Electricity Connection | I50: =SUM(K50:CU50) -> -100000 | K50: =SUMIF('Accom_Phase Schedule'!$E$53:$E$57,EDATE(K$2,1),'Accom_Phase Schedule'!$G$53:$G$57)*-$C50 -> 0 | L50: =SUMIF('Accom_Phase Schedule'!$E$53:$E$57,EDATE(L$2,1),'Accom_Phase Schedule'!$G$53:$G$57)*-$C50 -> 0 | M50: =SUMIF('Accom_Phase Schedule'!$E$53:$E$57,EDATE(M$2,1),'Accom_Phase Schedule'!$G$53:$G$57)*-$C50 -> 0 | N50: =SUMIF('Accom_Phase Schedule'!$E$53:$E$57,EDATE(N$2,1),'Accom_Phase Schedule'!$G$53:$G$57)*-$C50 -> 0 | O50: =SUMIF('Accom_Phase Schedule'!$E$53:$E$57,EDATE(O$2,1),'Accom_Phase Schedule'!$G$53:$G$57)*-$C50 -> 0 | P50: =SUMIF('Accom_Phase Schedule'!$E$53:$E$57,EDATE(P$2,1),'Accom_Phase Schedule'!$G$53:$G$57)*-$C50 -> 0 | Q50: =SUMIF('Accom_Phase Schedule'!$E$53:$E$57,EDATE(Q$2,1),'Accom_Phase Schedule'!$G$53:$G$57)*-$C50 -> 0 | R50: =SUMIF('Accom_Phase Schedule'!$E$53:$E$57,EDATE(R$2,1),'Accom_Phase Schedule'!$G$53:$G$57)*-$C50 -> 0 | ... CU50: =SUMIF('Accom_Phase Schedule'!$E$53:$E$57,EDATE(CU$2,1),'Accom_Phase Schedule'!$G$53:$G$57)*-$C50 -> 0
B51: Gas Connection | C51: 150 | D51: per unit | E51: =C51*'Accom_Phase Schedule'!$C$45 -> 75000 | H51: =B51 -> Gas Connection | I51: =SUM(K51:CU51) -> -75000 | K51: =SUMIF('Accom_Phase Schedule'!$E$53:$E$57,EDATE(K$2,1),'Accom_Phase Schedule'!$G$53:$G$57)*-$C51 -> 0 | L51: =SUMIF('Accom_Phase Schedule'!$E$53:$E$57,EDATE(L$2,1),'Accom_Phase Schedule'!$G$53:$G$57)*-$C51 -> 0 | M51: =SUMIF('Accom_Phase Schedule'!$E$53:$E$57,EDATE(M$2,1),'Accom_Phase Schedule'!$G$53:$G$57)*-$C51 -> 0 | N51: =SUMIF('Accom_Phase Schedule'!$E$53:$E$57,EDATE(N$2,1),'Accom_Phase Schedule'!$G$53:$G$57)*-$C51 -> 0 | O51: =SUMIF('Accom_Phase Schedule'!$E$53:$E$57,EDATE(O$2,1),'Accom_Phase Schedule'!$G$53:$G$57)*-$C51 -> 0 | P51: =SUMIF('Accom_Phase Schedule'!$E$53:$E$57,EDATE(P$2,1),'Accom_Phase Schedule'!$G$53:$G$57)*-$C51 -> 0 | Q51: =SUMIF('Accom_Phase Schedule'!$E$53:$E$57,EDATE(Q$2,1),'Accom_Phase Schedule'!$G$53:$G$57)*-$C51 -> 0 | R51: =SUMIF('Accom_Phase Schedule'!$E$53:$E$57,EDATE(R$2,1),'Accom_Phase Schedule'!$G$53:$G$57)*-$C51 -> 0 | ... CU51: =SUMIF('Accom_Phase Schedule'!$E$53:$E$57,EDATE(CU$2,1),'Accom_Phase Schedule'!$G$53:$G$57)*-$C51 -> 0
B52: Homebond | C52: 1000 | D52: per unit | E52: =C52*'Accom_Phase Schedule'!$C$45 -> 500000 | H52: =B52 -> Homebond | I52: =SUM(K52:CU52) -> -500000 | K52: =SUMIF('Accom_Phase Schedule'!$C$53:$C$57,K$2,'Accom_Phase Schedule'!$G$53:$G$57)*-$C52 -> 0 | L52: =SUMIF('Accom_Phase Schedule'!$C$53:$C$57,L$2,'Accom_Phase Schedule'!$G$53:$G$57)*-$C52 -> 0 | M52: =SUMIF('Accom_Phase Schedule'!$C$53:$C$57,M$2,'Accom_Phase Schedule'!$G$53:$G$57)*-$C52 -> 0 | N52: =SUMIF('Accom_Phase Schedule'!$C$53:$C$57,N$2,'Accom_Phase Schedule'!$G$53:$G$57)*-$C52 -> 0 | O52: =SUMIF('Accom_Phase Schedule'!$C$53:$C$57,O$2,'Accom_Phase Schedule'!$G$53:$G$57)*-$C52 -> 0 | P52: =SUMIF('Accom_Phase Schedule'!$C$53:$C$57,P$2,'Accom_Phase Schedule'!$G$53:$G$57)*-$C52 -> -500000 | Q52: =SUMIF('Accom_Phase Schedule'!$C$53:$C$57,Q$2,'Accom_Phase Schedule'!$G$53:$G$57)*-$C52 -> 0 | R52: =SUMIF('Accom_Phase Schedule'!$C$53:$C$57,R$2,'Accom_Phase Schedule'!$G$53:$G$57)*-$C52 -> 0 | ... CU52: =SUMIF('Accom_Phase Schedule'!$C$53:$C$57,CU$2,'Accom_Phase Schedule'!$G$53:$G$57)*-$C52 -> 0
H53: =B53 -> 0 | I53: =SUM(K53:CU53) -> 0
B54: Total Statutory Payments | E54: =SUM(E46:E53) -> 9410000 | H54: Total Statutory Payments | I54: =SUM(I46:I53) -> -9410000 | K54: =SUM(K46:K53) -> 0 | L54: =SUM(L46:L53) -> 0 | M54: =SUM(M46:M53) -> 0 | N54: =SUM(N46:N53) -> 0 | O54: =SUM(O46:O53) -> 0 | P54: =SUM(P46:P53) -> -6985000 | Q54: =SUM(Q46:Q53) -> 0 | R54: =SUM(R46:R53) -> 0 | ... CU54: =SUM(CU46:CU53) -> 0
B56: Construction and Infrastructure Costs
B58: Cost | C58: Assumption | D58: Measurement | E58: Estimate
B59: Apartment Build | C59: 200 | D59: psf of GIA | E59: =C59*'Accom_Phase Schedule'!F45 -> 86000000 | H59: =B59 -> Apartment Build | I59: =SUM(K59:CU59) -> -86000000 | K59: =$E59*-K$113 -> 0 | L59: =$E59*-L$113 -> 0 | M59: =$E59*-M$113 -> 0 | N59: =$E59*-N$113 -> 0 | O59: =$E59*-O$113 -> 0 | P59: =$E59*-P$113 -> -213898.98 | Q59: =$E59*-Q$113 -> -516098.9 | R59: =$E59*-R$113 -> -1115404.5 | ... CU59: =$E59*-CU$113 -> 0
B60: Enabling Works | C60: 250000 | D60: flat cost | E60: =C60 -> 250000 | H60: =B60 -> Enabling Works | I60: =SUM(K60:CU60) -> -250000 | K60: =$E60*-K$113 -> 0 | L60: =$E60*-L$113 -> 0 | M60: =$E60*-M$113 -> 0 | N60: =$E60*-N$113 -> 0 | O60: =$E60*-O$113 -> 0 | P60: =$E60*-P$113 -> -621.79937 | Q60: =$E60*-Q$113 -> -1500.2875 | R60: =$E60*-R$113 -> -3242.4548 | ... CU60: =$E60*-CU$113 -> 0
B61: Site Works | C61: 1500000 | D61: flat cost | E61: =C61 -> 1500000 | H61: =B61 -> Site Works | I61: =SUM(K61:CU61) -> -1500000 | K61: =$E61*-K$113 -> 0 | L61: =$E61*-L$113 -> 0 | M61: =$E61*-M$113 -> 0 | N61: =$E61*-N$113 -> 0 | O61: =$E61*-O$113 -> 0 | P61: =$E61*-P$113 -> -3730.7962 | Q61: =$E61*-Q$113 -> -9001.7249 | R61: =$E61*-R$113 -> -19454.729 | ... CU61: =$E61*-CU$113 -> 0
B62: Parking / Substructure | C62: 6000 | D62: per space | E62: =C62*'Accom_Phase Schedule'!I45 -> 3000000 | H62: =B62 -> Parking / Substructure | I62: =SUM(K62:CU62) -> -3000000 | K62: =$E62*-K$113 -> 0 | L62: =$E62*-L$113 -> 0 | M62: =$E62*-M$113 -> 0 | N62: =$E62*-N$113 -> 0 | O62: =$E62*-O$113 -> 0 | P62: =$E62*-P$113 -> -7461.5924 | Q62: =$E62*-Q$113 -> -18003.45 | R62: =$E62*-R$113 -> -38909.458 | ... CU62: =$E62*-CU$113 -> 0
B63: Infrastructure | C63: 1000000 | D63: flat cost | E63: =C63 -> 1000000 | H63: =B63 -> Infrastructure | I63: =SUM(K63:CU63) -> -1000000 | K63: =$E63*-K$113 -> 0 | L63: =$E63*-L$113 -> 0 | M63: =$E63*-M$113 -> 0 | N63: =$E63*-N$113 -> 0 | O63: =$E63*-O$113 -> 0 | P63: =$E63*-P$113 -> -2487.1975 | Q63: =$E63*-Q$113 -> -6001.1499 | R63: =$E63*-R$113 -> -12969.819 | ... CU63: =$E63*-CU$113 -> 0
B64: Fit out Cost | C64: 7500 | D64: per unit | E64: =C64*'Accom_Phase Schedule'!D45 -> 3750000 | H64: =B64 -> Fit out Cost | I64: =SUM(K64:CU64) -> -3750000 | K64: {=SUMPRODUCT((K$2>='Accom_Phase Schedule'!$I$53:$I$57)*(K$2<'Accom_Phase Schedule'!$E$53:$E$57),-$C64*'Accom_Phase Schedule'!$J$53:$J$57/'Accom_Phase Schedule'!$I$52)} -> 0 | L64: {=SUMPRODUCT((L$2>='Accom_Phase Schedule'!$I$53:$I$57)*(L$2<'Accom_Phase Schedule'!$E$53:$E$57),-$C64*'Accom_Phase Schedule'!$J$53:$J$57/'Accom_Phase Schedule'!$I$52)} -> 0 | M64: {=SUMPRODUCT((M$2>='Accom_Phase Schedule'!$I$53:$I$57)*(M$2<'Accom_Phase Schedule'!$E$53:$E$57),-$C64*'Accom_Phase Schedule'!$J$53:$J$57/'Accom_Phase Schedule'!$I$52)} -> 0 | N64: {=SUMPRODUCT((N$2>='Accom_Phase Schedule'!$I$53:$I$57)*(N$2<'Accom_Phase Schedule'!$E$53:$E$57),-$C64*'Accom_Phase Schedule'!$J$53:$J$57/'Accom_Phase Schedule'!$I$52)} -> 0 | O64: {=SUMPRODUCT((O$2>='Accom_Phase Schedule'!$I$53:$I$57)*(O$2<'Accom_Phase Schedule'!$E$53:$E$57),-$C64*'Accom_Phase Schedule'!$J$53:$J$57/'Accom_Phase Schedule'!$I$52)} -> 0 | P64: {=SUMPRODUCT((P$2>='Accom_Phase Schedule'!$I$53:$I$57)*(P$2<'Accom_Phase Schedule'!$E$53:$E$57),-$C64*'Accom_Phase Schedule'!$J$53:$J$57/'Accom_Phase Schedule'!$I$52)} -> 0 | Q64: {=SUMPRODUCT((Q$2>='Accom_Phase Schedule'!$I$53:$I$57)*(Q$2<'Accom_Phase Schedule'!$E$53:$E$57),-$C64*'Accom_Phase Schedule'!$J$53:$J$57/'Accom_Phase Schedule'!$I$52)} -> 0 | R64: {=SUMPRODUCT((R$2>='Accom_Phase Schedule'!$I$53:$I$57)*(R$2<'Accom_Phase Schedule'!$E$53:$E$57),-$C64*'Accom_Phase Schedule'!$J$53:$J$57/'Accom_Phase Schedule'!$I$52)} -> 0 | ... CU64: {=SUMPRODUCT((CU$2>='Accom_Phase Schedule'!$I$53:$I$57)*(CU$2<'Accom_Phase Schedule'!$E$53:$E$57),-$C64*'Accom_Phase Schedule'!$J$53:$J$57/'Accom_Phase Schedule'!$I$52)} -> 0
B66: Total C&I Costs | E66: =SUM(E59:E64) -> 95500000 | H66: Total Construction and Infrastructure Costs | I66: =SUM(I59:I65) -> -95500000 | K66: =SUM(K59:K65) -> 0 | L66: =SUM(L59:L65) -> 0 | M66: =SUM(M59:M65) -> 0 | N66: =SUM(N59:N65) -> 0 | O66: =SUM(O59:O65) -> 0 | P66: =SUM(P59:P65) -> -228200.37 | Q66: =SUM(Q59:Q65) -> -550605.51 | R66: =SUM(R59:R65) -> -1189980.9 | ... CU66: =SUM(CU59:CU65) -> 0
B68: Post Contract Fees
B70: Cost | C70: Assumption | D70: Measurement | E70: Estimate
B71: Architecture | C71: 0.01 | D71: of construction | E71: =C71*$E$66 -> 955000 | H71: =B71 -> Architecture | I71: =SUM(K71:CU71) -> -955000 | K71: =$E71*-K$113 -> 0 | L71: =$E71*-L$113 -> 0 | M71: =$E71*-M$113 -> 0 | N71: =$E71*-N$113 -> 0 | O71: =$E71*-O$113 -> 0 | P71: =$E71*-P$113 -> -2375.2736 | Q71: =$E71*-Q$113 -> -5731.0982 | R71: =$E71*-R$113 -> -12386.177 | ... CU71: =$E71*-CU$113 -> 0
B72: Façade Design | C72: 30000 | D72: flat fee | E72: =C72 -> 30000 | H72: =B72 -> Façade Design | I72: =SUM(K72:CU72) -> -30000 | K72: =$E72*-K$113 -> 0 | L72: =$E72*-L$113 -> 0 | M72: =$E72*-M$113 -> 0 | N72: =$E72*-N$113 -> 0 | O72: =$E72*-O$113 -> 0 | P72: =$E72*-P$113 -> -74.615924 | Q72: =$E72*-Q$113 -> -180.0345 | R72: =$E72*-R$113 -> -389.09458 | ... CU72: =$E72*-CU$113 -> 0
B73: Lanscape Design | C73: 60000 | D73: flat fee | E73: =C73 -> 60000 | H73: =B73 -> Lanscape Design | I73: =SUM(K73:CU73) -> -60000 | K73: =$E73*-K$113 -> 0 | L73: =$E73*-L$113 -> 0 | M73: =$E73*-M$113 -> 0 | N73: =$E73*-N$113 -> 0 | O73: =$E73*-O$113 -> 0 | P73: =$E73*-P$113 -> -149.23185 | Q73: =$E73*-Q$113 -> -360.069 | R73: =$E73*-R$113 -> -778.18915 | ... CU73: =$E73*-CU$113 -> 0
B74: Structural Engineering | C74: 0.005 | D74: of construction | E74: =C74*$E$66 -> 477500 | H74: =B74 -> Structural Engineering | I74: =SUM(K74:CU74) -> -477500 | K74: =$E74*-K$113 -> 0 | L74: =$E74*-L$113 -> 0 | M74: =$E74*-M$113 -> 0 | N74: =$E74*-N$113 -> 0 | O74: =$E74*-O$113 -> 0 | P74: =$E74*-P$113 -> -1187.6368 | Q74: =$E74*-Q$113 -> -2865.5491 | R74: =$E74*-R$113 -> -6193.0887 | ... CU74: =$E74*-CU$113 -> 0
B75: M&E Engineering | C75: 0.004 | D75: of construction | E75: =C75*$E$66 -> 382000 | H75: =B75 -> M&E Engineering | I75: =SUM(K75:CU75) -> -382000 | K75: =$E75*-K$113 -> 0 | L75: =$E75*-L$113 -> 0 | M75: =$E75*-M$113 -> 0 | N75: =$E75*-N$113 -> 0 | O75: =$E75*-O$113 -> 0 | P75: =$E75*-P$113 -> -950.10943 | Q75: =$E75*-Q$113 -> -2292.4393 | R75: =$E75*-R$113 -> -4954.4709 | ... CU75: =$E75*-CU$113 -> 0
B76: Civil Engineering | C76: 0.003 | D76: of construction | E76: =C76*$E$66 -> 286500 | H76: =B76 -> Civil Engineering | I76: =SUM(K76:CU76) -> -286500 | K76: =$E76*-K$113 -> 0 | L76: =$E76*-L$113 -> 0 | M76: =$E76*-M$113 -> 0 | N76: =$E76*-N$113 -> 0 | O76: =$E76*-O$113 -> 0 | P76: =$E76*-P$113 -> -712.58207 | Q76: =$E76*-Q$113 -> -1719.3295 | R76: =$E76*-R$113 -> -3715.8532 | ... CU76: =$E76*-CU$113 -> 0
B77: Quanity Surveyance | C77: 0.0035 | D77: of construction | E77: =C77*$E$66 -> 334250 | H77: =B77 -> Quanity Surveyance | I77: =SUM(K77:CU77) -> -334250 | K77: =$E77*-K$113 -> 0 | L77: =$E77*-L$113 -> 0 | M77: =$E77*-M$113 -> 0 | N77: =$E77*-N$113 -> 0 | O77: =$E77*-O$113 -> 0 | P77: =$E77*-P$113 -> -831.34575 | Q77: =$E77*-Q$113 -> -2005.8844 | R77: =$E77*-R$113 -> -4335.1621 | ... CU77: =$E77*-CU$113 -> 0
B78: BER | C78: 250 | D78: per unit | E78: =C78*'Accom_Phase Schedule'!$C$45 -> 125000 | H78: =B78 -> BER | I78: =SUM(K78:CU78) -> -125000 | K78: =$E78*-K$113 -> 0 | L78: =$E78*-L$113 -> 0 | M78: =$E78*-M$113 -> 0 | N78: =$E78*-N$113 -> 0 | O78: =$E78*-O$113 -> 0 | P78: =$E78*-P$113 -> -310.89968 | Q78: =$E78*-Q$113 -> -750.14374 | R78: =$E78*-R$113 -> -1621.2274 | ... CU78: =$E78*-CU$113 -> 0
B79: Archaeology | C79: 20000 | D79: flat fee | E79: =C79 -> 20000 | H79: =B79 -> Archaeology | I79: =SUM(K79:CU79) -> -20000 | K79: =$E79*-K$113 -> 0 | L79: =$E79*-L$113 -> 0 | M79: =$E79*-M$113 -> 0 | N79: =$E79*-N$113 -> 0 | O79: =$E79*-O$113 -> 0 | P79: =$E79*-P$113 -> -49.743949 | Q79: =$E79*-Q$113 -> -120.023 | R79: =$E79*-R$113 -> -259.39638 | ... CU79: =$E79*-CU$113 -> 0
B80: CBR Tests | C80: 15000 | D80: flat fee | E80: =C80 -> 15000 | H80: =B80 -> CBR Tests | I80: =SUM(K80:CU80) -> -15000 | K80: =$E80*-K$113 -> 0 | L80: =$E80*-L$113 -> 0 | M80: =$E80*-M$113 -> 0 | N80: =$E80*-N$113 -> 0 | O80: =$E80*-O$113 -> 0 | P80: =$E80*-P$113 -> -37.307962 | Q80: =$E80*-Q$113 -> -90.017249 | R80: =$E80*-R$113 -> -194.54729 | ... CU80: =$E80*-CU$113 -> 0
B81: Project Management | C81: 0.01 | D81: of construction | E81: =C81*$E$66 -> 955000 | H81: =B81 -> Project Management | I81: =SUM(K81:CU81) -> -955000 | K81: =$E81*-K$113 -> 0 | L81: =$E81*-L$113 -> 0 | M81: =$E81*-M$113 -> 0 | N81: =$E81*-N$113 -> 0 | O81: =$E81*-O$113 -> 0 | P81: =$E81*-P$113 -> -2375.2736 | Q81: =$E81*-Q$113 -> -5731.0982 | R81: =$E81*-R$113 -> -12386.177 | ... CU81: =$E81*-CU$113 -> 0
H82: =B82 -> 0
B83: Total Post Contract Costs | E83: =SUM(E71:E82) -> 3640250 | H83: Total Post Contract Fees | I83: =SUM(I71:I82) -> -3640250 | K83: =SUM(K71:K82) -> 0 | L83: =SUM(L71:L82) -> 0 | M83: =SUM(M71:M82) -> 0 | N83: =SUM(N71:N82) -> 0 | O83: =SUM(O71:O82) -> 0 | P83: =SUM(P71:P82) -> -9054.0206 | Q83: =SUM(Q71:Q82) -> -21845.686 | R83: =SUM(R71:R82) -> -47213.384 | ... CU83: =SUM(CU71:CU82) -> 0
B85: Contingency
B87: Total Construction Cost | E87: =E13+E23+E41+E54+E66+E83 -> 112320300 | H87: =B87 -> Total Construction Cost | I87: =SUM(K87:CU87) -> -1.123203e+08 | K87: =K83+K66+K54+K41+K23+K13 -> -18600 | L87: =L83+L66+L54+L41+L23+L13 -> -910662.5 | M87: =M83+M66+M54+M41+M23+M13 -> -910662.5 | N87: =N83+N66+N54+N41+N23+N13 -> -921662.5 | O87: =O83+O66+O54+O41+O23+O13 -> -910662.5 | P87: =P83+P66+P54+P41+P23+P13 -> -7222854.4 | Q87: =Q83+Q66+Q54+Q41+Q23+Q13 -> -591051.19 | R87: =R83+R66+R54+R41+R23+R13 -> -1237794.3 | ... CU87: =CU83+CU66+CU54+CU41+CU23+CU13 -> 0
B89: Contingency | C89: 0.075 | D89: of all costs | E89: =E87*C89 -> 8424022.5 | H89: =B89 -> Contingency | I89: =SUM(K89:CU89) -> -8424022.5 | K89: =K87*$C$89 -> -1395 | L89: =L87*$C$89 -> -68299.688 | M89: =M87*$C$89 -> -68299.688 | N89: =N87*$C$89 -> -69124.688 | O89: =O87*$C$89 -> -68299.688 | P89: =P87*$C$89 -> -541714.08 | Q89: =Q87*$C$89 -> -44328.839 | R89: =R87*$C$89 -> -92834.572 | ... CU89: =CU87*$C$89 -> 0
B91: Total Construction Cost + Contingency | E91: =E87+E89 -> 1.2074432e+08 | H91: =B91 -> Total Construction Cost + Contingency | I91: =SUM(K91:CU91) -> -1.2074432e+08 | K91: =K87+K89 -> -19995 | L91: =L87+L89 -> -978962.19 | M91: =M87+M89 -> -978962.19 | N91: =N87+N89 -> -990787.19 | O91: =O87+O89 -> -978962.19 | P91: =P87+P89 -> -7764568.5 | Q91: =Q87+Q89 -> -635380.03 | R91: =R87+R89 -> -1330628.9 | ... CU91: =CU87+CU89 -> 0
B93: S-Curve
B95: S-Curve
B97: Max Z | C97: 3
B98: Phase 1 | H98: Phase 1 Rough Hard Cost | I98: =SUM(K98:CU98) -> 92750000 | K98: =IF(AND(K2>='Accom_Phase Schedule'!$C$53,K2<'Accom_Phase Schedule'!$E$53),'Accom_Phase Schedule'!$F$53*(NORMDIST(DATEDIF('Accom_Phase Schedule'!$C$53,K2,"m")+1,$C$99,$C$100,1)-NORMSDIST(-$C$97))/(NORMSDIST($C$97)-NORMSDIST(-$C$97))-SUM($J$98:J98),0) -> 0 | L98: =IF(AND(L2>='Accom_Phase Schedule'!$C$53,L2<'Accom_Phase Schedule'!$E$53),'Accom_Phase Schedule'!$F$53*(NORMDIST(DATEDIF('Accom_Phase Schedule'!$C$53,L2,"m")+1,$C$99,$C$100,1)-NORMSDIST(-$C$97))/(NORMSDIST($C$97)-NORMSDIST(-$C$97))-SUM($J$98:K98),0) -> 0 | M98: =IF(AND(M2>='Accom_Phase Schedule'!$C$53,M2<'Accom_Phase Schedule'!$E$53),'Accom_Phase Schedule'!$F$53*(NORMDIST(DATEDIF('Accom_Phase Schedule'!$C$53,M2,"m")+1,$C$99,$C$100,1)-NORMSDIST(-$C$97))/(NORMSDIST($C$97)-NORMSDIST(-$C$97))-SUM($J$98:L98),0) -> 0 | N98: =IF(AND(N2>='Accom_Phase Schedule'!$C$53,N2<'Accom_Phase Schedule'!$E$53),'Accom_Phase Schedule'!$F$53*(NORMDIST(DATEDIF('Accom_Phase Schedule'!$C$53,N2,"m")+1,$C$99,$C$100,1)-NORMSDIST(-$C$97))/(NORMSDIST($C$97)-NORMSDIST(-$C$97))-SUM($J$98:M98),0) -> 0 | O98: =IF(AND(O2>='Accom_Phase Schedule'!$C$53,O2<'Accom_Phase Schedule'!$E$53),'Accom_Phase Schedule'!$F$53*(NORMDIST(DATEDIF('Accom_Phase Schedule'!$C$53,O2,"m")+1,$C$99,$C$100,1)-NORMSDIST(-$C$97))/(NORMSDIST($C$97)-NORMSDIST(-$C$97))-SUM($J$98:N98),0) -> 0 | P98: =IF(AND(P2>='Accom_Phase Schedule'!$C$53,P2<'Accom_Phase Schedule'!$E$53),'Accom_Phase Schedule'!$F$53*(NORMDIST(DATEDIF('Accom_Phase Schedule'!$C$53,P2,"m")+1,$C$99,$C$100,1)-NORMSDIST(-$C$97))/(NORMSDIST($C$97)-NORMSDIST(-$C$97))-SUM($J$98:O98),0) -> 230687.56 | Q98: =IF(AND(Q2>='Accom_Phase Schedule'!$C$53,Q2<'Accom_Phase Schedule'!$E$53),'Accom_Phase Schedule'!$F$53*(NORMDIST(DATEDIF('Accom_Phase Schedule'!$C$53,Q2,"m")+1,$C$99,$C$100,1)-NORMSDIST(-$C$97))/(NORMSDIST($C$97)-NORMSDIST(-$C$97))-SUM($J$98:P98),0) -> 556606.66 | R98: =IF(AND(R2>='Accom_Phase Schedule'!$C$53,R2<'Accom_Phase Schedule'!$E$53),'Accom_Phase Schedule'!$F$53*(NORMDIST(DATEDIF('Accom_Phase Schedule'!$C$53,R2,"m")+1,$C$99,$C$100,1)-NORMSDIST(-$C$97))/(NORMSDIST($C$97)-NORMSDIST(-$C$97))-SUM($J$98:Q98),0) -> 1202950.7 | ... CU98: =IF(AND(CU2>='Accom_Phase Schedule'!$C$53,CU2<'Accom_Phase Schedule'!$E$53),'Accom_Phase Schedule'!$F$53*(NORMDIST(DATEDIF('Accom_Phase Schedule'!$C$53,CU2,"m")+1,$C$99,$C$100,1)-NORMSDIST(-$C$97))/(NORMSDIST($C$97)-NORMSDIST(-$C$97))-SUM($J$98:CT98),0) -> 0
B99: Mean | C99: ='Accom_Phase Schedule'!D53/2 -> 9
B100: Standard Deviation | C100: =C99/$C$97 -> 3
B101: Phase 2 | H101: Phase 2 Rough Hard Cost | I101: =SUM(K101:CU101) -> 0 | K101: =IF(AND(K2>='Accom_Phase Schedule'!$C$54,K2<'Accom_Phase Schedule'!$E$54),'Accom_Phase Schedule'!$F$54*(NORMDIST(DATEDIF('Accom_Phase Schedule'!$C$54,K2,"m")+1,$C$102,$C$103,1)-NORMSDIST(-$C$97))/(NORMSDIST($C$97)-NORMSDIST(-$C$97))-SUM($J$101:J101),0) -> 0 | L101: =IF(AND(L2>='Accom_Phase Schedule'!$C$54,L2<'Accom_Phase Schedule'!$E$54),'Accom_Phase Schedule'!$F$54*(NORMDIST(DATEDIF('Accom_Phase Schedule'!$C$54,L2,"m")+1,$C$102,$C$103,1)-NORMSDIST(-$C$97))/(NORMSDIST($C$97)-NORMSDIST(-$C$97))-SUM($J$101:K101),0) -> 0 | M101: =IF(AND(M2>='Accom_Phase Schedule'!$C$54,M2<'Accom_Phase Schedule'!$E$54),'Accom_Phase Schedule'!$F$54*(NORMDIST(DATEDIF('Accom_Phase Schedule'!$C$54,M2,"m")+1,$C$102,$C$103,1)-NORMSDIST(-$C$97))/(NORMSDIST($C$97)-NORMSDIST(-$C$97))-SUM($J$101:L101),0) -> 0 | N101: =IF(AND(N2>='Accom_Phase Schedule'!$C$54,N2<'Accom_Phase Schedule'!$E$54),'Accom_Phase Schedule'!$F$54*(NORMDIST(DATEDIF('Accom_Phase Schedule'!$C$54,N2,"m")+1,$C$102,$C$103,1)-NORMSDIST(-$C$97))/(NORMSDIST($C$97)-NORMSDIST(-$C$97))-SUM($J$101:M101),0) -> 0 | O101: =IF(AND(O2>='Accom_Phase Schedule'!$C$54,O2<'Accom_Phase Schedule'!$E$54),'Accom_Phase Schedule'!$F$54*(NORMDIST(DATEDIF('Accom_Phase Schedule'!$C$54,O2,"m")+1,$C$102,$C$103,1)-NORMSDIST(-$C$97))/(NORMSDIST($C$97)-NORMSDIST(-$C$97))-SUM($J$101:N101),0) -> 0 | P101: =IF(AND(P2>='Accom_Phase Schedule'!$C$54,P2<'Accom_Phase Schedule'!$E$54),'Accom_Phase Schedule'!$F$54*(NORMDIST(DATEDIF('Accom_Phase Schedule'!$C$54,P2,"m")+1,$C$102,$C$103,1)-NORMSDIST(-$C$97))/(NORMSDIST($C$97)-NORMSDIST(-$C$97))-SUM($J$101:O101),0) -> 0 | Q101: =IF(AND(Q2>='Accom_Phase Schedule'!$C$54,Q2<'Accom_Phase Schedule'!$E$54),'Accom_Phase Schedule'!$F$54*(NORMDIST(DATEDIF('Accom_Phase Schedule'!$C$54,Q2,"m")+1,$C$102,$C$103,1)-NORMSDIST(-$C$97))/(NORMSDIST($C$97)-NORMSDIST(-$C$97))-SUM($J$101:P101),0) -> 0 | R101: =IF(AND(R2>='Accom_Phase Schedule'!$C$54,R2<'Accom_Phase Schedule'!$E$54),'Accom_Phase Schedule'!$F$54*(NORMDIST(DATEDIF('Accom_Phase Schedule'!$C$54,R2,"m")+1,$C$102,$C$103,1)-NORMSDIST(-$C$97))/(NORMSDIST($C$97)-NORMSDIST(-$C$97))-SUM($J$101:Q101),0) -> 0 | ... CU101: =IF(AND(CU2>='Accom_Phase Schedule'!$C$54,CU2<'Accom_Phase Schedule'!$E$54),'Accom_Phase Schedule'!$F$54*(NORMDIST(DATEDIF('Accom_Phase Schedule'!$C$54,CU2,"m")+1,$C$102,$C$103,1)-NORMSDIST(-$C$97))/(NORMSDIST($C$97)-NORMSDIST(-$C$97))-SUM($J$101:CT101),0) -> 0
B102: Mean | C102: ='Accom_Phase Schedule'!D54/2 -> 7.5
B103: Standard Deviation | C103: =C102/$C$97 -> 2.5
B104: Phase 3 | H104: Phase 3 Rough Hard Cost | I104: =SUM(K104:CU104) -> 0 | K104: =IF(AND(K2>='Accom_Phase Schedule'!$C$55,K2<'Accom_Phase Schedule'!$E$55),'Accom_Phase Schedule'!$F$55*(NORMDIST(DATEDIF('Accom_Phase Schedule'!$C$55,K2,"m")+1,$C$105,$C$106,1)-NORMSDIST(-$C$97))/(NORMSDIST($C$97)-NORMSDIST(-$C$97))-SUM($J$104:J104),0) -> 0 | L104: =IF(AND(L2>='Accom_Phase Schedule'!$C$55,L2<'Accom_Phase Schedule'!$E$55),'Accom_Phase Schedule'!$F$55*(NORMDIST(DATEDIF('Accom_Phase Schedule'!$C$55,L2,"m")+1,$C$105,$C$106,1)-NORMSDIST(-$C$97))/(NORMSDIST($C$97)-NORMSDIST(-$C$97))-SUM($J$104:K104),0) -> 0 | M104: =IF(AND(M2>='Accom_Phase Schedule'!$C$55,M2<'Accom_Phase Schedule'!$E$55),'Accom_Phase Schedule'!$F$55*(NORMDIST(DATEDIF('Accom_Phase Schedule'!$C$55,M2,"m")+1,$C$105,$C$106,1)-NORMSDIST(-$C$97))/(NORMSDIST($C$97)-NORMSDIST(-$C$97))-SUM($J$104:L104),0) -> 0 | N104: =IF(AND(N2>='Accom_Phase Schedule'!$C$55,N2<'Accom_Phase Schedule'!$E$55),'Accom_Phase Schedule'!$F$55*(NORMDIST(DATEDIF('Accom_Phase Schedule'!$C$55,N2,"m")+1,$C$105,$C$106,1)-NORMSDIST(-$C$97))/(NORMSDIST($C$97)-NORMSDIST(-$C$97))-SUM($J$104:M104),0) -> 0 | O104: =IF(AND(O2>='Accom_Phase Schedule'!$C$55,O2<'Accom_Phase Schedule'!$E$55),'Accom_Phase Schedule'!$F$55*(NORMDIST(DATEDIF('Accom_Phase Schedule'!$C$55,O2,"m")+1,$C$105,$C$106,1)-NORMSDIST(-$C$97))/(NORMSDIST($C$97)-NORMSDIST(-$C$97))-SUM($J$104:N104),0) -> 0 | P104: =IF(AND(P2>='Accom_Phase Schedule'!$C$55,P2<'Accom_Phase Schedule'!$E$55),'Accom_Phase Schedule'!$F$55*(NORMDIST(DATEDIF('Accom_Phase Schedule'!$C$55,P2,"m")+1,$C$105,$C$106,1)-NORMSDIST(-$C$97))/(NORMSDIST($C$97)-NORMSDIST(-$C$97))-SUM($J$104:O104),0) -> 0 | Q104: =IF(AND(Q2>='Accom_Phase Schedule'!$C$55,Q2<'Accom_Phase Schedule'!$E$55),'Accom_Phase Schedule'!$F$55*(NORMDIST(DATEDIF('Accom_Phase Schedule'!$C$55,Q2,"m")+1,$C$105,$C$106,1)-NORMSDIST(-$C$97))/(NORMSDIST($C$97)-NORMSDIST(-$C$97))-SUM($J$104:P104),0) -> 0 | R104: =IF(AND(R2>='Accom_Phase Schedule'!$C$55,R2<'Accom_Phase Schedule'!$E$55),'Accom_Phase Schedule'!$F$55*(NORMDIST(DATEDIF('Accom_Phase Schedule'!$C$55,R2,"m")+1,$C$105,$C$106,1)-NORMSDIST(-$C$97))/(NORMSDIST($C$97)-NORMSDIST(-$C$97))-SUM($J$104:Q104),0) -> 0 | ... CU104: =IF(AND(CU2>='Accom_Phase Schedule'!$C$55,CU2<'Accom_Phase Schedule'!$E$55),'Accom_Phase Schedule'!$F$55*(NORMDIST(DATEDIF('Accom_Phase Schedule'!$C$55,CU2,"m")+1,$C$105,$C$106,1)-NORMSDIST(-$C$97))/(NORMSDIST($C$97)-NORMSDIST(-$C$97))-SUM($J$104:CT104),0) -> 0
B105: Mean | C105: ='Accom_Phase Schedule'!D55/2 -> 8
B106: Standard Deviation | C106: =C105/$C$97 -> 2.6666667
B107: Phase 4 | H107: Phase 4 Rough Hard Cost | I107: =SUM(K107:CU107) -> 0 | K107: =IF(AND(K2>='Accom_Phase Schedule'!$C$56,K2<'Accom_Phase Schedule'!$E$56),'Accom_Phase Schedule'!$F$56*(NORMDIST(DATEDIF('Accom_Phase Schedule'!$C$56,K2,"m")+1,$C$108,$C$109,1)-NORMSDIST(-$C$97))/(NORMSDIST($C$97)-NORMSDIST(-$C$97))-SUM($J$107:J107),0) -> 0 | L107: =IF(AND(L2>='Accom_Phase Schedule'!$C$56,L2<'Accom_Phase Schedule'!$E$56),'Accom_Phase Schedule'!$F$56*(NORMDIST(DATEDIF('Accom_Phase Schedule'!$C$56,L2,"m")+1,$C$108,$C$109,1)-NORMSDIST(-$C$97))/(NORMSDIST($C$97)-NORMSDIST(-$C$97))-SUM($J$107:K107),0) -> 0 | M107: =IF(AND(M2>='Accom_Phase Schedule'!$C$56,M2<'Accom_Phase Schedule'!$E$56),'Accom_Phase Schedule'!$F$56*(NORMDIST(DATEDIF('Accom_Phase Schedule'!$C$56,M2,"m")+1,$C$108,$C$109,1)-NORMSDIST(-$C$97))/(NORMSDIST($C$97)-NORMSDIST(-$C$97))-SUM($J$107:L107),0) -> 0 | N107: =IF(AND(N2>='Accom_Phase Schedule'!$C$56,N2<'Accom_Phase Schedule'!$E$56),'Accom_Phase Schedule'!$F$56*(NORMDIST(DATEDIF('Accom_Phase Schedule'!$C$56,N2,"m")+1,$C$108,$C$109,1)-NORMSDIST(-$C$97))/(NORMSDIST($C$97)-NORMSDIST(-$C$97))-SUM($J$107:M107),0) -> 0 | O107: =IF(AND(O2>='Accom_Phase Schedule'!$C$56,O2<'Accom_Phase Schedule'!$E$56),'Accom_Phase Schedule'!$F$56*(NORMDIST(DATEDIF('Accom_Phase Schedule'!$C$56,O2,"m")+1,$C$108,$C$109,1)-NORMSDIST(-$C$97))/(NORMSDIST($C$97)-NORMSDIST(-$C$97))-SUM($J$107:N107),0) -> 0 | P107: =IF(AND(P2>='Accom_Phase Schedule'!$C$56,P2<'Accom_Phase Schedule'!$E$56),'Accom_Phase Schedule'!$F$56*(NORMDIST(DATEDIF('Accom_Phase Schedule'!$C$56,P2,"m")+1,$C$108,$C$109,1)-NORMSDIST(-$C$97))/(NORMSDIST($C$97)-NORMSDIST(-$C$97))-SUM($J$107:O107),0) -> 0 | Q107: =IF(AND(Q2>='Accom_Phase Schedule'!$C$56,Q2<'Accom_Phase Schedule'!$E$56),'Accom_Phase Schedule'!$F$56*(NORMDIST(DATEDIF('Accom_Phase Schedule'!$C$56,Q2,"m")+1,$C$108,$C$109,1)-NORMSDIST(-$C$97))/(NORMSDIST($C$97)-NORMSDIST(-$C$97))-SUM($J$107:P107),0) -> 0 | R107: =IF(AND(R2>='Accom_Phase Schedule'!$C$56,R2<'Accom_Phase Schedule'!$E$56),'Accom_Phase Schedule'!$F$56*(NORMDIST(DATEDIF('Accom_Phase Schedule'!$C$56,R2,"m")+1,$C$108,$C$109,1)-NORMSDIST(-$C$97))/(NORMSDIST($C$97)-NORMSDIST(-$C$97))-SUM($J$107:Q107),0) -> 0 | ... CU107: =IF(AND(CU2>='Accom_Phase Schedule'!$C$56,CU2<'Accom_Phase Schedule'!$E$56),'Accom_Phase Schedule'!$F$56*(NORMDIST(DATEDIF('Accom_Phase Schedule'!$C$56,CU2,"m")+1,$C$108,$C$109,1)-NORMSDIST(-$C$97))/(NORMSDIST($C$97)-NORMSDIST(-$C$97))-SUM($J$107:CT107),0) -> 0
B108: Mean | C108: ='Accom_Phase Schedule'!D56/2 -> 9
B109: Standard Deviation | C109: =C108/$C$97 -> 3
B110: Phase 5 | H110: Phase 5 Rough Hard Cost | I110: =SUM(K110:CU110) -> 0 | K110: =IF(AND(K2>='Accom_Phase Schedule'!$C$57,K2<'Accom_Phase Schedule'!$E$57),'Accom_Phase Schedule'!$F$57*(NORMDIST(DATEDIF('Accom_Phase Schedule'!$C$57,K2,"m")+1,$C$111,$C$112,1)-NORMSDIST(-$C$97))/(NORMSDIST($C$97)-NORMSDIST(-$C$97))-SUM($J$110:J110),0) -> 0 | L110: =IF(AND(L2>='Accom_Phase Schedule'!$C$57,L2<'Accom_Phase Schedule'!$E$57),'Accom_Phase Schedule'!$F$57*(NORMDIST(DATEDIF('Accom_Phase Schedule'!$C$57,L2,"m")+1,$C$111,$C$112,1)-NORMSDIST(-$C$97))/(NORMSDIST($C$97)-NORMSDIST(-$C$97))-SUM($J$110:K110),0) -> 0 | M110: =IF(AND(M2>='Accom_Phase Schedule'!$C$57,M2<'Accom_Phase Schedule'!$E$57),'Accom_Phase Schedule'!$F$57*(NORMDIST(DATEDIF('Accom_Phase Schedule'!$C$57,M2,"m")+1,$C$111,$C$112,1)-NORMSDIST(-$C$97))/(NORMSDIST($C$97)-NORMSDIST(-$C$97))-SUM($J$110:L110),0) -> 0 | N110: =IF(AND(N2>='Accom_Phase Schedule'!$C$57,N2<'Accom_Phase Schedule'!$E$57),'Accom_Phase Schedule'!$F$57*(NORMDIST(DATEDIF('Accom_Phase Schedule'!$C$57,N2,"m")+1,$C$111,$C$112,1)-NORMSDIST(-$C$97))/(NORMSDIST($C$97)-NORMSDIST(-$C$97))-SUM($J$110:M110),0) -> 0 | O110: =IF(AND(O2>='Accom_Phase Schedule'!$C$57,O2<'Accom_Phase Schedule'!$E$57),'Accom_Phase Schedule'!$F$57*(NORMDIST(DATEDIF('Accom_Phase Schedule'!$C$57,O2,"m")+1,$C$111,$C$112,1)-NORMSDIST(-$C$97))/(NORMSDIST($C$97)-NORMSDIST(-$C$97))-SUM($J$110:N110),0) -> 0 | P110: =IF(AND(P2>='Accom_Phase Schedule'!$C$57,P2<'Accom_Phase Schedule'!$E$57),'Accom_Phase Schedule'!$F$57*(NORMDIST(DATEDIF('Accom_Phase Schedule'!$C$57,P2,"m")+1,$C$111,$C$112,1)-NORMSDIST(-$C$97))/(NORMSDIST($C$97)-NORMSDIST(-$C$97))-SUM($J$110:O110),0) -> 0 | Q110: =IF(AND(Q2>='Accom_Phase Schedule'!$C$57,Q2<'Accom_Phase Schedule'!$E$57),'Accom_Phase Schedule'!$F$57*(NORMDIST(DATEDIF('Accom_Phase Schedule'!$C$57,Q2,"m")+1,$C$111,$C$112,1)-NORMSDIST(-$C$97))/(NORMSDIST($C$97)-NORMSDIST(-$C$97))-SUM($J$110:P110),0) -> 0 | R110: =IF(AND(R2>='Accom_Phase Schedule'!$C$57,R2<'Accom_Phase Schedule'!$E$57),'Accom_Phase Schedule'!$F$57*(NORMDIST(DATEDIF('Accom_Phase Schedule'!$C$57,R2,"m")+1,$C$111,$C$112,1)-NORMSDIST(-$C$97))/(NORMSDIST($C$97)-NORMSDIST(-$C$97))-SUM($J$110:Q110),0) -> 0 | ... CU110: =IF(AND(CU2>='Accom_Phase Schedule'!$C$57,CU2<'Accom_Phase Schedule'!$E$57),'Accom_Phase Schedule'!$F$57*(NORMDIST(DATEDIF('Accom_Phase Schedule'!$C$57,CU2,"m")+1,$C$111,$C$112,1)-NORMSDIST(-$C$97))/(NORMSDIST($C$97)-NORMSDIST(-$C$97))-SUM($J$110:CT110),0) -> 0
B111: Mean | C111: ='Accom_Phase Schedule'!D57/2 -> 10
B112: Standard Deviation | C112: =C111/$C$97 -> 3.3333333 | H112: Rough Hard Cost Total | I112: =SUM(K112:CU112) -> 92750000 | K112: =K98+K101+K104+K107+K110 -> 0 | L112: =L98+L101+L104+L107+L110 -> 0 | M112: =M98+M101+M104+M107+M110 -> 0 | N112: =N98+N101+N104+N107+N110 -> 0 | O112: =O98+O101+O104+O107+O110 -> 0 | P112: =P98+P101+P104+P107+P110 -> 230687.56 | Q112: =Q98+Q101+Q104+Q107+Q110 -> 556606.66 | R112: =R98+R101+R104+R107+R110 -> 1202950.7 | ... CU112: =CU98+CU101+CU104+CU107+CU110 -> 0
H113: Total Percentage | I113: =SUM(K113:CU113) -> 1 | K113: =K112/$I$112 -> 0 | L113: =L112/$I$112 -> 0 | M113: =M112/$I$112 -> 0 | N113: =N112/$I$112 -> 0 | O113: =O112/$I$112 -> 0 | P113: =P112/$I$112 -> 0.0024871975 | Q113: =Q112/$I$112 -> 0.0060011499 | R113: =R112/$I$112 -> 0.012969819 | ... CU113: =CU112/$I$112 -> 0
B114: Finance
B116: Senior Loan
H118: Equity Schedule
B119: Loan to Cost | C119: =Summary!C27 -> 0.6724571 | H119: Beginning Balance | K119: =-I91-C122 -> 39548945 | L119: =K121 -> 39528950 | M119: =L121 -> 38549988 | N119: =M121 -> 37571026 | O119: =N121 -> 36580238 | P119: =O121 -> 35601276 | Q119: =P121 -> 27836708 | R119: =Q121 -> 27201328 | S119: =R121 -> 25870699 | ... CU119: =CT121 -> 0
B120: Interest | C120: =Summary!C28 -> 0.055 | H120: Equity Funded | I120: =SUM(K120:CU120) -> 39548945 | K120: =MIN(K119,-K91) -> 19995 | L120: =MIN(L119,-L91) -> 978962.19 | M120: =MIN(M119,-M91) -> 978962.19 | N120: =MIN(N119,-N91) -> 990787.19 | O120: =MIN(O119,-O91) -> 978962.19 | P120: =MIN(P119,-P91) -> 7764568.5 | Q120: =MIN(Q119,-Q91) -> 635380.03 | R120: =MIN(R119,-R91) -> 1330628.9 | ... CU120: =MIN(CU119,-CU91) -> 0
H121: Remaining Balance | K121: =K119-K120 -> 39528950 | L121: =L119-L120 -> 38549988 | M121: =M119-M120 -> 37571026 | N121: =N119-N120 -> 36580238 | O121: =O119-O120 -> 35601276 | P121: =P119-P120 -> 27836708 | Q121: =Q119-Q120 -> 27201328 | R121: =R119-R120 -> 25870699 | ... CU121: =CU119-CU120 -> 0
B122: Loan Pre-Interest Reserve | C122: =C119*E91 -> 81195378 | H122: Cumulative Balance | K122: =SUM($K$120:K120) -> 19995 | L122: =SUM($K$120:L120) -> 998957.19 | M122: =SUM($K$120:M120) -> 1977919.4 | N122: =SUM($K$120:N120) -> 2968706.6 | O122: =SUM($K$120:O120) -> 3947668.8 | P122: =SUM($K$120:P120) -> 11712237 | Q122: =SUM($K$120:Q120) -> 12347617 | R122: =SUM($K$120:R120) -> 13678246 | ... CU122: =SUM($K$120:CU120) -> 39548945
B123: Loan Post-Interest Reserve | C123: =MAX(K128:BC128) -> 84003297
H124: Senior Debt Schedule
...

Sheet Cash flow
C2: Total | E2: ='Dev Cost Schedule'!K2 -> 44197 | F2: =EDATE(E2,1) -> 44228 | G2: =EDATE(F2,1) -> 44256 | H2: =EDATE(G2,1) -> 44287 | I2: =EDATE(H2,1) -> 44317 | J2: =EDATE(I2,1) -> 44348 | K2: =EDATE(J2,1) -> 44378 | L2: =EDATE(K2,1) -> 44409 | M2: =EDATE(L2,1) -> 44440 | ... CS2: =EDATE(CR2,1) -> 46997
B3: Residential Income
B5: Residential Income | E5: ='Income_Expenditure Schedule'!K14 -> 0 | F5: ='Income_Expenditure Schedule'!L14 -> 0 | G5: ='Income_Expenditure Schedule'!M14 -> 0 | H5: ='Income_Expenditure Schedule'!N14 -> 0 | I5: ='Income_Expenditure Schedule'!O14 -> 0 | J5: ='Income_Expenditure Schedule'!P14 -> 0 | K5: ='Income_Expenditure Schedule'!Q14 -> 0 | L5: ='Income_Expenditure Schedule'!R14 -> 0 | ... CS5: ='Income_Expenditure Schedule'!CY14 -> 0
B6: Part V | E6: ='Income_Expenditure Schedule'!K25 -> 0 | F6: ='Income_Expenditure Schedule'!L25 -> 0 | G6: ='Income_Expenditure Schedule'!M25 -> 0 | H6: ='Income_Expenditure Schedule'!N25 -> 0 | I6: ='Income_Expenditure Schedule'!O25 -> 0 | J6: ='Income_Expenditure Schedule'!P25 -> 0 | K6: ='Income_Expenditure Schedule'!Q25 -> 0 | L6: ='Income_Expenditure Schedule'!R25 -> 0 | ... CS6: ='Income_Expenditure Schedule'!CY25 -> 0
B7: Gross Rent | C7: =SUM(E7:CS7) -> 30294025 | E7: =SUM(E5:E6) -> 0 | F7: =SUM(F5:F6) -> 0 | G7: =SUM(G5:G6) -> 0 | H7: =SUM(H5:H6) -> 0 | I7: =SUM(I5:I6) -> 0 | J7: =SUM(J5:J6) -> 0 | K7: =SUM(K5:K6) -> 0 | L7: =SUM(L5:L6) -> 0 | ... CS7: =SUM(CS5:CS6) -> 0
B9: Residential Management
B11: Admin Costs | E11: ='Income_Expenditure Schedule'!K41 -> 0 | F11: ='Income_Expenditure Schedule'!L41 -> 0 | G11: ='Income_Expenditure Schedule'!M41 -> 0 | H11: ='Income_Expenditure Schedule'!N41 -> 0 | I11: ='Income_Expenditure Schedule'!O41 -> 0 | J11: ='Income_Expenditure Schedule'!P41 -> 0 | K11: ='Income_Expenditure Schedule'!Q41 -> 0 | L11: ='Income_Expenditure Schedule'!R41 -> 0 | ... CS11: ='Income_Expenditure Schedule'!CY41 -> 0
B12: Property Costs | E12: ='Income_Expenditure Schedule'!K53 -> 0 | F12: ='Income_Expenditure Schedule'!L53 -> 0 | G12: ='Income_Expenditure Schedule'!M53 -> 0 | H12: ='Income_Expenditure Schedule'!N53 -> 0 | I12: ='Income_Expenditure Schedule'!O53 -> 0 | J12: ='Income_Expenditure Schedule'!P53 -> 0 | K12: ='Income_Expenditure Schedule'!Q53 -> 0 | L12: ='Income_Expenditure Schedule'!R53 -> 0 | ... CS12: ='Income_Expenditure Schedule'!CY53 -> 0
B13: Self Management Costs | E13: ='Income_Expenditure Schedule'!K68 -> 0 | F13: ='Income_Expenditure Schedule'!L68 -> 0 | G13: ='Income_Expenditure Schedule'!M68 -> 0 | H13: ='Income_Expenditure Schedule'!N68 -> 0 | I13: ='Income_Expenditure Schedule'!O68 -> 0 | J13: ='Income_Expenditure Schedule'!P68 -> 0 | K13: ='Income_Expenditure Schedule'!Q68 -> 0 | L13: ='Income_Expenditure Schedule'!R68 -> 0 | ... CS13: ='Income_Expenditure Schedule'!CY68 -> 0
B14: Management Costs | C14: =SUM(E14:CS14) -> -6339614.9 | E14: =SUM(E11:E13) -> 0 | F14: =SUM(F11:F13) -> 0 | G14: =SUM(G11:G13) -> 0 | H14: =SUM(H11:H13) -> 0 | I14: =SUM(I11:I13) -> 0 | J14: =SUM(J11:J13) -> 0 | K14: =SUM(K11:K13) -> 0 | L14: =SUM(L11:L13) -> 0 | ... CS14: =SUM(CS11:CS13) -> 0
B16: Cash Flow from Operations
B18: Cash Flow from Operations | C18: =SUM(E18:CS18) -> 23954410 | E18: =E7+E14 -> 0 | F18: =F7+F14 -> 0 | G18: =G7+G14 -> 0 | H18: =H7+H14 -> 0 | I18: =I7+I14 -> 0 | J18: =J7+J14 -> 0 | K18: =K7+K14 -> 0 | L18: =L7+L14 -> 0 | ... CS18: =CS7+CS14 -> 0
B20: Investment Finance
B22: Debt Service | C22: =SUM(E22:CS22) -> -11648525 | E22: =PMT('Income_Expenditure Schedule'!$C$81/12,'Income_Expenditure Schedule'!$C$83*12,'Income_Expenditure Schedule'!K82) -> 0 | F22: =PMT('Income_Expenditure Schedule'!$C$81/12,'Income_Expenditure Schedule'!$C$83*12,'Income_Expenditure Schedule'!L82) -> 0 | G22: =PMT('Income_Expenditure Schedule'!$C$81/12,'Income_Expenditure Schedule'!$C$83*12,'Income_Expenditure Schedule'!M82) -> 0 | H22: =PMT('Income_Expenditure Schedule'!$C$81/12,'Income_Expenditure Schedule'!$C$83*12,'Income_Expenditure Schedule'!N82) -> 0 | I22: =PMT('Income_Expenditure Schedule'!$C$81/12,'Income_Expenditure Schedule'!$C$83*12,'Income_Expenditure Schedule'!O82) -> 0 | J22: =PMT('Income_Expenditure Schedule'!$C$81/12,'Income_Expenditure Schedule'!$C$83*12,'Income_Expenditure Schedule'!P82) -> 0 | K22: =PMT('Income_Expenditure Schedule'!$C$81/12,'Income_Expenditure Schedule'!$C$83*12,'Income_Expenditure Schedule'!Q82) -> 0 | L22: =PMT('Income_Expenditure Schedule'!$C$81/12,'Income_Expenditure Schedule'!$C$83*12,'Income_Expenditure Schedule'!R82) -> 0 | ... CS22: =PMT('Income_Expenditure Schedule'!$C$81/12,'Income_Expenditure Schedule'!$C$83*12,'Income_Expenditure Schedule'!CY82) -> 0
B24: Stabilised Income
B26: Stabilised Income | C26: =SUM(E26:CS26) -> 12305885 | E26: =E18+E22 -> 0 | F26: =F18+F22 -> 0 | G26: =G18+G22 -> 0 | H26: =H18+H22 -> 0 | I26: =I18+I22 -> 0 | J26: =J18+J22 -> 0 | K26: =K18+K22 -> 0 | L26: =L18+L22 -> 0 | ... CS26: =CS18+CS22 -> 0
B28: Reversionary Value
B30: Reversionary Value | C30: =SUM(E30:CS30) -> 2.2137069e+08 | L30: =(L2=Summary!$I$13)*(SUM(L18:OFFSET(L18,0,-11))/Summary!$I$14)+SUMIF('Accom_Phase Schedule'!$F$77:$F$81,L2,'Accom_Phase Schedule'!$G$77:$G$81) -> 0 | M30: =(M2=Summary!$I$13)*(SUM(M18:OFFSET(M18,0,-11))/Summary!$I$14)+SUMIF('Accom_Phase Schedule'!$F$77:$F$81,M2,'Accom_Phase Schedule'!$G$77:$G$81) -> 0 | N30: =(N2=Summary!$I$13)*(SUM(N18:OFFSET(N18,0,-11))/Summary!$I$14)+SUMIF('Accom_Phase Schedule'!$F$77:$F$81,N2,'Accom_Phase Schedule'!$G$77:$G$81) -> 0 | O30: =(O2=Summary!$I$13)*(SUM(O18:OFFSET(O18,0,-11))/Summary!$I$14)+SUMIF('Accom_Phase Schedule'!$F$77:$F$81,O2,'Accom_Phase Schedule'!$G$77:$G$81) -> 0 | P30: =(P2=Summary!$I$13)*(SUM(P18:OFFSET(P18,0,-11))/Summary!$I$14)+SUMIF('Accom_Phase Schedule'!$F$77:$F$81,P2,'Accom_Phase Schedule'!$G$77:$G$81) -> 0 | Q30: =(Q2=Summary!$I$13)*(SUM(Q18:OFFSET(Q18,0,-11))/Summary!$I$14)+SUMIF('Accom_Phase Schedule'!$F$77:$F$81,Q2,'Accom_Phase Schedule'!$G$77:$G$81) -> 0 | R30: =(R2=Summary!$I$13)*(SUM(R18:OFFSET(R18,0,-11))/Summary!$I$14)+SUMIF('Accom_Phase Schedule'!$F$77:$F$81,R2,'Accom_Phase Schedule'!$G$77:$G$81) -> 0 | S30: =(S2=Summary!$I$13)*(SUM(S18:OFFSET(S18,0,-11))/Summary!$I$14)+SUMIF('Accom_Phase Schedule'!$F$77:$F$81,S2,'Accom_Phase Schedule'!$G$77:$G$81) -> 0 | ... CS30: =(CS2=Summary!$I$13)*(SUM(CS18:OFFSET(CS18,0,-11))/Summary!$I$14)+SUMIF('Accom_Phase Schedule'!$F$77:$F$81,CS2,'Accom_Phase Schedule'!$G$77:$G$81) -> 0
B31: - costs | C31: =SUM(E31:CS31) -> -4427413.9 | F31: =F30*-Summary!$H$32 -> 0 | G31: =G30*-Summary!$H$32 -> 0 | H31: =H30*-Summary!$H$32 -> 0 | I31: =I30*-Summary!$H$32 -> 0 | J31: =J30*-Summary!$H$32 -> 0 | K31: =K30*-Summary!$H$32 -> 0 | L31: =L30*-Summary!$H$32 -> 0 | M31: =M30*-Summary!$H$32 -> 0 | ... CS31: =CS30*-Summary!$H$32 -> 0
B32: Net Sale | C32: =SUM(E32:CS32) -> 2.1694328e+08 | F32: =SUM(F30:F31) -> 0 | G32: =SUM(G30:G31) -> 0 | H32: =SUM(H30:H31) -> 0 | I32: =SUM(I30:I31) -> 0 | J32: =SUM(J30:J31) -> 0 | K32: =SUM(K30:K31) -> 0 | L32: =SUM(L30:L31) -> 0 | M32: =SUM(M30:M31) -> 0 | ... CS32: =SUM(CS30:CS31) -> 0
B34: Investment Finance
B36: Investment Finance Drawdown | E36: ='Income_Expenditure Schedule'!K81 -> 0 | F36: ='Income_Expenditure Schedule'!L81 -> 0 | G36: ='Income_Expenditure Schedule'!M81 -> 0 | H36: ='Income_Expenditure Schedule'!N81 -> 0 | I36: ='Income_Expenditure Schedule'!O81 -> 0 | J36: ='Income_Expenditure Schedule'!P81 -> 0 | K36: ='Income_Expenditure Schedule'!Q81 -> 0 | L36: ='Income_Expenditure Schedule'!R81 -> 0 | ... CS36: ='Income_Expenditure Schedule'!CY81 -> 0
B37: Beginning Balance | E37: ='Income_Expenditure Schedule'!K82 -> 0 | F37: ='Income_Expenditure Schedule'!L82 -> 0 | G37: ='Income_Expenditure Schedule'!M82 -> 0 | H37: ='Income_Expenditure Schedule'!N82 -> 0 | I37: ='Income_Expenditure Schedule'!O82 -> 0 | J37: ='Income_Expenditure Schedule'!P82 -> 0 | K37: ='Income_Expenditure Schedule'!Q82 -> 0 | L37: ='Income_Expenditure Schedule'!R82 -> 0 | ... CS37: ='Income_Expenditure Schedule'!CY82 -> 0
B38: Payment | C38: =SUM(E38:CS38) -> 1.0389759e+08 | E38: ='Income_Expenditure Schedule'!K83 -> 0 | F38: ='Income_Expenditure Schedule'!L83 -> 0 | G38: ='Income_Expenditure Schedule'!M83 -> 0 | H38: ='Income_Expenditure Schedule'!N83 -> 0 | I38: ='Income_Expenditure Schedule'!O83 -> 0 | J38: ='Income_Expenditure Schedule'!P83 -> 0 | K38: ='Income_Expenditure Schedule'!Q83 -> 0 | L38: ='Income_Expenditure Schedule'!R83 -> 0 | ... CS38: ='Income_Expenditure Schedule'!CY83 -> 0
B39: Interest | C39: =SUM(E39:CS39) -> 6072585.7 | E39: ='Income_Expenditure Schedule'!K84 -> 0 | F39: ='Income_Expenditure Schedule'!L84 -> 0 | G39: ='Income_Expenditure Schedule'!M84 -> 0 | H39: ='Income_Expenditure Schedule'!N84 -> 0 | I39: ='Income_Expenditure Schedule'!O84 -> 0 | J39: ='Income_Expenditure Schedule'!P84 -> 0 | K39: ='Income_Expenditure Schedule'!Q84 -> 0 | L39: ='Income_Expenditure Schedule'!R84 -> 0 | ... CS39: ='Income_Expenditure Schedule'!CY84 -> 0
B40: Capital Payment | E40: ='Income_Expenditure Schedule'!K85 -> 0 | F40: ='Income_Expenditure Schedule'!L85 -> 0 | G40: ='Income_Expenditure Schedule'!M85 -> 0 | H40: ='Income_Expenditure Schedule'!N85 -> 0 | I40: ='Income_Expenditure Schedule'!O85 -> 0 | J40: ='Income_Expenditure Schedule'!P85 -> 0 | K40: ='Income_Expenditure Schedule'!Q85 -> 0 | L40: ='Income_Expenditure Schedule'!R85 -> 0 | ... CS40: ='Income_Expenditure Schedule'!CY85 -> 0
B41: Ending Balance | E41: ='Income_Expenditure Schedule'!K86 -> 0 | F41: ='Income_Expenditure Schedule'!L86 -> 0 | G41: ='Income_Expenditure Schedule'!M86 -> 0 | H41: ='Income_Expenditure Schedule'!N86 -> 0 | I41: ='Income_Expenditure Schedule'!O86 -> 0 | J41: ='Income_Expenditure Schedule'!P86 -> 0 | K41: ='Income_Expenditure Schedule'!Q86 -> 0 | L41: ='Income_Expenditure Schedule'!R86 -> 0 | ... CS41: ='Income_Expenditure Schedule'!CY86 -> 0
B43: Income Position
C45: =SUM(E45:CS45) -> 2.348251e+08 | E45: =E7+E14+E32+E36-E38 -> 0 | F45: =F7+F14+F32+F36-F38 -> 0 | G45: =G7+G14+G32+G36-G38 -> 0 | H45: =H7+H14+H32+H36-H38 -> 0 | I45: =I7+I14+I32+I36-I38 -> 0 | J45: =J7+J14+J32+J36-J38 -> 0 | K45: =K7+K14+K32+K36-K38 -> 0 | L45: =L7+L14+L32+L36-L38 -> 0 | ... CS45: =CS7+CS14+CS32+CS36-CS38 -> 0
B47: Capital Expenditure
B49: Purchase | C49: =SUM(E49:CS49) -> -26350000 | E49: =-Summary!E15 -> -26350000 | F49: =-Summary!F15 -> 0 | G49: =-Summary!G15 -> 0 | H49: =-Summary!H15 -> 0 | I49: =-Summary!I15 -> 0 | J49: =-Summary!J15 -> 0 | K49: =-Summary!K15 -> 0 | L49: =-Summary!L15 -> 0 | ... CS49: =-Summary!CS15 -> 0
B50: Admin Costs | C50: =SUM(E50:CS50) -> -28300 | E50: ='Dev Cost Schedule'!K13 -> -5600 | F50: ='Dev Cost Schedule'!L13 -> -100 | G50: ='Dev Cost Schedule'!M13 -> -100 | H50: ='Dev Cost Schedule'!N13 -> -1100 | I50: ='Dev Cost Schedule'!O13 -> -100 | J50: ='Dev Cost Schedule'!P13 -> -100 | K50: ='Dev Cost Schedule'!Q13 -> -5600 | L50: ='Dev Cost Schedule'!R13 -> -100 | ... CS50: ='Dev Cost Schedule'!CY13 -> 0
B51: Property Costs | C51: =SUM(E51:CS51) -> -101500 | E51: ='Dev Cost Schedule'!K23 -> -13000 | F51: ='Dev Cost Schedule'!L23 -> -500 | G51: ='Dev Cost Schedule'!M23 -> -500 | H51: ='Dev Cost Schedule'!N23 -> -10500 | I51: ='Dev Cost Schedule'!O23 -> -500 | J51: ='Dev Cost Schedule'!P23 -> -500 | K51: ='Dev Cost Schedule'!Q23 -> -13000 | L51: ='Dev Cost Schedule'!R23 -> -500 | ... CS51: ='Dev Cost Schedule'!CY23 -> 0
B52: Detailed Design Costs | C52: =SUM(E52:CS52) -> -3640250 | E52: ='Dev Cost Schedule'!K41 -> 0 | F52: ='Dev Cost Schedule'!L41 -> -910062.5 | G52: ='Dev Cost Schedule'!M41 -> -910062.5 | H52: ='Dev Cost Schedule'!N41 -> -910062.5 | I52: ='Dev Cost Schedule'!O41 -> -910062.5 | J52: ='Dev Cost Schedule'!P41 -> 0 | K52: ='Dev Cost Schedule'!Q41 -> 0 | L52: ='Dev Cost Schedule'!R41 -> 0 | ... CS52: ='Dev Cost Schedule'!CY41 -> 0
B53: Statutory Payments | C53: =SUM(E53:CS53) -> -9410000 | E53: ='Dev Cost Schedule'!K54 -> 0 | F53: ='Dev Cost Schedule'!L54 -> 0 | G53: ='Dev Cost Schedule'!M54 -> 0 | H53: ='Dev Cost Schedule'!N54 -> 0 | I53: ='Dev Cost Schedule'!O54 -> 0 | J53: ='Dev Cost Schedule'!P54 -> -6985000 | K53: ='Dev Cost Schedule'!Q54 -> 0 | L53: ='Dev Cost Schedule'!R54 -> 0 | ... CS53: ='Dev Cost Schedule'!CY54 -> 0
B54: Construction and Infrastructure Costs | C54: =SUM(E54:CS54) -> -95500000 | E54: ='Dev Cost Schedule'!K66 -> 0 | F54: ='Dev Cost Schedule'!L66 -> 0 | G54: ='Dev Cost Schedule'!M66 -> 0 | H54: ='Dev Cost Schedule'!N66 -> 0 | I54: ='Dev Cost Schedule'!O66 -> 0 | J54: ='Dev Cost Schedule'!P66 -> -228200.37 | K54: ='Dev Cost Schedule'!Q66 -> -550605.51 | L54: ='Dev Cost Schedule'!R66 -> -1189980.9 | ... CS54: ='Dev Cost Schedule'!CY66 -> 0
B55: Post Contract Fees | C55: =SUM(E55:CS55) -> -3640250 | E55: ='Dev Cost Schedule'!K83 -> 0 | F55: ='Dev Cost Schedule'!L83 -> 0 | G55: ='Dev Cost Schedule'!M83 -> 0 | H55: ='Dev Cost Schedule'!N83 -> 0 | I55: ='Dev Cost Schedule'!O83 -> 0 | J55: ='Dev Cost Schedule'!P83 -> -9054.0206 | K55: ='Dev Cost Schedule'!Q83 -> -21845.686 | L55: ='Dev Cost Schedule'!R83 -> -47213.384 | ... CS55: ='Dev Cost Schedule'!CY83 -> 0
B56: Contingency | C56: =SUM(E56:CS56) -> -8424022.5 | E56: ='Dev Cost Schedule'!K89 -> -1395 | F56: ='Dev Cost Schedule'!L89 -> -68299.688 | G56: ='Dev Cost Schedule'!M89 -> -68299.688 | H56: ='Dev Cost Schedule'!N89 -> -69124.688 | I56: ='Dev Cost Schedule'!O89 -> -68299.688 | J56: ='Dev Cost Schedule'!P89 -> -541714.08 | K56: ='Dev Cost Schedule'!Q89 -> -44328.839 | L56: ='Dev Cost Schedule'!R89 -> -92834.572 | ... CS56: ='Dev Cost Schedule'!CY89 -> 0
B57: Total Capex | C57: =SUM(E57:CS57) -> -1.4709432e+08 | E57: =SUM(E49:E56) -> -26369995 | F57: =SUM(F49:F56) -> -978962.19 | G57: =SUM(G49:G56) -> -978962.19 | H57: =SUM(H49:H56) -> -990787.19 | I57: =SUM(I49:I56) -> -978962.19 | J57: =SUM(J49:J56) -> -7764568.5 | K57: =SUM(K49:K56) -> -635380.03 | L57: =SUM(L49:L56) -> -1330628.9 | ... CS57: =SUM(CS49:CS56) -> 0
B59: Development Loan
B61: Beginning Balance | E61: ='Dev Cost Schedule'!K125 -> 81195378 | F61: ='Dev Cost Schedule'!L125 -> 81195378 | G61: ='Dev Cost Schedule'!M125 -> 81195378 | H61: ='Dev Cost Schedule'!N125 -> 81195378 | I61: ='Dev Cost Schedule'!O125 -> 81195378 | J61: ='Dev Cost Schedule'!P125 -> 81195378 | K61: ='Dev Cost Schedule'!Q125 -> 81195378 | L61: ='Dev Cost Schedule'!R125 -> 81195378 | ... CS61: ='Dev Cost Schedule'!CY125 -> 0
B62: Debt Funded | C62: =SUM(E62:CS62) -> 81195378 | E62: ='Dev Cost Schedule'!K126 -> 0 | F62: ='Dev Cost Schedule'!L126 -> 0 | G62: ='Dev Cost Schedule'!M126 -> 0 | H62: ='Dev Cost Schedule'!N126 -> 0 | I62: ='Dev Cost Schedule'!O126 -> 0 | J62: ='Dev Cost Schedule'!P126 -> 0 | K62: ='Dev Cost Schedule'!Q126 -> 0 | L62: ='Dev Cost Schedule'!R126 -> 0 | ... CS62: ='Dev Cost Schedule'!CY126 -> 0
B63: Remaining Balance | E63: ='Dev Cost Schedule'!K127 -> 81195378 | F63: ='Dev Cost Schedule'!L127 -> 81195378 | G63: ='Dev Cost Schedule'!M127 -> 81195378 | H63: ='Dev Cost Schedule'!N127 -> 81195378 | I63: ='Dev Cost Schedule'!O127 -> 81195378 | J63: ='Dev Cost Schedule'!P127 -> 81195378 | K63: ='Dev Cost Schedule'!Q127 -> 81195378 | L63: ='Dev Cost Schedule'!R127 -> 81195378 | ... CS63: ='Dev Cost Schedule'!CY127 -> 0
B64: Cumulative Balance | E64: ='Dev Cost Schedule'!K128 -> 0 | F64: ='Dev Cost Schedule'!L128 -> 0 | G64: ='Dev Cost Schedule'!M128 -> 0 | H64: ='Dev Cost Schedule'!N128 -> 0 | I64: ='Dev Cost Schedule'!O128 -> 0 | J64: ='Dev Cost Schedule'!P128 -> 0 | K64: ='Dev Cost Schedule'!Q128 -> 0 | L64: ='Dev Cost Schedule'!R128 -> 0 | ... CS64: ='Dev Cost Schedule'!CY128 -> 0
B65: Capitalised Interest | C65: =SUM(E65:CS65) -> 3183556.8 | E65: ='Dev Cost Schedule'!K129 -> 0 | F65: ='Dev Cost Schedule'!L129 -> 0 | G65: ='Dev Cost Schedule'!M129 -> 0 | H65: ='Dev Cost Schedule'!N129 -> 0 | I65: ='Dev Cost Schedule'!O129 -> 0 | J65: ='Dev Cost Schedule'!P129 -> 0 | K65: ='Dev Cost Schedule'!Q129 -> 0 | L65: ='Dev Cost Schedule'!R129 -> 0 | ... CS65: ='Dev Cost Schedule'!CY129 -> 0
B66: Bank Monitoring | C66: =SUM(E66:CS66) -> 12000 | E66: ='Dev Cost Schedule'!K130 -> 0 | F66: ='Dev Cost Schedule'!L130 -> 0 | G66: ='Dev Cost Schedule'!M130 -> 0 | H66: ='Dev Cost Schedule'!N130 -> 0 | I66: ='Dev Cost Schedule'!O130 -> 0 | J66: ='Dev Cost Schedule'!P130 -> 0 | K66: ='Dev Cost Schedule'!Q130 -> 0 | L66: ='Dev Cost Schedule'!R130 -> 0 | ... CS66: ='Dev Cost Schedule'!CY130 -> 0
B67: Arrangement Fee | C67: =SUM(E67:CS67) -> 811953.78 | E67: ='Dev Cost Schedule'!K131 -> 0 | F67: ='Dev Cost Schedule'!L131 -> 0 | G67: ='Dev Cost Schedule'!M131 -> 0 | H67: ='Dev Cost Schedule'!N131 -> 0 | I67: ='Dev Cost Schedule'!O131 -> 0 | J67: ='Dev Cost Schedule'!P131 -> 0 | K67: ='Dev Cost Schedule'!Q131 -> 0 | L67: ='Dev Cost Schedule'!R131 -> 0 | ... CS67: ='Dev Cost Schedule'!CY131 -> 0
B68: Wind up Fee (post reserve) | C68: =SUM(E68:CS68) -> 420016.48 | E68: ='Dev Cost Schedule'!K132 -> 0 | F68: ='Dev Cost Schedule'!L132 -> 0 | G68: ='Dev Cost Schedule'!M132 -> 0 | H68: ='Dev Cost Schedule'!N132 -> 0 | I68: ='Dev Cost Schedule'!O132 -> 0 | J68: ='Dev Cost Schedule'!P132 -> 0 | K68: ='Dev Cost Schedule'!Q132 -> 0 | L68: ='Dev Cost Schedule'!R132 -> 0 | ... CS68: ='Dev Cost Schedule'!CY132 -> 0
B69: Bank Valuation | C69: =SUM(E69:CS69) -> 7500 | E69: ='Dev Cost Schedule'!K133 -> 0 | F69: ='Dev Cost Schedule'!L133 -> 0 | G69: ='Dev Cost Schedule'!M133 -> 0 | H69: ='Dev Cost Schedule'!N133 -> 0 | I69: ='Dev Cost Schedule'!O133 -> 0 | J69: ='Dev Cost Schedule'!P133 -> 0 | K69: ='Dev Cost Schedule'!Q133 -> 0 | L69: ='Dev Cost Schedule'!R133 -> 0 | ... CS69: ='Dev Cost Schedule'!CY133 -> 0
B70: Bank Legals | C70: =SUM(E70:CS70) -> 15000 | E70: ='Dev Cost Schedule'!K134 -> 0 | F70: ='Dev Cost Schedule'!L134 -> 0 | G70: ='Dev Cost Schedule'!M134 -> 0 | H70: ='Dev Cost Schedule'!N134 -> 0 | I70: ='Dev Cost Schedule'!O134 -> 0 | J70: ='Dev Cost Schedule'!P134 -> 0 | K70: ='Dev Cost Schedule'!Q134 -> 0 | L70: ='Dev Cost Schedule'!R134 -> 0 | ... CS70: ='Dev Cost Schedule'!CY134 -> 0
B72: Loan Payback | E72: ='Dev Cost Schedule'!K137 -> 0 | F72: ='Dev Cost Schedule'!L137 -> 0 | G72: ='Dev Cost Schedule'!M137 -> 0 | H72: ='Dev Cost Schedule'!N137 -> 0 | I72: ='Dev Cost Schedule'!O137 -> 0 | J72: ='Dev Cost Schedule'!P137 -> 0 | K72: ='Dev Cost Schedule'!Q137 -> 0 | L72: ='Dev Cost Schedule'!R137 -> 0 | ... CS72: ='Dev Cost Schedule'!CY137 -> 0
B74: Net Cash flow
B76: Net Cash Flow (Levered) | C76: =SUM(E76:CS76) -> 83280754 | E76: =E45+E57+E62-E72-E66-E67-E68-E69-E70 -> -26369995 | F76: =F45+F57+F62-F72-F66-F67-F68-F69-F70 -> -978962.19 | G76: =G45+G57+G62-G72-G66-G67-G68-G69-G70 -> -978962.19 | H76: =H45+H57+H62-H72-H66-H67-H68-H69-H70 -> -990787.19 | I76: =I45+I57+I62-I72-I66-I67-I68-I69-I70 -> -978962.19 | J76: =J45+J57+J62-J72-J66-J67-J68-J69-J70 -> -7764568.5 | K76: =K45+K57+K62-K72-K66-K67-K68-K69-K70 -> -635380.03 | L76: =L45+L57+L62-L72-L66-L67-L68-L69-L70 -> -1330628.9 | ... CS76: =CS45+CS57+CS62-CS72-CS66-CS67-CS68-CS69-CS70 -> 0
B77: Accumulated | E77: =E76+D77 -> -26369995 | F77: =F76+E77 -> -27348957 | G77: =G76+F77 -> -28327919 | H77: =H76+G77 -> -29318707 | I77: =I76+H77 -> -30297669 | J77: =J76+I77 -> -38062237 | K77: =K76+J77 -> -38697617 | L77: =L76+K77 -> -40028246 | ... CS77: =CS76+CR77 -> 83280754
B79: Net Cash Flow (Unlevered) | C79: =SUM(E79:CS79) -> 93803367 | E79: =E18+E32+E57 -> -26369995 | F79: =F18+F32+F57 -> -978962.19 | G79: =G18+G32+G57 -> -978962.19 | H79: =H18+H32+H57 -> -990787.19 | I79: =I18+I32+I57 -> -978962.19 | J79: =J18+J32+J57 -> -7764568.5 | K79: =K18+K32+K57 -> -635380.03 | L79: =L18+L32+L57 -> -1330628.9 | ... CS79: =CS18+CS32+CS57 -> 0
B80: Accumulated | E80: =E79+D80 -> -26369995 | F80: =F79+E80 -> -27348957 | G80: =G79+F80 -> -28327919 | H80: =H79+G80 -> -29318707 | I80: =I79+H80 -> -30297669 | J80: =J79+I80 -> -38062237 | K80: =K79+J80 -> -38697617 | L80: =L79+K80 -> -40028246 | ... CS80: =CS79+CR80 -> 93803367
